Workbook
Name Clasi_Impacto: [1]Tablas!$A$5:$A$7
Name Contratos: 'Tabla Impacto'!#REF!
Name Corrupción_Responsable: Tabla_Controles!$H$10:$H$11
Name Impacto: [1]Tablas!$A$1:$A$2
Name Impacto_Ambientales: 'Tabla Impacto'!#REF!
Name Impacto_Continuidad_Negocio: 'Tabla Impacto'!#REF!
Name Impacto_Contratación: 'Tabla Impacto'!#REF!
Name Impacto_Corrupción: Table23[]
Name Impacto_Gestión: 'Tabla Impacto'!#REF!
Name Impacto_Proyectos: 'Tabla Impacto'!#REF!
Name Impacto_Seguridad_Información: 'Tabla Impacto'!#REF!
Name Impacto_Seguridad_Salud_Trabajo: 'Tabla Impacto'!#REF!
Name Nuevo: [2]!Pro[Procesos]
Name Probabilidad: [3]!Proba[Descriptor]
Name Probabilidad_Ambientales: Tabla_Probabilidad!#REF!
Name Probabilidad_Continuidad_Negocio: Tabla_Probabilidad!#REF!
Name Probabilidad_Contratación: Tabla_Probabilidad!#REF!
Name Probabilidad_Corrupción: Tabla_Probabilidad!$C$20:$N$20
Name Probabilidad_Gestión: Tabla_Probabilidad!#REF!
Name Probabilidad_Proyectos: Tabla_Probabilidad!#REF!
Name Probabilidad_Seguridad_Información: Tabla_Probabilidad!#REF!
Name Probabilidad_Seguridad_Salud_Trabajo: Tabla_Probabilidad!#REF!
Name Procesos: [3]!Pro[Procesos]
Name Proyectos: 'Tabla Impacto'!#REF!
Name Riesgos: [3]!Tipo_Riesgo[Tipo de Riesgos]
Name Riesgos_Ambientales: 'Tabla Impacto'!#REF!
Name Riesgos_Continuidad_Negocio: 'Tabla Impacto'!#REF!
Name Riesgos_Corrupción__LAFT: 'Tabla Impacto'!#REF!
Name Riesgos_Gestión: 'Tabla Impacto'!#REF!
Name Riesgos_SDI: 'Tabla Impacto'!#REF!
Name Riesgos_SST: 'Tabla Impacto'!#REF!
Name Tip.Ctrl: [1]Tablas!$A$27:$A$29
Name Tipo: [3]!Tipo_Riesgo[Tipo de Riesgos]
Name Tipologia_Riesgos: [4]Tipologia_Riesgos!$B$40:$B$46
Name Tipologia_Riesgos: Tipologia_Riesgos!#REF!

Sheet Mapa_Riesgos
K1: FORMATO MATRIZ DE RIESGOS DE CORRUPCIÓN PROCESO GOBIERNO Y GESTIÓN DE LA ESTRATEGIA MACROPROCESO DIRECCIONAMIENTO ESTRATÉGICO | Z1: Código: F-DE2-274 Versión No.: 04 Vigencia desde: 11 – 04- 2023
B4: MATRIZ DE RIESGOS DE CORRUPCIÓN 2023 SOCIEDAD DE ACTIVOS ESPECIALES S.A.S.
B7: IDENTIFICACIÓN DEL RIESGO | N7: ANÁLISIS DEL RIESGO | V7: EVALUACIÓN DEL RIESGO | AU7: PLAN DE TRATAMIENTO DE MITIGACIÓN | BB7: PLAN DE CONTINGENCIA | BC7: SEGUIMIENTO
B8: Información General del Riesgo | I8: Redacción de Riesgo | K8: Identificación de Causas y Consecuencias | N8: Probabilidad Inherente | Q8: Impacto Inherente | V8: Nivel de Riesgo Inherente | W8: Descripción de Controles | AB8: Valoración Controles | AP8: Nivel del riesgo residual | AW8: Plan de Acción Tratamiento de Mitigación | BC8: implementación de Controles | BG8: Ejecución Plan de Tratamiento de Mitigación | BK8: Materialización de Riesgos
B9: Código Riesgo | C9: Tipología de Riesgo | D9: Subcategoría del Riesgo | E9: Macro Proceso | F9: Proceso | G9: Objetivo Proceso | H9: Producto/ Servicio | I9: Descripción del Riesgo | J9: Hecho de Corrupción | K9: Cod. Causa | L9: Causas Asociadas | M9: Consecuencias | N9: Criterio para determinar probabilidad | O9: Probabilidad Inherente | P9: Valor Probabilidad Inherente | Q9: Cuestionario Corrupción | S9: Criterio para determinar impacto | T9: Impacto Inherente | U9: Valor Impacto Inherente | V9: Zona de Riesgo Inherente | W9: No. Control | X9: Control | Y9: Descripción del Control | Z9: Procedimiento donde se ejecuta el control | AA9: Área que ejecuta el Control | AB9: Evaluación Diseño de Controles | AK9: Evaluación Ejecución del Control | AL9: Solidez Controles | AP9: ¿Los controles ayudan a disminuir la probabilidad? | AQ9: Valor Probabilidad Residual | AR9: Probabilidad Residual | AS9: Impacto Residual | AT9: Zona de Riesgo Final | AU9: Tratamiento | AV9: No. Tratamiento | AW9: Plan de Acción | AX9: Soporte | AY9: Responsable | AZ9: Fecha Implementación | BA9: Fecha Seguimiento | BC9: No. Control | BD9: Estado | BE9: Seguimiento | BF9: Evidencia | BG9: No. Tratamiento | BH9: Estado | BI9: Seguimiento | BJ9: Evidencia | BK9: Estado | BL9: Seguimiento | BM9: Evidencia
D10: Categoría Riesgo | Q10: Aplicación Cuestionario | R10: Respuestas Afirmativas | AB10: Asignación Responsable | AC10: Autoridad y Segregación de Funciones | AD10: Periodicidad Control | AE10: Propósito Control | AF10: Fuente de Información | AG10: Investigación y Resolución de Observaciones y Desviaciones | AH10: Evidencia Ejecución Control | AI10: Calificación | AJ10: Diseño del Control | AL10: Solidez Individual del Control | AM10: Puntaje Solidez Individual del Control | AN10: Puntaje Solidez conjunta de Controles | AO10: Solidez conjunta de Controles
A11: =C11&COUNTIF($C$9:C11,C11) -> Corrupción1 | B11: 1 | C11: Corrupción | D11: Fraude interno | E11: Gestión_Talento_Humano | F11: Administración del talento humano | G11: Proveer el Talento Humano necesario para la ejecución de los procesos, administrarlo durante su vinculación y gestionar su desempeño y desarrollo | H11: Servicio profesional de colaboradores SAE | I11: ="Posibilidad de recibir o solicitar cualquier dádiva o beneficio a nombre propio o de terceros, con el fin de "&J11 -> Posibilidad de recibir o solicitar cualquier dádiva o beneficio a nombre propio o de terceros, con el fin de dar un tratamiento especial o preferencial utilizando indebidamente influencias personales o poder derivadas del ejercicio del cargo, de las funciones asignadas o conocimiento de asuntos propios de la entidad. | J11: dar un tratamiento especial o preferencial utilizando indebidamente influencias personales o poder derivadas del ejercicio del cargo, de las funciones asignadas o conocimiento de asuntos propios de la entidad. | K11: CA_1 | L11: Las funciones definidas para los colaboradores pueden encuentrarse mal delimitadas en el perfil del cargo de acuerdo con su nivel de autoridad o responsabilidad | M11: 1) Pérdida de imagen reputacional y credibilidad institucional 2) Implicaciones a nivel penal, disciplinario, fiscal o sancionatorio 3) Demandas de la ciudadanía | N11: El evento podrá ocurrir en algún momento | O11: =IF(N11="","",IF(OR($N11=Tabla_Probabilidad!$D$20,$N11=Tabla_Probabilidad!$J$20),"Muy Baja",IF(OR($N11=Tabla_Probabilidad!$E$20,$N11=Tabla_Probabilidad!$K$20),"Baja",IF(OR($N11=Tabla_Probabilidad!$F$20,$N11=Tabla_Probabilidad!$L$20),"Media",IF(OR($N11=Tabla_Probabilidad!$G$20,$N11=Tabla_Probabilidad!$M$20),"Alta",IF(OR($N11=Tabla_Probabilidad!$H$20,$N11=Tabla_Probabilidad!$N$20),"Muy Alta")))))) -> Media | P11: =IF(O11="Muy Baja",1,IF(O11="Baja",2,IF(O11="Media",3,IF(O11="Alta",4,IF(O11="Muy Alta",5,""))))) -> 3 | Q11: =IFERROR(IF($C11="Corrupción",HYPERLINK("#"&"Impacto_Riesgos!C"&MATCH($B11,Impacto_Riesgos!$B$10:$B$138,0)+9,"Calcula el impacto aquí"),"")," ") -> Calcula el impacto aquí | R11: =IFERROR(VLOOKUP(A11,Impacto_Riesgos!$A$8:$W$138,23,),"NA") -> 14 | S11: De doce (12) a diecinueve (19) respuestas afirmativas. Genera consecuencias desastrosas para la entidad | T11: =IF($S11='Tabla Impacto'!$F$10,"Moderado",IF($S11='Tabla Impacto'!$G$10,"Mayor",IF($S11='Tabla Impacto'!$H$10,"Catastrófico",""))) -> Catastrófico | U11: =IF(T11="Leve",1,IF(T11="Menor",2,IF(T11="Moderado",3,IF(T11="Mayor",4,IF(T11="Catastrófico",5,""))))) -> 5 | V11: =IF(OR(AND($O11="Muy Baja",T11="Leve"),AND($O11="Muy Baja",T11="Menor"),AND($O11="Baja",T11="Leve"),AND($O11="Baja",T11="Menor"),AND($O11="Media",T11="Leve")),"Bajo",IF(OR(AND($O11="Muy baja",T11="Moderado"),AND($O11="Baja",T11="Moderado"),AND($O11="Media",T11="Menor"),AND($O11="Alta",T11="Leve")),"Moderado",IF(OR(AND($O11="Muy Baja",T11="Mayor"),AND($O11="Baja",T11="Mayor"),AND($O11="Media",T11="Moderado"),AND($O11="Alta",T11="Menor"),AND($O11="Alta",T11="Moderado"),AND($O11="Muy Alta",T11="Leve"),AND($O11="Muy Alta",T11="Menor")),"Alto",IF(OR(AND($O11="Muy Baja",T11="Catastrófico"),AND($O11="Baja",T11="Catastrófico"),AND($O11="Media",T11="Mayor"),AND($O11="Media",T11="Catastrófico"),AND($O11="Alta",T11="Mayor"),AND($O11="Alta",T11="Catastrófico"),AND($O11="Muy Alta",T11="Moderado"),AND($O11="Muy Alta",T11="Mayor"),AND($O11="Muy Alta",T11="Catastrófico")),"Extremo","")))) -> Extremo | W11: C1 | X11: Creación de Perfiles de Cargo con el cumplimiento de requisitos exigibles | Y11: El profesional delegado de la Gerencia de Talento Humano valida que al crearse un perfil de cargo, éste se encuentre alineado con las resoluciones de distribución de funciones de las dependencias, macroprocesos, procesos y procedimientos a los que aporta, y que se visibilice los niveles de responsabilidad y autoridad con la que cuenta el cargo, documentandolo en el Manual de Funciones y/o Descriptivos de Cargos de la SAE | Z11: NA | AA11: G. Talento Humano | AB11: Asignado | AC11: Adecuado | AD11: Oportuna | AE11: Prevenir | AF11: Confiable | AG11: Oportuna | AH11: Completa | AI11: =IF(COUNTBLANK(AB11:AH11)=7,"",IF($AB11="Asignado",15,0)+IF($AC11="Adecuado",15,0)+IF($AD11="Oportuna",15,0)+IF($AE11="Prevenir",15,0)+IF($AE11="Detectar",10,0)+IF($AF11="Confiable",15,0)+IF($AG11="Oportuna",15,0)+IF($AH11="Completa",10,0)+IF($AH11="Incompleta",5,0)) -> 100 | AJ11: =IF(COUNTBLANK(AB11:AH11)=7,"",IF($AI11<86,"Débil",IF($AI11<96,"Moderado","Fuerte"))) -> Fuerte | AK11: Fuerte | AL11: =IFERROR(VLOOKUP(AJ11&AK11,Tabla_Controles!$B$56:$G$65,5,FALSE),"") -> Fuerte | AM11: =IF($AL11="","",IF($AL11="Fuerte",100,IF($AL11="Moderado",50,0))) -> 100 | AN11: =IFERROR(AVERAGE(AM11:AM17),"") -> 66.666667 | AO11: =IF($AN11=100,"Fuerte",IF($AN11<100,"Moderado",IF($AN11<50,"Débil",IF($AN11=0,"","")))) -> Moderado | AP11: Directamente | AQ11: =IFERROR(P11-VLOOKUP(AO11&AP11,Tabla_Controles!$B$77:$E$83,4,0),"") -> 2 | AR11: =IF($AQ11="","",IF($AQ11=1,"Muy Baja",IF($AQ11=2,"Baja",IF($AQ11=3,"Media",IF($AQ11=4,"Alta",IF($AQ11=5,"Muy Alta","Muy Baja")))))) -> Baja | AS11: =T11 -> Catastrófico | AT11: =IF(OR(AND($AR11="Muy Baja",$AS11="Leve"),AND($AR11="Muy Baja",$AS11="Menor"),AND($AR11="Baja",$AS11="Leve"),AND($AR11="Baja",$AS11="Menor"),AND($AR11="Media",$AS11="Leve")),"Bajo",IF(OR(AND($AR11="Muy baja",$AS11="Moderado"),AND($AR11="Baja",$AS11="Moderado"),AND($AR11="Media",$AS11="Menor"),AND($AR11="Alta",$AS11="Leve")),"Moderado",IF(OR(AND($AR11="Muy Baja",$AS11="Mayor"),AND($AR11="Baja",$AS11="Mayor"),AND($AR11="Media",$AS11="Moderado"),AND($AR11="Alta",$AS11="Menor"),AND($AR11="Alta",$AS11="Moderado"),AND($AR11="Muy Alta",$AS11="Leve"),AND($AR11="Muy Alta",$AS11="Menor")),"Alto",IF(OR(AND($AR11="Muy Baja",$AS11="Catastrófico"),AND($AR11="Baja",$AS11="Catastrófico"),AND($AR11="Media",$AS11="Mayor"),AND($AR11="Media",$AS11="Catastrófico"),AND($AR11="Alta",$AS11="Mayor"),AND($AR11="Alta",$AS11="Catastrófico"),AND($AR11="Muy Alta",$AS11="Moderado"),AND($AR11="Muy Alta",$AS11="Mayor"),AND($AR11="Muy Alta",$AS11="Catastrófico")),"Extremo","")))) -> Extremo | AU11: Reducir (Mitigar) | AV11: T1 | AW11: Documentar el manual de funciones institucional con la actualización de los descriptivos de los perfiles de cargo | AX11: Manual de Funciones | AY11: G. Talento Humano | AZ11: 45199 | BA11: 15/04/2023 15/07/2023 15/10/2023 31/12/2023 | BB11: 1) Informar riesgo de corrupción detectado a la Oficina Asesora de Planeación, con el diseño del plan de tratamiento 2) Informar evento presentado a la Gerencia de Talento Humano 3) La Gerencia de Talento Humano realiza el proceso de investigación disciplinario 4) La Oficina Asesora de Planeación informa a Comité Directivo y de Control Interno posibles materializaciones de riesgos de Corrupción 5) Informar eventos presentados a entes de control con base en resultados de investigación disciplinaria 6) Implementar el plan de tratamiento de mitigación de riesgos diseñado para el evento presentado | BC11: C1 | BG11: T1
B12: 1 | K12: CA_2 | L12: No contar con procedimientos actualizados con la desagregación de los niveles de responsabilidad y autoridad para ejecutar las actividades | W12: C2 | X12: Actualización de niveles de responsabilidad y autoridad de procesos | Y12: El profesional delegado de la Oficina Asesora de Planeación deberá verificar que los procedimientos que sean actualizados en la arquitectura de SAE, cuenten con los niveles de responsabilidad y autoridad requeridos, limitando el alcance de las actividades que ejercen los colaboradores de SAE en la ejecución de los procesos. En caso de requerir alguna actualización documental, el lider del cada proceso deberá solicitar el acompañamiento metodológico de la Oficina Asesora de Planeación para iniciar el proceso de creación, modificación o eliminación de documentos. | Z12: NA | AA12: O. Asesora de Planeación | AB12: Asignado | AC12: Adecuado | AD12: Inoportuna | AE12: Prevenir | AF12: Confiable | AG12: Oportuna | AH12: Completa | AI12: =IF(COUNTBLANK(AB12:AH12)=7,"",IF($AB12="Asignado",15,0)+IF($AC12="Adecuado",15,0)+IF($AD12="Oportuna",15,0)+IF($AE12="Prevenir",15,0)+IF($AE12="Detectar",10,0)+IF($AF12="Confiable",15,0)+IF($AG12="Oportuna",15,0)+IF($AH12="Completa",10,0)+IF($AH12="Incompleta",5,0)) -> 85 | AJ12: =IF(COUNTBLANK(AB12:AH12)=7,"",IF($AI12<86,"Débil",IF($AI12<96,"Moderado","Fuerte"))) -> Débil | AK12: Moderado | AL12: =IFERROR(VLOOKUP(AJ12&AK12,Tabla_Controles!$B$56:$G$65,5,FALSE),"") -> Débil | AM12: =IF($AL12="","",IF($AL12="Fuerte",100,IF($AL12="Moderado",50,0))) -> 0 | AV12: T2 | AW12: Realizar las actualizaciones documentales de los procesos de la arquitectura de SAE, cuando sea requerido, para limitar el alcance de las actividades que ejercen los colaboradores de SAE en la ejecución de los procesos | AX12: Solicitudes de actualización documental Documentos actualizados | AY12: O. Asesora de Planeación | AZ12: Todos los meses | BA12: 15/04/2023 15/07/2023 15/10/2023 31/12/2023 | BC12: C2 | BG12: T2
B13: 1 | K13: CA_3 | L13: Delegación descentralizada de toma de decisiones de algunos temas estratégicos | W13: C3 | X13: Revisión por la Dirección | Y13: El Comité Directivo de la Organización, con secretaría técnica de la Oficina Asesora de Planeación, analiza, verifica, evalúa y aprueba las decisiones estratégicas necesarias para aportar a cada temática, siempre propendiendo por el cumplimiento de los objetvos de la organización y la normativa vigente. En caso de encontrar alguna inconsistencia o desviación sobre las decisiones a tomar, realiza las recomendaciones pertinentes para la toma de decisiones definitiva. | Z13: P-DE2-099 Procedimiento Revisión por la Dirección | AA13: O. Asesora de Planeación | AB13: Asignado | AC13: Adecuado | AD13: Oportuna | AE13: Prevenir | AF13: Confiable | AG13: Oportuna | AH13: Completa | AI13: =IF(COUNTBLANK(AB13:AH13)=7,"",IF($AB13="Asignado",15,0)+IF($AC13="Adecuado",15,0)+IF($AD13="Oportuna",15,0)+IF($AE13="Prevenir",15,0)+IF($AE13="Detectar",10,0)+IF($AF13="Confiable",15,0)+IF($AG13="Oportuna",15,0)+IF($AH13="Completa",10,0)+IF($AH13="Incompleta",5,0)) -> 100 | AJ13: =IF(COUNTBLANK(AB13:AH13)=7,"",IF($AI13<86,"Débil",IF($AI13<96,"Moderado","Fuerte"))) -> Fuerte | AK13: Fuerte | AL13: =IFERROR(VLOOKUP(AJ13&AK13,Tabla_Controles!$B$56:$G$65,5,FALSE),"") -> Fuerte | AM13: =IF($AL13="","",IF($AL13="Fuerte",100,IF($AL13="Moderado",50,0))) -> 100 | AV13: T3 | AW13: NA | AX13: NA | AY13: NA | AZ13: NA | BA13: NA | BC13: C3 | BG13: T3
B14: 1 | K14: CA_4 | L14: No se tengan delimitados los permisos de usuarios en las plataformas tecnológicas | W14: C4 | X14: Control de Acceso a usuarios en Plataformas Tecnológicas | Y14: El Profesional Especializado III (Oficial de Seguridad) asigna, modifica o inactiva los permisos de seguridad en aplicativos a los perfiles de usuarios solicitados y aprobados por los lideres de procesos, verificando que se cuente con la validación de la Oficina Asesora de Planeación en el aplicativo de mesa de ayuda y revisando que el formato de solicitud cumpla con los criterios requeridos, dejando registro de este control en la matriz de seguridad de usuarios y perfiles por aplicativo. En caso de existir alguna inconsistencia en la información, devuelve la solicitud hasta cumplir los requerimiento para brindar los permisos requeridos. | Z14: P-TE4-094 Procedimiento Administración y Control de Acceso a Usuarios | AA14: O. Gestión de la Información | AB14: Asignado | AC14: Adecuado | AD14: Oportuna | AE14: Prevenir | AF14: Confiable | AG14: Oportuna | AH14: Completa | AI14: =IF(COUNTBLANK(AB14:AH14)=7,"",IF($AB14="Asignado",15,0)+IF($AC14="Adecuado",15,0)+IF($AD14="Oportuna",15,0)+IF($AE14="Prevenir",15,0)+IF($AE14="Detectar",10,0)+IF($AF14="Confiable",15,0)+IF($AG14="Oportuna",15,0)+IF($AH14="Completa",10,0)+IF($AH14="Incompleta",5,0)) -> 100 | AJ14: =IF(COUNTBLANK(AB14:AH14)=7,"",IF($AI14<86,"Débil",IF($AI14<96,"Moderado","Fuerte"))) -> Fuerte | AK14: Fuerte | AL14: =IFERROR(VLOOKUP(AJ14&AK14,Tabla_Controles!$B$56:$G$65,5,FALSE),"") -> Fuerte | AM14: =IF($AL14="","",IF($AL14="Fuerte",100,IF($AL14="Moderado",50,0))) -> 100 | AV14: T4 | AW14: NA | AX14: NA | AY14: NA | AZ14: NA | BA14: NA | BC14: C4 | BG14: T4
B15: 1 | K15: CA_5 | L15: Debilidades en la verificación de las competencias comportamentales de los colaboradores de la empresa | W15: C5 | X15: Verificación de las competencias comportamentales en evaluación de rendimiento | Y15: El lider de proceso o de cada área verifica anualmente las competencias comportamentales de los colaboradores a su cargo con base en sus conductas y las competencias comunes o por nivel jerárquico establecidos por la empresa, recopilando las evidencias necesarias en caso requerido, dejando registro del resultado en la evaluación de rendimiento del evaluado. En caso de presentarse alguna mejora o desviación identificada, se deberá documenta un plan de mejoramiento individual. | Z15: P-GT2-171 Procedimiento evaluación del rendimiento | AA15: Todas las áreas | AB15: Asignado | AC15: Adecuado | AD15: Oportuna | AE15: Detectar | AF15: Confiable | AG15: Oportuna | AH15: Completa | AI15: =IF(COUNTBLANK(AB15:AH15)=7,"",IF($AB15="Asignado",15,0)+IF($AC15="Adecuado",15,0)+IF($AD15="Oportuna",15,0)+IF($AE15="Prevenir",15,0)+IF($AE15="Detectar",10,0)+IF($AF15="Confiable",15,0)+IF($AG15="Oportuna",15,0)+IF($AH15="Completa",10,0)+IF($AH15="Incompleta",5,0)) -> 95 | AJ15: =IF(COUNTBLANK(AB15:AH15)=7,"",IF($AI15<86,"Débil",IF($AI15<96,"Moderado","Fuerte"))) -> Moderado | AK15: Fuerte | AL15: =IFERROR(VLOOKUP(AJ15&AK15,Tabla_Controles!$B$56:$G$65,5,FALSE),"") -> Moderado | AM15: =IF($AL15="","",IF($AL15="Fuerte",100,IF($AL15="Moderado",50,0))) -> 50 | AV15: T5 | AW15: Brindar una inducción específica del cargo a los funcionarios y contratistas nuevos, socializandole sus obligaciones contractuales o funciones, las limitaciones de su rol y aspectos éticos a tener en cuenta. | AX15: Listado de asistencia o evidencia de capacitación Comunicación Funciones | AY15: Todas las áreas | AZ15: Todos los meses | BA15: 15/04/2023 15/07/2023 15/10/2023 31/12/2023 | BC15: C5 | BG15: T5
B16: 1 | K16: CA_6 | L16: Debilidades en la implementación de los controles operacionales establecidos en cada proceso de acuerdo con niveles de responsabilidad | W16: C6 | X16: Evaluación Independiente de Gestión Institucional | Y16: El profesional de la Oficina de Control Interno realiza evaluaciones independientes a la gestión institucional de acuerdo con la programación establecida en el Plan Anual de Auditorías Institucional- PAAI a fin de identificar riesgos, desviaciones o irregularidades. En caso de evidenciarse alguna desviación lo comunica oportunamente de acuerdo con el conducto establecido. Como evidencia de la evaluación realizada se deja constancia en los informes de auditoría de gestión. | Z16: P-EC2-156 Procedimiento para ejecutar auditorías internas | AA16: O. Control Interno | AB16: Asignado | AC16: Adecuado | AD16: Oportuna | AE16: Detectar | AF16: Confiable | AG16: Oportuna | AH16: Completa | AI16: =IF(COUNTBLANK(AB16:AH16)=7,"",IF($AB16="Asignado",15,0)+IF($AC16="Adecuado",15,0)+IF($AD16="Oportuna",15,0)+IF($AE16="Prevenir",15,0)+IF($AE16="Detectar",10,0)+IF($AF16="Confiable",15,0)+IF($AG16="Oportuna",15,0)+IF($AH16="Completa",10,0)+IF($AH16="Incompleta",5,0)) -> 95 | AJ16: =IF(COUNTBLANK(AB16:AH16)=7,"",IF($AI16<86,"Débil",IF($AI16<96,"Moderado","Fuerte"))) -> Moderado | AK16: Fuerte | AL16: =IFERROR(VLOOKUP(AJ16&AK16,Tabla_Controles!$B$56:$G$65,5,FALSE),"") -> Moderado | AM16: =IF($AL16="","",IF($AL16="Fuerte",100,IF($AL16="Moderado",50,0))) -> 50 | AV16: T6 | AW16: Realizar seguimiento cuatrimestral al Mapa de Riesgos de Corrupción de acuerdo con la programación establecia en el PAAI 2022. | AX16: Seguimiento de Riesgos publicado | AY16: O. Control Interno | AZ16: 10/05/2023 10/09/2023 31/12/2023 | BA16: 15/07/2023 15/10/2023 31/12/2023 | BC16: C6 | BG16: T6
B17: 1 | K17: CA_7 | W17: C7 | AI17: =IF(COUNTBLANK(AB17:AH17)=7,"",IF($AB17="Asignado",15,0)+IF($AC17="Adecuado",15,0)+IF($AD17="Oportuna",15,0)+IF($AE17="Prevenir",15,0)+IF($AE17="Detectar",10,0)+IF($AF17="Confiable",15,0)+IF($AG17="Oportuna",15,0)+IF($AH17="Completa",10,0)+IF($AH17="Incompleta",5,0)) | AJ17: =IF(COUNTBLANK(AB17:AH17)=7,"",IF($AI17<86,"Débil",IF($AI17<96,"Moderado","Fuerte"))) | AL17: =IFERROR(VLOOKUP(AJ17&AK17,Tabla_Controles!$B$56:$G$65,5,FALSE),"") | AM17: =IF($AL17="","",IF($AL17="Fuerte",100,IF($AL17="Moderado",50,0))) | AV17: T7 | BC17: C7 | BG17: T7
A18: =C18&COUNTIF($C$10:C18,C18) -> Corrupción2 | B18: 6 | C18: Corrupción | D18: Fraude interno | E18: Adquisición_Bienes_Servicios | F18: Contratación | G18: Realizar las actividades de celebración, legalización y ejecución del contrato de acuerdo con las modalidades previstas en el Manual de Contratación | H18: Celebración de contratos | I18: ="Posibilidad de recibir o solicitar cualquier dádiva o beneficio a nombre propio o de terceros, con el fin de "&J18 -> Posibilidad de recibir o solicitar cualquier dádiva o beneficio a nombre propio o de terceros, con el fin de celebrar contratos de bienes y servicios innecesarios, que no cumplan con los requisitos previstos, o con violación al régimen contractual dispuesto en normas legales y/o constitucionales | J18: celebrar contratos de bienes y servicios innecesarios, que no cumplan con los requisitos previstos, o con violación al régimen contractual dispuesto en normas legales y/o constitucionales | K18: CA_1 | L18: Evaluación subjetiva de necesidades contractuales de la entidad | M18: 1) Pérdida de imagen reputacional y credibilidad institucional 2) Implicaciones a nivel penal, disciplinario, fiscal o sancionatorio 3) Demandas de la ciudadanía 4) Productos y/o servicios sin las características requeridas al interior de la entidad 5) Reprocesos contractuales 6) Dificultades para los ejerciciosde supervisión contractual 7) Detrimento Patrimonial | N18: El evento podrá ocurrir en algún momento | O18: =IF(N18="","",IF(OR($N18=Tabla_Probabilidad!$D$20,$N18=Tabla_Probabilidad!$J$20),"Muy Baja",IF(OR($N18=Tabla_Probabilidad!$E$20,$N18=Tabla_Probabilidad!$K$20),"Baja",IF(OR($N18=Tabla_Probabilidad!$F$20,$N18=Tabla_Probabilidad!$L$20),"Media",IF(OR($N18=Tabla_Probabilidad!$G$20,$N18=Tabla_Probabilidad!$M$20),"Alta",IF(OR($N18=Tabla_Probabilidad!$H$20,$N18=Tabla_Probabilidad!$N$20),"Muy Alta")))))) -> Media | P18: =IF(O18="Muy Baja",1,IF(O18="Baja",2,IF(O18="Media",3,IF(O18="Alta",4,IF(O18="Muy Alta",5,""))))) -> 3 | Q18: =IFERROR(IF($C18="Corrupción",HYPERLINK("#"&"Impacto_Riesgos!C"&MATCH($B18,Impacto_Riesgos!$B$10:$B$138,0)+9,"Calcula el impacto aquí"),"")," ") -> Calcula el impacto aquí | R18: =IFERROR(VLOOKUP(A18,Impacto_Riesgos!$A$8:$W$138,23,),"NA") -> 15 | S18: De doce (12) a diecinueve (19) respuestas afirmativas. Genera consecuencias desastrosas para la entidad | T18: =IF($S18='Tabla Impacto'!$F$10,"Moderado",IF($S18='Tabla Impacto'!$G$10,"Mayor",IF($S18='Tabla Impacto'!$H$10,"Catastrófico",""))) -> Catastrófico | U18: =IF(T18="Leve",1,IF(T18="Menor",2,IF(T18="Moderado",3,IF(T18="Mayor",4,IF(T18="Catastrófico",5,""))))) -> 5 | V18: =IF(OR(AND($O18="Muy Baja",T18="Leve"),AND($O18="Muy Baja",T18="Menor"),AND($O18="Baja",T18="Leve"),AND($O18="Baja",T18="Menor"),AND($O18="Media",T18="Leve")),"Bajo",IF(OR(AND($O18="Muy baja",T18="Moderado"),AND($O18="Baja",T18="Moderado"),AND($O18="Media",T18="Menor"),AND($O18="Alta",T18="Leve")),"Moderado",IF(OR(AND($O18="Muy Baja",T18="Mayor"),AND($O18="Baja",T18="Mayor"),AND($O18="Media",T18="Moderado"),AND($O18="Alta",T18="Menor"),AND($O18="Alta",T18="Moderado"),AND($O18="Muy Alta",T18="Leve"),AND($O18="Muy Alta",T18="Menor")),"Alto",IF(OR(AND($O18="Muy Baja",T18="Catastrófico"),AND($O18="Baja",T18="Catastrófico"),AND($O18="Media",T18="Mayor"),AND($O18="Media",T18="Catastrófico"),AND($O18="Alta",T18="Mayor"),AND($O18="Alta",T18="Catastrófico"),AND($O18="Muy Alta",T18="Moderado"),AND($O18="Muy Alta",T18="Mayor"),AND($O18="Muy Alta",T18="Catastrófico")),"Extremo","")))) -> Extremo | W18: C1 | X18: Verificación de necesidades contractuales en Comité de Contratación | Y18: El Comité de Contratación, con secretaría técnica de la Gerencia de Contratos, verifica que las necesidades contractuales que presentan las áreas sean prioritarias, estén acordes con la líneas de contratación y que no excedan los montos de gastos por áreas, a fin de ser incorporarlo o no en el Plan Anual de Adquisiciones de acuerdo con las justificaciones expuestas por las dependencias. En caso de requerir ajustes o eliminar lineas de contratación, estas se realizarán en el transcurso del comité, hasta lograr la aprobación del Plan Anual de Adquisiciones | Z18: P-BS1-023 Procedimiento Elaboración y Actualización del Plan Anual de Adquisiciones | AA18: G. Contratos | AB18: Asignado | AC18: Adecuado | AD18: Oportuna | AE18: Prevenir | AF18: Confiable | AG18: Oportuna | AH18: Completa | AI18: =IF(COUNTBLANK(AB18:AH18)=7,"",IF($AB18="Asignado",15,0)+IF($AC18="Adecuado",15,0)+IF($AD18="Oportuna",15,0)+IF($AE18="Prevenir",15,0)+IF($AE18="Detectar",10,0)+IF($AF18="Confiable",15,0)+IF($AG18="Oportuna",15,0)+IF($AH18="Completa",10,0)+IF($AH18="Incompleta",5,0)) -> 100 | AJ18: =IF(COUNTBLANK(AB18:AH18)=7,"",IF($AI18<86,"Débil",IF($AI18<96,"Moderado","Fuerte"))) -> Fuerte | AK18: Fuerte | AL18: =IFERROR(VLOOKUP(AJ18&AK18,Tabla_Controles!$B$56:$G$65,5,FALSE),"") -> Fuerte | AM18: =IF($AL18="","",IF($AL18="Fuerte",100,IF($AL18="Moderado",50,0))) -> 100 | AN18: =IFERROR(AVERAGE(AM18:AM24),"") -> 66.666667 | AO18: =IF($AN18=100,"Fuerte",IF($AN18<100,"Moderado",IF($AN18<50,"Débil",IF($AN18=0,"","")))) -> Moderado | AP18: Directamente | AQ18: =IFERROR(P18-VLOOKUP(AO18&AP18,Tabla_Controles!$B$77:$E$83,4,0),"") -> 2 | AR18: =IF($AQ18="","",IF($AQ18=1,"Muy Baja",IF($AQ18=2,"Baja",IF($AQ18=3,"Media",IF($AQ18=4,"Alta",IF($AQ18=5,"Muy Alta","Muy Baja")))))) -> Baja | AS18: =T18 -> Catastrófico | AT18: =IF(OR(AND($AR18="Muy Baja",$AS18="Leve"),AND($AR18="Muy Baja",$AS18="Menor"),AND($AR18="Baja",$AS18="Leve"),AND($AR18="Baja",$AS18="Menor"),AND($AR18="Media",$AS18="Leve")),"Bajo",IF(OR(AND($AR18="Muy baja",$AS18="Moderado"),AND($AR18="Baja",$AS18="Moderado"),AND($AR18="Media",$AS18="Menor"),AND($AR18="Alta",$AS18="Leve")),"Moderado",IF(OR(AND($AR18="Muy Baja",$AS18="Mayor"),AND($AR18="Baja",$AS18="Mayor"),AND($AR18="Media",$AS18="Moderado"),AND($AR18="Alta",$AS18="Menor"),AND($AR18="Alta",$AS18="Moderado"),AND($AR18="Muy Alta",$AS18="Leve"),AND($AR18="Muy Alta",$AS18="Menor")),"Alto",IF(OR(AND($AR18="Muy Baja",$AS18="Catastrófico"),AND($AR18="Baja",$AS18="Catastrófico"),AND($AR18="Media",$AS18="Mayor"),AND($AR18="Media",$AS18="Catastrófico"),AND($AR18="Alta",$AS18="Mayor"),AND($AR18="Alta",$AS18="Catastrófico"),AND($AR18="Muy Alta",$AS18="Moderado"),AND($AR18="Muy Alta",$AS18="Mayor"),AND($AR18="Muy Alta",$AS18="Catastrófico")),"Extremo","")))) -> Extremo | AU18: Reducir (Mitigar) | AV18: T1 | AW18: Realizar capacitación del manual de contratación y las responsabilidades de los involucrados en las etapas pre-contractuales, contractuales y post-contractuales | AX18: Listado de asistencia | AY18: G. Contratos | AZ18: 45122 | BA18: 45214 | BB18: 1) Informar riesgo de corrupción detectado a la Oficina Asesora de Planeación, con el diseño del plan de tratamiento 2) Informar evento presentado a la Gerencia de Talento Humano 3) La Gerencia de Talento Humano realiza el proceso de investigación disciplinario 4) La Oficina Asesora de Planeación informa a Comité Directivo y de Control Interno posibles materializaciones de riesgos de Corrupción 5) Informar eventos presentados a entes de control con base en resultados de investigación disciplinaria 6) Implementar el plan de tratamiento de mitigación de riesgos diseñado para el evento presentado | BC18: C1 | BG18: T6
B19: 6 | K19: CA_2 | L19: No revisar la totalidad de documentación que habilite técnicamente, financieramente y jurídicamente a los potenciales contratistas a participar en el proceso de selección de proveedores | W19: C2 | X19: Verificación de Requisitos Técnicos, Jurídicos y Financieros Habilitantes | Y19: Los profesionales delegados como equipo evaluador verifican el cumplimiento de requisitos habilitantes técnicos, jurídicos y financieros establecidos en la convocatoria vigente, dejando registro en una lista de chequeo o informe de verificación de requisitos de toda la información presentada. En caso de requerirse aclaraciones a los evaluados, se solicitaran a través de la Gerencia de Contratos para subsanación en caso de ser posible | Z19: Procedimientos Contractuales (P-BS2-025, P-BS2-028, P-BS2-029, P-BS2-103;P-BS2-181) | AA19: Todas las áreas | AB19: Asignado | AC19: Adecuado | AD19: Oportuna | AE19: Detectar | AF19: Confiable | AG19: Oportuna | AH19: Completa | AI19: =IF(COUNTBLANK(AB19:AH19)=7,"",IF($AB19="Asignado",15,0)+IF($AC19="Adecuado",15,0)+IF($AD19="Oportuna",15,0)+IF($AE19="Prevenir",15,0)+IF($AE19="Detectar",10,0)+IF($AF19="Confiable",15,0)+IF($AG19="Oportuna",15,0)+IF($AH19="Completa",10,0)+IF($AH19="Incompleta",5,0)) -> 95 | AJ19: =IF(COUNTBLANK(AB19:AH19)=7,"",IF($AI19<86,"Débil",IF($AI19<96,"Moderado","Fuerte"))) -> Moderado | AK19: Fuerte | AL19: =IFERROR(VLOOKUP(AJ19&AK19,Tabla_Controles!$B$56:$G$65,5,FALSE),"") -> Moderado | AM19: =IF($AL19="","",IF($AL19="Fuerte",100,IF($AL19="Moderado",50,0))) -> 50 | AV19: T2 | AW19: Publicar cada vez que sea requerido los términos de referencia y/o pliegos de condiciones de los servicios o productos a contratar para observaciones de los ciudadanos y/o interesados en cada proceso a fin de establecer condiciones equitativas para la participación del proceso | AX19: Términos de refencia y/o pliegos de condiciones publicados | AY19: G. Contratos | AZ19: Todos los meses | BA19: 15/04/2023 15/07/2023 15/10/2023 31/12/2023 | BC19: C2 | BG19: T7
B20: 6 | K20: CA_3 | L20: Evaluaciones incompletas o sesgadas de los potenciales contratistas | W20: C3 | X20: Verificación de evaluaciones por Comité de Contratación | Y20: El Comité de Contratación, con secretaría técnica de la Gerencia de Contratos, verifica que el informe de verificación de requisitos habilitantes y ponderación de propuestas según modalidad de contratación, esté completo y cumpla con los requerimientos exigibles para proceder a su aprobación. En caso de identificar inconsistencias, desviaciones o necesidad de ajustes se devuelve el informe de evaluación a los evaluadores para realizar los ajustes requeridos. | Z20: Procedimientos Contractuales (P-BS2-025, P-BS2-028, P-BS2-029, P-BS2-103;P-BS2-181) | AA20: G. Contratos | AB20: Asignado | AC20: Adecuado | AD20: Oportuna | AE20: Detectar | AF20: Confiable | AG20: Oportuna | AH20: Completa | AI20: =IF(COUNTBLANK(AB20:AH20)=7,"",IF($AB20="Asignado",15,0)+IF($AC20="Adecuado",15,0)+IF($AD20="Oportuna",15,0)+IF($AE20="Prevenir",15,0)+IF($AE20="Detectar",10,0)+IF($AF20="Confiable",15,0)+IF($AG20="Oportuna",15,0)+IF($AH20="Completa",10,0)+IF($AH20="Incompleta",5,0)) -> 95 | AJ20: =IF(COUNTBLANK(AB20:AH20)=7,"",IF($AI20<86,"Débil",IF($AI20<96,"Moderado","Fuerte"))) -> Moderado | AK20: Fuerte | AL20: =IFERROR(VLOOKUP(AJ20&AK20,Tabla_Controles!$B$56:$G$65,5,FALSE),"") -> Moderado | AM20: =IF($AL20="","",IF($AL20="Fuerte",100,IF($AL20="Moderado",50,0))) -> 50 | AV20: T3 | AW20: NA | AX20: NA | AY20: NA | AZ20: NA | BA20: NA | BC20: C3 | BG20: T1
B21: 6 | K21: CA_4 | W21: C4 | AI21: =IF(COUNTBLANK(AB21:AH21)=7,"",IF($AB21="Asignado",15,0)+IF($AC21="Adecuado",15,0)+IF($AD21="Oportuna",15,0)+IF($AE21="Prevenir",15,0)+IF($AE21="Detectar",10,0)+IF($AF21="Confiable",15,0)+IF($AG21="Oportuna",15,0)+IF($AH21="Completa",10,0)+IF($AH21="Incompleta",5,0)) | AJ21: =IF(COUNTBLANK(AB21:AH21)=7,"",IF($AI21<86,"Débil",IF($AI21<96,"Moderado","Fuerte"))) | AL21: =IFERROR(VLOOKUP(AJ21&AK21,Tabla_Controles!$B$56:$G$65,5,FALSE),"") | AM21: =IF($AL21="","",IF($AL21="Fuerte",100,IF($AL21="Moderado",50,0))) | AV21: T4 | BC21: C4 | BG21: T2
B22: 6 | K22: CA_5 | W22: C5 | AI22: =IF(COUNTBLANK(AB22:AH22)=7,"",IF($AB22="Asignado",15,0)+IF($AC22="Adecuado",15,0)+IF($AD22="Oportuna",15,0)+IF($AE22="Prevenir",15,0)+IF($AE22="Detectar",10,0)+IF($AF22="Confiable",15,0)+IF($AG22="Oportuna",15,0)+IF($AH22="Completa",10,0)+IF($AH22="Incompleta",5,0)) | AJ22: =IF(COUNTBLANK(AB22:AH22)=7,"",IF($AI22<86,"Débil",IF($AI22<96,"Moderado","Fuerte"))) | AL22: =IFERROR(VLOOKUP(AJ22&AK22,Tabla_Controles!$B$56:$G$65,5,FALSE),"") | AM22: =IF($AL22="","",IF($AL22="Fuerte",100,IF($AL22="Moderado",50,0))) | AV22: T5 | BC22: C5 | BG22: T3
B23: 6 | K23: CA_6 | W23: C6 | AI23: =IF(COUNTBLANK(AB23:AH23)=7,"",IF($AB23="Asignado",15,0)+IF($AC23="Adecuado",15,0)+IF($AD23="Oportuna",15,0)+IF($AE23="Prevenir",15,0)+IF($AE23="Detectar",10,0)+IF($AF23="Confiable",15,0)+IF($AG23="Oportuna",15,0)+IF($AH23="Completa",10,0)+IF($AH23="Incompleta",5,0)) | AJ23: =IF(COUNTBLANK(AB23:AH23)=7,"",IF($AI23<86,"Débil",IF($AI23<96,"Moderado","Fuerte"))) | AL23: =IFERROR(VLOOKUP(AJ23&AK23,Tabla_Controles!$B$56:$G$65,5,FALSE),"") | AM23: =IF($AL23="","",IF($AL23="Fuerte",100,IF($AL23="Moderado",50,0))) | AV23: T6 | BC23: C6 | BG23: T4
B24: 6 | K24: CA_7 | W24: C7 | AI24: =IF(COUNTBLANK(AB24:AH24)=7,"",IF($AB24="Asignado",15,0)+IF($AC24="Adecuado",15,0)+IF($AD24="Oportuna",15,0)+IF($AE24="Prevenir",15,0)+IF($AE24="Detectar",10,0)+IF($AF24="Confiable",15,0)+IF($AG24="Oportuna",15,0)+IF($AH24="Completa",10,0)+IF($AH24="Incompleta",5,0)) | AJ24: =IF(COUNTBLANK(AB24:AH24)=7,"",IF($AI24<86,"Débil",IF($AI24<96,"Moderado","Fuerte"))) | AL24: =IFERROR(VLOOKUP(AJ24&AK24,Tabla_Controles!$B$56:$G$65,5,FALSE),"") | AM24: =IF($AL24="","",IF($AL24="Fuerte",100,IF($AL24="Moderado",50,0))) | AV24: T7 | BC24: C7 | BG24: T5
A25: =C25&COUNTIF($C$10:C25,C25) -> Corrupción3 | B25: 10 | C25: Corrupción | D25: Fraude interno | E25: Gestión_Jurídica | F25: Defensa judicial | G25: Garantizar la seguridad jurídica de todas las actuaciones de SAE, atendiendo oportunamente los requerimientos realizados por las autoridades judiciales | H25: Denuncias | I25: ="Posibilidad de recibir o solicitar cualquier dádiva o beneficio a nombre propio o de terceros, con el fin de "&J25 -> Posibilidad de recibir o solicitar cualquier dádiva o beneficio a nombre propio o de terceros, con el fin de abstenerse de informar o de poner en conocimiento presuntas conductas delictivas o antiéticas a investigar por las autoridades respectivas | J25: abstenerse de informar o de poner en conocimiento presuntas conductas delictivas o antiéticas a investigar por las autoridades respectivas | K25: CA_1 | L25: Desconocimiento de la normatividad que exige la denuncia de las conductas delictivas | M25: 1) Pérdida de imagen reputacional y credibilidad institucional 2) Implicaciones a nivel penal, disciplinario, fiscal o sancionatorio 3) Demandas de la ciudadanía 4) Continuidad de conductas delictivas no informadas | N25: El evento podrá ocurrir en algún momento | O25: =IF(N25="","",IF(OR($N25=Tabla_Probabilidad!$D$20,$N25=Tabla_Probabilidad!$J$20),"Muy Baja",IF(OR($N25=Tabla_Probabilidad!$E$20,$N25=Tabla_Probabilidad!$K$20),"Baja",IF(OR($N25=Tabla_Probabilidad!$F$20,$N25=Tabla_Probabilidad!$L$20),"Media",IF(OR($N25=Tabla_Probabilidad!$G$20,$N25=Tabla_Probabilidad!$M$20),"Alta",IF(OR($N25=Tabla_Probabilidad!$H$20,$N25=Tabla_Probabilidad!$N$20),"Muy Alta")))))) -> Media | P25: =IF(O25="Muy Baja",1,IF(O25="Baja",2,IF(O25="Media",3,IF(O25="Alta",4,IF(O25="Muy Alta",5,""))))) -> 3 | Q25: =IFERROR(IF($C25="Corrupción",HYPERLINK("#"&"Impacto_Riesgos!C"&MATCH($B25,Impacto_Riesgos!$B$10:$B$138,0)+9,"Calcula el impacto aquí"),"")," ") -> Calcula el impacto aquí | R25: =IFERROR(VLOOKUP(A25,Impacto_Riesgos!$A$8:$W$138,23,),"NA") -> 15 | S25: De doce (12) a diecinueve (19) respuestas afirmativas. Genera consecuencias desastrosas para la entidad | T25: =IF($S25='Tabla Impacto'!$F$10,"Moderado",IF($S25='Tabla Impacto'!$G$10,"Mayor",IF($S25='Tabla Impacto'!$H$10,"Catastrófico",""))) -> Catastrófico | U25: =IF(T25="Leve",1,IF(T25="Menor",2,IF(T25="Moderado",3,IF(T25="Mayor",4,IF(T25="Catastrófico",5,""))))) -> 5 | V25: =IF(OR(AND($O25="Muy Baja",T25="Leve"),AND($O25="Muy Baja",T25="Menor"),AND($O25="Baja",T25="Leve"),AND($O25="Baja",T25="Menor"),AND($O25="Media",T25="Leve")),"Bajo",IF(OR(AND($O25="Muy baja",T25="Moderado"),AND($O25="Baja",T25="Moderado"),AND($O25="Media",T25="Menor"),AND($O25="Alta",T25="Leve")),"Moderado",IF(OR(AND($O25="Muy Baja",T25="Mayor"),AND($O25="Baja",T25="Mayor"),AND($O25="Media",T25="Moderado"),AND($O25="Alta",T25="Menor"),AND($O25="Alta",T25="Moderado"),AND($O25="Muy Alta",T25="Leve"),AND($O25="Muy Alta",T25="Menor")),"Alto",IF(OR(AND($O25="Muy Baja",T25="Catastrófico"),AND($O25="Baja",T25="Catastrófico"),AND($O25="Media",T25="Mayor"),AND($O25="Media",T25="Catastrófico"),AND($O25="Alta",T25="Mayor"),AND($O25="Alta",T25="Catastrófico"),AND($O25="Muy Alta",T25="Moderado"),AND($O25="Muy Alta",T25="Mayor"),AND($O25="Muy Alta",T25="Catastrófico")),"Extremo","")))) -> Extremo | W25: C1 | X25: Identificación de necesidades de capacitación | Y25: El Gerente de Asuntos Legales verifica e identifica anualmente las necesidades de capacitación con relación a temáticas del orden legal, incluyendo la gestión de denuncias, a fin de brindar los lineamientos y herramientas necesarias para disminuir el daño antijuridico de la entidad. | Z25: P-GT2-036 Diseño y Ejecución del Plan Empresarial de Capacitación PEC | AA25: G. Asuntos Legales | AB25: Asignado | AC25: Adecuado | AD25: Oportuna | AE25: Prevenir | AF25: Confiable | AG25: Oportuna | AH25: Completa | AI25: =IF(COUNTBLANK(AB25:AH25)=7,"",IF($AB25="Asignado",15,0)+IF($AC25="Adecuado",15,0)+IF($AD25="Oportuna",15,0)+IF($AE25="Prevenir",15,0)+IF($AE25="Detectar",10,0)+IF($AF25="Confiable",15,0)+IF($AG25="Oportuna",15,0)+IF($AH25="Completa",10,0)+IF($AH25="Incompleta",5,0)) -> 100 | AJ25: =IF(COUNTBLANK(AB25:AH25)=7,"",IF($AI25<86,"Débil",IF($AI25<96,"Moderado","Fuerte"))) -> Fuerte | AK25: Fuerte | AL25: =IFERROR(VLOOKUP(AJ25&AK25,Tabla_Controles!$B$56:$G$65,5,FALSE),"") -> Fuerte | AM25: =IF($AL25="","",IF($AL25="Fuerte",100,IF($AL25="Moderado",50,0))) -> 100 | AN25: =IFERROR(AVERAGE(AM25:AM31),"") -> 66.666667 | AO25: =IF($AN25=100,"Fuerte",IF($AN25<100,"Moderado",IF($AN25<50,"Débil",IF($AN25=0,"","")))) -> Moderado | AP25: Directamente | AQ25: =IFERROR(P25-VLOOKUP(AO25&AP25,Tabla_Controles!$B$77:$E$83,4,0),"") -> 2 | AR25: =IF($AQ25="","",IF($AQ25=1,"Muy Baja",IF($AQ25=2,"Baja",IF($AQ25=3,"Media",IF($AQ25=4,"Alta",IF($AQ25=5,"Muy Alta","Muy Baja")))))) -> Baja | AS25: =T25 -> Catastrófico | AT25: =IF(OR(AND($AR25="Muy Baja",$AS25="Leve"),AND($AR25="Muy Baja",$AS25="Menor"),AND($AR25="Baja",$AS25="Leve"),AND($AR25="Baja",$AS25="Menor"),AND($AR25="Media",$AS25="Leve")),"Bajo",IF(OR(AND($AR25="Muy baja",$AS25="Moderado"),AND($AR25="Baja",$AS25="Moderado"),AND($AR25="Media",$AS25="Menor"),AND($AR25="Alta",$AS25="Leve")),"Moderado",IF(OR(AND($AR25="Muy Baja",$AS25="Mayor"),AND($AR25="Baja",$AS25="Mayor"),AND($AR25="Media",$AS25="Moderado"),AND($AR25="Alta",$AS25="Menor"),AND($AR25="Alta",$AS25="Moderado"),AND($AR25="Muy Alta",$AS25="Leve"),AND($AR25="Muy Alta",$AS25="Menor")),"Alto",IF(OR(AND($AR25="Muy Baja",$AS25="Catastrófico"),AND($AR25="Baja",$AS25="Catastrófico"),AND($AR25="Media",$AS25="Mayor"),AND($AR25="Media",$AS25="Catastrófico"),AND($AR25="Alta",$AS25="Mayor"),AND($AR25="Alta",$AS25="Catastrófico"),AND($AR25="Muy Alta",$AS25="Moderado"),AND($AR25="Muy Alta",$AS25="Mayor"),AND($AR25="Muy Alta",$AS25="Catastrófico")),"Extremo","")))) -> Extremo | AU25: Reducir (Mitigar) | AV25: T1 | AW25: Brindar capacitación en gestión de denuncias | AX25: Listado de asistencia | AY25: G. Asuntos Legales | AZ25: 45260 | BA25: 45291 | BB25: 1) Informar riesgo de corrupción detectado a la Oficina Asesora de Planeación, con el diseño del plan de tratamiento 2) Informar evento presentado a la Gerencia de Talento Humano 3) La Gerencia de Talento Humano realiza el proceso de investigación disciplinario 4) La Oficina Asesora de Planeación informa a Comité Directivo y de Control Interno posibles materializaciones de riesgos de Corrupción 5) Informar eventos presentados a entes de control con base en resultados de investigación disciplinaria 6) Implementar el plan de tratamiento de mitigación de riesgos diseñado para el evento presentado | BC25: C1 | BG25: T6
B26: 10 | K26: CA_2 | L26: Ausencia o debilidades en los canales formales para recepción de denuncias | W26: C2 | X26: Validación de PQRS radicados por la ciudadanía | Y26: El profesional delegado de la Oficina de Comunicaciones y Atención al Ciudadano valida las PQRS allegadas a la Entidad, verificandoel tipo de solicitud y los soportes allegados, con el fin de direccionar todas las denuncias a la Gerencia de Asuntos Legales para su respectivo estudio. En caso que el ciudadano no aporte los documentos requeridos, se deberá solicitar antes de radicar la comunicación, la información faltante vía correo electrónico para poder brindar una respuesta oportuna. | Z26: P-CA2-033 Procedimiento de seguimiento y control a requerimientos | AA26: O. Comunicaciones y Atención al Ciudadano | AB26: Asignado | AC26: Adecuado | AD26: Oportuna | AE26: Detectar | AF26: Confiable | AG26: Oportuna | AH26: Completa | AI26: =IF(COUNTBLANK(AB26:AH26)=7,"",IF($AB26="Asignado",15,0)+IF($AC26="Adecuado",15,0)+IF($AD26="Oportuna",15,0)+IF($AE26="Prevenir",15,0)+IF($AE26="Detectar",10,0)+IF($AF26="Confiable",15,0)+IF($AG26="Oportuna",15,0)+IF($AH26="Completa",10,0)+IF($AH26="Incompleta",5,0)) -> 95 | AJ26: =IF(COUNTBLANK(AB26:AH26)=7,"",IF($AI26<86,"Débil",IF($AI26<96,"Moderado","Fuerte"))) -> Moderado | AK26: Fuerte | AL26: =IFERROR(VLOOKUP(AJ26&AK26,Tabla_Controles!$B$56:$G$65,5,FALSE),"") -> Moderado | AM26: =IF($AL26="","",IF($AL26="Fuerte",100,IF($AL26="Moderado",50,0))) -> 50 | AV26: T2 | AW26: Implementar canal de recepción de denuncias de forma exclusiva | AX26: Canal de denuncias implementado | AY26: G. Asuntos Legales | AZ26: 45260 | BA26: 45291 | BC26: C2 | BG26: T7
B27: 10 | K27: CA_3 | L27: Temor a repercusiones en la estabilidad laboral | W27: C3 | X27: Verificación de denuncias realizadas a colaboradores de la empresa | Y27: El Gerente de Talento Humano verifica denuncias notificadas de hechos potenciales de corrupción interpuestas a colaboradores de la SAE, a fin de validar los hechos de las presuntas faltas cometidas, y las evidencias presentadas por el colaborador que se encuentra en la diligencia de descargos, garantizando siempre el debido proceso. Con base en el resultado de la investigación, se aplican los procesos disciplinarios y sanciones a las que haya lugar cuando aplique. | Z27: P-GT1-115 Procedimiento Disciplinario Laboral | AA27: G. Talento Humano | AB27: Asignado | AC27: Adecuado | AD27: Oportuna | AE27: Detectar | AF27: Confiable | AG27: Oportuna | AH27: Completa | AI27: =IF(COUNTBLANK(AB27:AH27)=7,"",IF($AB27="Asignado",15,0)+IF($AC27="Adecuado",15,0)+IF($AD27="Oportuna",15,0)+IF($AE27="Prevenir",15,0)+IF($AE27="Detectar",10,0)+IF($AF27="Confiable",15,0)+IF($AG27="Oportuna",15,0)+IF($AH27="Completa",10,0)+IF($AH27="Incompleta",5,0)) -> 95 | AJ27: =IF(COUNTBLANK(AB27:AH27)=7,"",IF($AI27<86,"Débil",IF($AI27<96,"Moderado","Fuerte"))) -> Moderado | AK27: Fuerte | AL27: =IFERROR(VLOOKUP(AJ27&AK27,Tabla_Controles!$B$56:$G$65,5,FALSE),"") -> Moderado | AM27: =IF($AL27="","",IF($AL27="Fuerte",100,IF($AL27="Moderado",50,0))) -> 50 | AV27: T3 | AW27: Realizar capacitación sobre los efectos penales en los que incurre los colaboradores de SAE | AX27: Listado de asistencia | AY27: G. Asuntos Legales | AZ27: 45260 | BA27: 45291 | BC27: C3 | BG27: T1
B28: 10 | K28: CA_4 | W28: C4 | AI28: =IF(COUNTBLANK(AB28:AH28)=7,"",IF($AB28="Asignado",15,0)+IF($AC28="Adecuado",15,0)+IF($AD28="Oportuna",15,0)+IF($AE28="Prevenir",15,0)+IF($AE28="Detectar",10,0)+IF($AF28="Confiable",15,0)+IF($AG28="Oportuna",15,0)+IF($AH28="Completa",10,0)+IF($AH28="Incompleta",5,0)) | AJ28: =IF(COUNTBLANK(AB28:AH28)=7,"",IF($AI28<86,"Débil",IF($AI28<96,"Moderado","Fuerte"))) | AL28: =IFERROR(VLOOKUP(AJ28&AK28,Tabla_Controles!$B$56:$G$65,5,FALSE),"") | AM28: =IF($AL28="","",IF($AL28="Fuerte",100,IF($AL28="Moderado",50,0))) | AV28: T4 | BC28: C4 | BG28: T2
B29: 10 | K29: CA_5 | W29: C5 | AI29: =IF(COUNTBLANK(AB29:AH29)=7,"",IF($AB29="Asignado",15,0)+IF($AC29="Adecuado",15,0)+IF($AD29="Oportuna",15,0)+IF($AE29="Prevenir",15,0)+IF($AE29="Detectar",10,0)+IF($AF29="Confiable",15,0)+IF($AG29="Oportuna",15,0)+IF($AH29="Completa",10,0)+IF($AH29="Incompleta",5,0)) | AJ29: =IF(COUNTBLANK(AB29:AH29)=7,"",IF($AI29<86,"Débil",IF($AI29<96,"Moderado","Fuerte"))) | AL29: =IFERROR(VLOOKUP(AJ29&AK29,Tabla_Controles!$B$56:$G$65,5,FALSE),"") | AM29: =IF($AL29="","",IF($AL29="Fuerte",100,IF($AL29="Moderado",50,0))) | AV29: T5 | BC29: C5 | BG29: T3
B30: 10 | K30: CA_6 | W30: C6 | AI30: =IF(COUNTBLANK(AB30:AH30)=7,"",IF($AB30="Asignado",15,0)+IF($AC30="Adecuado",15,0)+IF($AD30="Oportuna",15,0)+IF($AE30="Prevenir",15,0)+IF($AE30="Detectar",10,0)+IF($AF30="Confiable",15,0)+IF($AG30="Oportuna",15,0)+IF($AH30="Completa",10,0)+IF($AH30="Incompleta",5,0)) | AJ30: =IF(COUNTBLANK(AB30:AH30)=7,"",IF($AI30<86,"Débil",IF($AI30<96,"Moderado","Fuerte"))) | AL30: =IFERROR(VLOOKUP(AJ30&AK30,Tabla_Controles!$B$56:$G$65,5,FALSE),"") | AM30: =IF($AL30="","",IF($AL30="Fuerte",100,IF($AL30="Moderado",50,0))) | AV30: T6 | BC30: C6 | BG30: T4
B31: 10 | K31: CA_7 | W31: C7 | AI31: =IF(COUNTBLANK(AB31:AH31)=7,"",IF($AB31="Asignado",15,0)+IF($AC31="Adecuado",15,0)+IF($AD31="Oportuna",15,0)+IF($AE31="Prevenir",15,0)+IF($AE31="Detectar",10,0)+IF($AF31="Confiable",15,0)+IF($AG31="Oportuna",15,0)+IF($AH31="Completa",10,0)+IF($AH31="Incompleta",5,0)) | AJ31: =IF(COUNTBLANK(AB31:AH31)=7,"",IF($AI31<86,"Débil",IF($AI31<96,"Moderado","Fuerte"))) | AL31: =IFERROR(VLOOKUP(AJ31&AK31,Tabla_Controles!$B$56:$G$65,5,FALSE),"") | AM31: =IF($AL31="","",IF($AL31="Fuerte",100,IF($AL31="Moderado",50,0))) | AV31: T7 | BC31: C7 | BG31: T5
A32: =C32&COUNTIF($C$10:C32,C32) -> Corrupción4 | B32: 11 | C32: Corrupción | D32: Fraude interno | E32: Tecnología | F32: Seguridad de la Información | G32: Buscar que los principios de disponibilidad, integridad y confidencialidad de la información se cumplan por parte de los usuarios, proveedores, terceros y contratistas, así como realizar la gestión de riesgos periódicamente para mantener los activos de información protegidos | H32: Gestión de la información | I32: ="Posibilidad de recibir o solicitar cualquier dádiva o beneficio a nombre propio o de terceros, con el fin de "&J32 -> Posibilidad de recibir o solicitar cualquier dádiva o beneficio a nombre propio o de terceros, con el fin de dar uso indebido o ilícito de información confidencial, privilegiada o reservada relativa a los procesos que adelanta la SAE así como de sus sistemas de información | J32: dar uso indebido o ilícito de información confidencial, privilegiada o reservada relativa a los procesos que adelanta la SAE así como de sus sistemas de información | K32: CA_1 | L32: Posibles retrasos en la implementación completa de las políticas de accesibilidad y seguridad de la información en la entidad | M32: 1) Pérdida de imagen reputacional y credibilidad institucional 2) Implicaciones a nivel penal, disciplinario, fiscal o sancionatorio 3) Demandas de la ciudadanía | N32: Es viable que el evento ocurra en la mayoría de las circunstancias | O32: =IF(N32="","",IF(OR($N32=Tabla_Probabilidad!$D$20,$N32=Tabla_Probabilidad!$J$20),"Muy Baja",IF(OR($N32=Tabla_Probabilidad!$E$20,$N32=Tabla_Probabilidad!$K$20),"Baja",IF(OR($N32=Tabla_Probabilidad!$F$20,$N32=Tabla_Probabilidad!$L$20),"Media",IF(OR($N32=Tabla_Probabilidad!$G$20,$N32=Tabla_Probabilidad!$M$20),"Alta",IF(OR($N32=Tabla_Probabilidad!$H$20,$N32=Tabla_Probabilidad!$N$20),"Muy Alta")))))) -> Alta | P32: =IF(O32="Muy Baja",1,IF(O32="Baja",2,IF(O32="Media",3,IF(O32="Alta",4,IF(O32="Muy Alta",5,""))))) -> 4 | Q32: =IFERROR(IF($C32="Corrupción",HYPERLINK("#"&"Impacto_Riesgos!C"&MATCH($B32,Impacto_Riesgos!$B$10:$B$138,0)+9,"Calcula el impacto aquí"),"")," ") -> Calcula el impacto aquí | R32: =IFERROR(VLOOKUP(A32,Impacto_Riesgos!$A$8:$W$138,23,),"NA") -> 15 | S32: De doce (12) a diecinueve (19) respuestas afirmativas. Genera consecuencias desastrosas para la entidad | T32: =IF($S32='Tabla Impacto'!$F$10,"Moderado",IF($S32='Tabla Impacto'!$G$10,"Mayor",IF($S32='Tabla Impacto'!$H$10,"Catastrófico",""))) -> Catastrófico | U32: =IF(T32="Leve",1,IF(T32="Menor",2,IF(T32="Moderado",3,IF(T32="Mayor",4,IF(T32="Catastrófico",5,""))))) -> 5 | V32: =IF(OR(AND($O32="Muy Baja",T32="Leve"),AND($O32="Muy Baja",T32="Menor"),AND($O32="Baja",T32="Leve"),AND($O32="Baja",T32="Menor"),AND($O32="Media",T32="Leve")),"Bajo",IF(OR(AND($O32="Muy baja",T32="Moderado"),AND($O32="Baja",T32="Moderado"),AND($O32="Media",T32="Menor"),AND($O32="Alta",T32="Leve")),"Moderado",IF(OR(AND($O32="Muy Baja",T32="Mayor"),AND($O32="Baja",T32="Mayor"),AND($O32="Media",T32="Moderado"),AND($O32="Alta",T32="Menor"),AND($O32="Alta",T32="Moderado"),AND($O32="Muy Alta",T32="Leve"),AND($O32="Muy Alta",T32="Menor")),"Alto",IF(OR(AND($O32="Muy Baja",T32="Catastrófico"),AND($O32="Baja",T32="Catastrófico"),AND($O32="Media",T32="Mayor"),AND($O32="Media",T32="Catastrófico"),AND($O32="Alta",T32="Mayor"),AND($O32="Alta",T32="Catastrófico"),AND($O32="Muy Alta",T32="Moderado"),AND($O32="Muy Alta",T32="Mayor"),AND($O32="Muy Alta",T32="Catastrófico")),"Extremo","")))) -> Extremo | W32: C1 | X32: Control en la implementación del Sistema de Seguridad de la Información | Y32: El Profesional Especializado III (Oficial de Seguridad) verifica el estado de avance de la implementación del Sistema de Gestión de Seguridad de la Información para garantizar el cumplimiento de la norma a través de la aplicación de la matriz de seguimiento a la ISO 27001. En caso de evidenciar el fortalecimiento documental de las políticas de accesibilidad y seguridad lo informa oportunamente a la Oficina Asesora de Planeación. | Z32: NA | AA32: O. Gestión de la Información | AB32: Asignado | AC32: Adecuado | AD32: Oportuna | AE32: Prevenir | AF32: Confiable | AG32: Oportuna | AH32: Completa | AI32: =IF(COUNTBLANK(AB32:AH32)=7,"",IF($AB32="Asignado",15,0)+IF($AC32="Adecuado",15,0)+IF($AD32="Oportuna",15,0)+IF($AE32="Prevenir",15,0)+IF($AE32="Detectar",10,0)+IF($AF32="Confiable",15,0)+IF($AG32="Oportuna",15,0)+IF($AH32="Completa",10,0)+IF($AH32="Incompleta",5,0)) -> 100 | AJ32: =IF(COUNTBLANK(AB32:AH32)=7,"",IF($AI32<86,"Débil",IF($AI32<96,"Moderado","Fuerte"))) -> Fuerte | AK32: Fuerte | AL32: =IFERROR(VLOOKUP(AJ32&AK32,Tabla_Controles!$B$56:$G$65,5,FALSE),"") -> Fuerte | AM32: =IF($AL32="","",IF($AL32="Fuerte",100,IF($AL32="Moderado",50,0))) -> 100 | AN32: =IFERROR(AVERAGE(AM32:AM38),"") -> 70 | AO32: =IF($AN32=100,"Fuerte",IF($AN32<100,"Moderado",IF($AN32<50,"Débil",IF($AN32=0,"","")))) -> Moderado | AP32: Directamente | AQ32: =IFERROR(P32-VLOOKUP(AO32&AP32,Tabla_Controles!$B$77:$E$83,4,0),"") -> 3 | AR32: =IF($AQ32="","",IF($AQ32=1,"Muy Baja",IF($AQ32=2,"Baja",IF($AQ32=3,"Media",IF($AQ32=4,"Alta",IF($AQ32=5,"Muy Alta","Muy Baja")))))) -> Media | AS32: =T32 -> Catastrófico | AT32: =IF(OR(AND($AR32="Muy Baja",$AS32="Leve"),AND($AR32="Muy Baja",$AS32="Menor"),AND($AR32="Baja",$AS32="Leve"),AND($AR32="Baja",$AS32="Menor"),AND($AR32="Media",$AS32="Leve")),"Bajo",IF(OR(AND($AR32="Muy baja",$AS32="Moderado"),AND($AR32="Baja",$AS32="Moderado"),AND($AR32="Media",$AS32="Menor"),AND($AR32="Alta",$AS32="Leve")),"Moderado",IF(OR(AND($AR32="Muy Baja",$AS32="Mayor"),AND($AR32="Baja",$AS32="Mayor"),AND($AR32="Media",$AS32="Moderado"),AND($AR32="Alta",$AS32="Menor"),AND($AR32="Alta",$AS32="Moderado"),AND($AR32="Muy Alta",$AS32="Leve"),AND($AR32="Muy Alta",$AS32="Menor")),"Alto",IF(OR(AND($AR32="Muy Baja",$AS32="Catastrófico"),AND($AR32="Baja",$AS32="Catastrófico"),AND($AR32="Media",$AS32="Mayor"),AND($AR32="Media",$AS32="Catastrófico"),AND($AR32="Alta",$AS32="Mayor"),AND($AR32="Alta",$AS32="Catastrófico"),AND($AR32="Muy Alta",$AS32="Moderado"),AND($AR32="Muy Alta",$AS32="Mayor"),AND($AR32="Muy Alta",$AS32="Catastrófico")),"Extremo","")))) -> Extremo | AU32: Reducir (Mitigar) | AV32: T1 | AW32: Realizar capacitaciones sobre el uso adecuado de las TIC y seguridad de la información | AX32: Listados de asistencia | AY32: O. Gestión de la Información | AZ32: 45214 | BA32: 45291 | BB32: 1) Informar riesgo de corrupción detectado a la Oficina Asesora de Planeación, con el diseño del plan de tratamiento 2) Informar evento presentado a la Gerencia de Talento Humano 3) La Gerencia de Talento Humano realiza el proceso de investigación disciplinario 4) La Oficina Asesora de Planeación informa a Comité Directivo y de Control Interno posibles materializaciones de riesgos de Corrupción 5) Informar eventos presentados a entes de control con base en resultados de investigación disciplinaria 6) Implementar el plan de tratamiento de mitigación de riesgos diseñado para el evento presentado | BC32: C1 | BG32: T6
B33: 11 | K33: CA_2 | L33: No se tengan delimitados los permisos de usuarios en las plataformas tecnológicas | W33: C2 | X33: Control de Acceso a usuarios en Plataformas Tecnológicas | Y33: El Profesional Especializado III (Oficial de Seguridad) asigna, modifica o inactiva los permisos de seguridad en aplicativos a los perfiles de usuarios solicitados y aprobados por los lideres de procesos, verificando que se cuente con la validación de la Oficina Asesora de Planeación en el aplicativo de mesa de ayuda y revisando que el formato de solicitud cumpla con los criterios requeridos, dejando registro de este control en la matriz de seguridad de usuarios y perfiles por aplicativo. En caso de existir alguna inconsistencia en la información, devuelve la solicitud hasta cumplir los requerimiento para brindar los permisos requeridos. | Z33: P-TE4-094 Procedimiento Administración y Control de Acceso a Usuarios | AA33: O. Gestión de la Información | AB33: Asignado | AC33: Adecuado | AD33: Oportuna | AE33: Prevenir | AF33: Confiable | AG33: Oportuna | AH33: Completa | AI33: =IF(COUNTBLANK(AB33:AH33)=7,"",IF($AB33="Asignado",15,0)+IF($AC33="Adecuado",15,0)+IF($AD33="Oportuna",15,0)+IF($AE33="Prevenir",15,0)+IF($AE33="Detectar",10,0)+IF($AF33="Confiable",15,0)+IF($AG33="Oportuna",15,0)+IF($AH33="Completa",10,0)+IF($AH33="Incompleta",5,0)) -> 100 | AJ33: =IF(COUNTBLANK(AB33:AH33)=7,"",IF($AI33<86,"Débil",IF($AI33<96,"Moderado","Fuerte"))) -> Fuerte | AK33: Fuerte | AL33: =IFERROR(VLOOKUP(AJ33&AK33,Tabla_Controles!$B$56:$G$65,5,FALSE),"") -> Fuerte | AM33: =IF($AL33="","",IF($AL33="Fuerte",100,IF($AL33="Moderado",50,0))) -> 100 | AV33: T2 | AW33: NA | AX33: NA | AY33: NA | AZ33: NA | BA33: NA | BC33: C2 | BG33: T7
B34: 11 | K34: CA_3 | L34: Deficiencia en el rendimiento de los sistemas de información | W34: C3 | X34: Verificación de diagnósticos de herramientas de monitoreo de infraestructura tecnológica | Y34: El profesional delegado de la Oficina de Gestión de la información verifica los resultados de las herramientas de monitoreo de la infraestructura tecnológica de SAE y realiza seguimiento al rendimiento de los activos de la información de la Entidad (Redes, Sistemas, Servidores, Aplicaciones,entre otros) a partir de informes automáticos del uso de recursos de la infraestructura y diagnósticos de componentes defectuosos, en tiempo real desde la herramientas. En caso de evidenciarse alguna falla en la infraestructura tecnológica se toman los correctivos según sea el caso. | Z34: P-TE1-203 Procedimiento de Monitoreo de la infraestructura Tecnológica | AA34: O. Gestión de la Información | AB34: Asignado | AC34: Adecuado | AD34: Oportuna | AE34: Detectar | AF34: Confiable | AG34: Oportuna | AH34: Completa | AI34: =IF(COUNTBLANK(AB34:AH34)=7,"",IF($AB34="Asignado",15,0)+IF($AC34="Adecuado",15,0)+IF($AD34="Oportuna",15,0)+IF($AE34="Prevenir",15,0)+IF($AE34="Detectar",10,0)+IF($AF34="Confiable",15,0)+IF($AG34="Oportuna",15,0)+IF($AH34="Completa",10,0)+IF($AH34="Incompleta",5,0)) -> 95 | AJ34: =IF(COUNTBLANK(AB34:AH34)=7,"",IF($AI34<86,"Débil",IF($AI34<96,"Moderado","Fuerte"))) -> Moderado | AK34: Fuerte | AL34: =IFERROR(VLOOKUP(AJ34&AK34,Tabla_Controles!$B$56:$G$65,5,FALSE),"") -> Moderado | AM34: =IF($AL34="","",IF($AL34="Fuerte",100,IF($AL34="Moderado",50,0))) -> 50 | AV34: T3 | AW34: NA | AX34: NA | AY34: NA | AZ34: NA | BA34: NA | BC34: C3 | BG34: T1
B35: 11 | K35: CA_4 | L35: Existencia de vulnerabilidades de seguridad de la información en los sistemas de información | W35: C4 | X35: Monitoreo automatizado de Seguridad de la Información | Y35: El Sistema de Seguridad de la Información - PC Secure constata que el flujo de información en tránsito sea seguro, detecta que no existan códigos maliciosos y brinda protección contra pérdidas o robo de la información, a través de reportes automáticos, eliminación de códigos maliciosos y puesta en cuarentena de archivos que atenten contra la seguridad de la Entidad. | Z35: P-TE1-203 Procedimiento de Monitoreo de la infraestructura Tecnológica | AA35: O. Gestión de la Información | AB35: Asignado | AC35: Adecuado | AD35: Oportuna | AE35: Detectar | AF35: Confiable | AG35: Oportuna | AH35: Completa | AI35: =IF(COUNTBLANK(AB35:AH35)=7,"",IF($AB35="Asignado",15,0)+IF($AC35="Adecuado",15,0)+IF($AD35="Oportuna",15,0)+IF($AE35="Prevenir",15,0)+IF($AE35="Detectar",10,0)+IF($AF35="Confiable",15,0)+IF($AG35="Oportuna",15,0)+IF($AH35="Completa",10,0)+IF($AH35="Incompleta",5,0)) -> 95 | AJ35: =IF(COUNTBLANK(AB35:AH35)=7,"",IF($AI35<86,"Débil",IF($AI35<96,"Moderado","Fuerte"))) -> Moderado | AK35: Fuerte | AL35: =IFERROR(VLOOKUP(AJ35&AK35,Tabla_Controles!$B$56:$G$65,5,FALSE),"") -> Moderado | AM35: =IF($AL35="","",IF($AL35="Fuerte",100,IF($AL35="Moderado",50,0))) -> 50 | AV35: T4 | AW35: NA | AX35: NA | AY35: NA | AZ35: NA | BA35: NA | BC35: C4 | BG35: T2
B36: 11 | K36: CA_5 | L36: Daños o fallas en los sistemas de información | W36: C5 | X36: Atención y soporte de incidencias tecnológicas | Y36: El profesional de la mesa de ayuda de la Oficina de Gestión de la Información verifica las solicitudes o incidencias que afectan los Sistemas de Información validando las situaciones presentadas y expuestas por parte de los funcionarios, a fin de brindar soluciones correctivas o de mantenimiento evolutivo a partir de la base de conocimientos de la mesa de ayuda. | Z36: P-TE3-150 Procedimiento Mantenimiento y Soporte de Aplicaciones | AA36: O. Gestión de la Información | AB36: Asignado | AC36: Adecuado | AD36: Oportuna | AE36: Detectar | AF36: Confiable | AG36: Oportuna | AH36: Completa | AI36: =IF(COUNTBLANK(AB36:AH36)=7,"",IF($AB36="Asignado",15,0)+IF($AC36="Adecuado",15,0)+IF($AD36="Oportuna",15,0)+IF($AE36="Prevenir",15,0)+IF($AE36="Detectar",10,0)+IF($AF36="Confiable",15,0)+IF($AG36="Oportuna",15,0)+IF($AH36="Completa",10,0)+IF($AH36="Incompleta",5,0)) -> 95 | AJ36: =IF(COUNTBLANK(AB36:AH36)=7,"",IF($AI36<86,"Débil",IF($AI36<96,"Moderado","Fuerte"))) -> Moderado | AK36: Fuerte | AL36: =IFERROR(VLOOKUP(AJ36&AK36,Tabla_Controles!$B$56:$G$65,5,FALSE),"") -> Moderado | AM36: =IF($AL36="","",IF($AL36="Fuerte",100,IF($AL36="Moderado",50,0))) -> 50 | AV36: T5 | AW36: NA | AX36: NA | AY36: NA | AZ36: NA | BA36: NA | BC36: C5 | BG36: T3
B37: 11 | K37: CA_6 | W37: C6 | AI37: =IF(COUNTBLANK(AB37:AH37)=7,"",IF($AB37="Asignado",15,0)+IF($AC37="Adecuado",15,0)+IF($AD37="Oportuna",15,0)+IF($AE37="Prevenir",15,0)+IF($AE37="Detectar",10,0)+IF($AF37="Confiable",15,0)+IF($AG37="Oportuna",15,0)+IF($AH37="Completa",10,0)+IF($AH37="Incompleta",5,0)) | AJ37: =IF(COUNTBLANK(AB37:AH37)=7,"",IF($AI37<86,"Débil",IF($AI37<96,"Moderado","Fuerte"))) | AL37: =IFERROR(VLOOKUP(AJ37&AK37,Tabla_Controles!$B$56:$G$65,5,FALSE),"") | AM37: =IF($AL37="","",IF($AL37="Fuerte",100,IF($AL37="Moderado",50,0))) | AV37: T6 | BC37: C6 | BG37: T4
B38: 11 | K38: CA_7 | W38: C7 | AI38: =IF(COUNTBLANK(AB38:AH38)=7,"",IF($AB38="Asignado",15,0)+IF($AC38="Adecuado",15,0)+IF($AD38="Oportuna",15,0)+IF($AE38="Prevenir",15,0)+IF($AE38="Detectar",10,0)+IF($AF38="Confiable",15,0)+IF($AG38="Oportuna",15,0)+IF($AH38="Completa",10,0)+IF($AH38="Incompleta",5,0)) | AJ38: =IF(COUNTBLANK(AB38:AH38)=7,"",IF($AI38<86,"Débil",IF($AI38<96,"Moderado","Fuerte"))) | AL38: =IFERROR(VLOOKUP(AJ38&AK38,Tabla_Controles!$B$56:$G$65,5,FALSE),"") | AM38: =IF($AL38="","",IF($AL38="Fuerte",100,IF($AL38="Moderado",50,0))) | AV38: T7 | BC38: C7 | BG38: T5
A39: =C39&COUNTIF($C$10:C39,C39) -> Corrupción5 | B39: 13 | C39: Corrupción | D39: Fraude interno | E39: Disposición_Temporal | F39: Administración directa | G39: Generar productividad en los bienes muebles e inmuebles de administración directa por medio de la suscripción de contratos y el seguimiento de arrendamiento para ser administrados directamente o por medio de depositarios | H39: Administración directa de activos | I39: ="Posibilidad de recibir o solicitar cualquier dádiva o beneficio a nombre propio o de terceros, con el fin de "&J39 -> Posibilidad de recibir o solicitar cualquier dádiva o beneficio a nombre propio o de terceros, con el fin de favorecer a terceros para que de manera ilegal se apropien de activos del estado. | J39: favorecer a terceros para que de manera ilegal se apropien de activos del estado. | K39: CA_1 | L39: Ineficacia de los controles definidos en la inspección de bienes | M39: 1) Pérdida de imagen reputacional y credibilidad institucional 2) Implicaciones a nivel penal, disciplinario, fiscal o sancionatorio 3) Demandas de la ciudadanía 4) Favorecimiento del Sistema de Valor del Narcotráfico 5) Dificultad administrativa, operativa y comercial para la administración de los activos 6) Altos costos operacionales de administración de activos | N39: El evento podrá ocurrir en algún momento | O39: =IF(N39="","",IF(OR($N39=Tabla_Probabilidad!$D$20,$N39=Tabla_Probabilidad!$J$20),"Muy Baja",IF(OR($N39=Tabla_Probabilidad!$E$20,$N39=Tabla_Probabilidad!$K$20),"Baja",IF(OR($N39=Tabla_Probabilidad!$F$20,$N39=Tabla_Probabilidad!$L$20),"Media",IF(OR($N39=Tabla_Probabilidad!$G$20,$N39=Tabla_Probabilidad!$M$20),"Alta",IF(OR($N39=Tabla_Probabilidad!$H$20,$N39=Tabla_Probabilidad!$N$20),"Muy Alta")))))) -> Media | P39: =IF(O39="Muy Baja",1,IF(O39="Baja",2,IF(O39="Media",3,IF(O39="Alta",4,IF(O39="Muy Alta",5,""))))) -> 3 | Q39: =IFERROR(IF($C39="Corrupción",HYPERLINK("#"&"Impacto_Riesgos!C"&MATCH($B39,Impacto_Riesgos!$B$10:$B$138,0)+9,"Calcula el impacto aquí"),"")," ") -> Calcula el impacto aquí | R39: =IFERROR(VLOOKUP(A39,Impacto_Riesgos!$A$8:$W$138,23,),"NA") -> 15 | S39: De doce (12) a diecinueve (19) respuestas afirmativas. Genera consecuencias desastrosas para la entidad | T39: =IF($S39='Tabla Impacto'!$F$10,"Moderado",IF($S39='Tabla Impacto'!$G$10,"Mayor",IF($S39='Tabla Impacto'!$H$10,"Catastrófico",""))) -> Catastrófico | U39: =IF(T39="Leve",1,IF(T39="Menor",2,IF(T39="Moderado",3,IF(T39="Mayor",4,IF(T39="Catastrófico",5,""))))) -> 5 | V39: =IF(OR(AND($O39="Muy Baja",T39="Leve"),AND($O39="Muy Baja",T39="Menor"),AND($O39="Baja",T39="Leve"),AND($O39="Baja",T39="Menor"),AND($O39="Media",T39="Leve")),"Bajo",IF(OR(AND($O39="Muy baja",T39="Moderado"),AND($O39="Baja",T39="Moderado"),AND($O39="Media",T39="Menor"),AND($O39="Alta",T39="Leve")),"Moderado",IF(OR(AND($O39="Muy Baja",T39="Mayor"),AND($O39="Baja",T39="Mayor"),AND($O39="Media",T39="Moderado"),AND($O39="Alta",T39="Menor"),AND($O39="Alta",T39="Moderado"),AND($O39="Muy Alta",T39="Leve"),AND($O39="Muy Alta",T39="Menor")),"Alto",IF(OR(AND($O39="Muy Baja",T39="Catastrófico"),AND($O39="Baja",T39="Catastrófico"),AND($O39="Media",T39="Mayor"),AND($O39="Media",T39="Catastrófico"),AND($O39="Alta",T39="Mayor"),AND($O39="Alta",T39="Catastrófico"),AND($O39="Muy Alta",T39="Moderado"),AND($O39="Muy Alta",T39="Mayor"),AND($O39="Muy Alta",T39="Catastrófico")),"Extremo","")))) -> Extremo | W39: C1 | X39: Verificación de estados de ocupación de Inmuebles | Y39: El Coordinador Operativo de las Gerencias Regionales verifica el estado de ocupación, uso, estado de conservación y novedades sobre los bienes inmuebles del portafolio de SAE que se encuentran en su región, cada vez que sea requerido, mediante visitas de inspección (Informes de visitas), mesas de trabajo con los depositarios (Actas), y/o diagnóstico de bienes (Formato diligenciado) realizadas por los profesionales delegados. En caso de presentarse inconsistencias, lo informará oportunamente según los procedimientos establecidos. | Z39: NA | AA39: G. Regionales | AB39: Asignado | AC39: Adecuado | AD39: Oportuna | AE39: Detectar | AF39: Confiable | AG39: Oportuna | AH39: Completa | AI39: =IF(COUNTBLANK(AB39:AH39)=7,"",IF($AB39="Asignado",15,0)+IF($AC39="Adecuado",15,0)+IF($AD39="Oportuna",15,0)+IF($AE39="Prevenir",15,0)+IF($AE39="Detectar",10,0)+IF($AF39="Confiable",15,0)+IF($AG39="Oportuna",15,0)+IF($AH39="Completa",10,0)+IF($AH39="Incompleta",5,0)) -> 95 | AJ39: =IF(COUNTBLANK(AB39:AH39)=7,"",IF($AI39<86,"Débil",IF($AI39<96,"Moderado","Fuerte"))) -> Moderado | AK39: Fuerte | AL39: =IFERROR(VLOOKUP(AJ39&AK39,Tabla_Controles!$B$56:$G$65,5,FALSE),"") -> Moderado | AM39: =IF($AL39="","",IF($AL39="Fuerte",100,IF($AL39="Moderado",50,0))) -> 50 | AN39: =IFERROR(AVERAGE(AM39:AM45),"") -> 50 | AO39: =IF($AN39=100,"Fuerte",IF($AN39<100,"Moderado",IF($AN39<50,"Débil",IF($AN39=0,"","")))) -> Moderado | AP39: Directamente | AQ39: =IFERROR(P39-VLOOKUP(AO39&AP39,Tabla_Controles!$B$77:$E$83,4,0),"") -> 2 | AR39: =IF($AQ39="","",IF($AQ39=1,"Muy Baja",IF($AQ39=2,"Baja",IF($AQ39=3,"Media",IF($AQ39=4,"Alta",IF($AQ39=5,"Muy Alta","Muy Baja")))))) -> Baja | AS39: =T39 -> Catastrófico | AT39: =IF(OR(AND($AR39="Muy Baja",$AS39="Leve"),AND($AR39="Muy Baja",$AS39="Menor"),AND($AR39="Baja",$AS39="Leve"),AND($AR39="Baja",$AS39="Menor"),AND($AR39="Media",$AS39="Leve")),"Bajo",IF(OR(AND($AR39="Muy baja",$AS39="Moderado"),AND($AR39="Baja",$AS39="Moderado"),AND($AR39="Media",$AS39="Menor"),AND($AR39="Alta",$AS39="Leve")),"Moderado",IF(OR(AND($AR39="Muy Baja",$AS39="Mayor"),AND($AR39="Baja",$AS39="Mayor"),AND($AR39="Media",$AS39="Moderado"),AND($AR39="Alta",$AS39="Menor"),AND($AR39="Alta",$AS39="Moderado"),AND($AR39="Muy Alta",$AS39="Leve"),AND($AR39="Muy Alta",$AS39="Menor")),"Alto",IF(OR(AND($AR39="Muy Baja",$AS39="Catastrófico"),AND($AR39="Baja",$AS39="Catastrófico"),AND($AR39="Media",$AS39="Mayor"),AND($AR39="Media",$AS39="Catastrófico"),AND($AR39="Alta",$AS39="Mayor"),AND($AR39="Alta",$AS39="Catastrófico"),AND($AR39="Muy Alta",$AS39="Moderado"),AND($AR39="Muy Alta",$AS39="Mayor"),AND($AR39="Muy Alta",$AS39="Catastrófico")),"Extremo","")))) -> Extremo | AU39: Reducir (Mitigar) | AV39: T1 | AW39: NA | AX39: NA | AY39: NA | AZ39: NA | BA39: NA | BB39: 1) Informar riesgo de corrupción detectado a la Oficina Asesora de Planeación, con el diseño del plan de tratamiento 2) Informar evento presentado a la Gerencia de Talento Humano 3) La Gerencia de Talento Humano realiza el proceso de investigación disciplinario 4) La Oficina Asesora de Planeación informa a Comité Directivo y de Control Interno posibles materializaciones de riesgos de Corrupción 5) Informar eventos presentados a entes de control con base en resultados de investigación disciplinaria 6) Implementar el plan de tratamiento de mitigación de riesgos diseñado para el evento presentado | BC39: C1 | BG39: T6
B40: 13 | K40: CA_2 | L40: Desconocimiento del patrimonio del personal que labora en la Entidad | W40: C2 | X40: Control de Reporte de Bienes y Rentas de Colaboradores | Y40: El Gerente de Talento Humano anualmente solicita y verifica que todos los servidores de SAE, realicen el reporte de bienes y rentas, asegurando la publicación en el aplicativo SIGEP . En caso de no obtener este reporte, el delegado de la Gerencia de Talento Humano reitera la solicitud. | Z40: NA | AA40: G. Talento Humano | AB40: Asignado | AC40: Adecuado | AD40: Oportuna | AE40: Detectar | AF40: Confiable | AG40: Oportuna | AH40: Completa | AI40: =IF(COUNTBLANK(AB40:AH40)=7,"",IF($AB40="Asignado",15,0)+IF($AC40="Adecuado",15,0)+IF($AD40="Oportuna",15,0)+IF($AE40="Prevenir",15,0)+IF($AE40="Detectar",10,0)+IF($AF40="Confiable",15,0)+IF($AG40="Oportuna",15,0)+IF($AH40="Completa",10,0)+IF($AH40="Incompleta",5,0)) -> 95 | AJ40: =IF(COUNTBLANK(AB40:AH40)=7,"",IF($AI40<86,"Débil",IF($AI40<96,"Moderado","Fuerte"))) -> Moderado | AK40: Moderado | AL40: =IFERROR(VLOOKUP(AJ40&AK40,Tabla_Controles!$B$56:$G$65,5,FALSE),"") -> Moderado | AM40: =IF($AL40="","",IF($AL40="Fuerte",100,IF($AL40="Moderado",50,0))) -> 50 | AV40: T2 | AW40: Realizar capacitación sobre el código de ética y los efectos disciplinarios que conllevan actos inapropiados por parte de los Funcionarios de la SAE | AX40: Listado de asistencia | AY40: G. Talento Humano | AZ40: 45107 | BA40: 45122 | BC40: C2 | BG40: T7
B41: 13 | K41: CA_3 | W41: C3 | AI41: =IF(COUNTBLANK(AB41:AH41)=7,"",IF($AB41="Asignado",15,0)+IF($AC41="Adecuado",15,0)+IF($AD41="Oportuna",15,0)+IF($AE41="Prevenir",15,0)+IF($AE41="Detectar",10,0)+IF($AF41="Confiable",15,0)+IF($AG41="Oportuna",15,0)+IF($AH41="Completa",10,0)+IF($AH41="Incompleta",5,0)) | AJ41: =IF(COUNTBLANK(AB41:AH41)=7,"",IF($AI41<86,"Débil",IF($AI41<96,"Moderado","Fuerte"))) | AL41: =IFERROR(VLOOKUP(AJ41&AK41,Tabla_Controles!$B$56:$G$65,5,FALSE),"") | AM41: =IF($AL41="","",IF($AL41="Fuerte",100,IF($AL41="Moderado",50,0))) | AV41: T3 | BC41: C3 | BG41: T1
B42: 13 | K42: CA_4 | W42: C4 | AI42: =IF(COUNTBLANK(AB42:AH42)=7,"",IF($AB42="Asignado",15,0)+IF($AC42="Adecuado",15,0)+IF($AD42="Oportuna",15,0)+IF($AE42="Prevenir",15,0)+IF($AE42="Detectar",10,0)+IF($AF42="Confiable",15,0)+IF($AG42="Oportuna",15,0)+IF($AH42="Completa",10,0)+IF($AH42="Incompleta",5,0)) | AJ42: =IF(COUNTBLANK(AB42:AH42)=7,"",IF($AI42<86,"Débil",IF($AI42<96,"Moderado","Fuerte"))) | AL42: =IFERROR(VLOOKUP(AJ42&AK42,Tabla_Controles!$B$56:$G$65,5,FALSE),"") | AM42: =IF($AL42="","",IF($AL42="Fuerte",100,IF($AL42="Moderado",50,0))) | AV42: T4 | BC42: C4 | BG42: T2
B43: 13 | K43: CA_5 | W43: C5 | AI43: =IF(COUNTBLANK(AB43:AH43)=7,"",IF($AB43="Asignado",15,0)+IF($AC43="Adecuado",15,0)+IF($AD43="Oportuna",15,0)+IF($AE43="Prevenir",15,0)+IF($AE43="Detectar",10,0)+IF($AF43="Confiable",15,0)+IF($AG43="Oportuna",15,0)+IF($AH43="Completa",10,0)+IF($AH43="Incompleta",5,0)) | AJ43: =IF(COUNTBLANK(AB43:AH43)=7,"",IF($AI43<86,"Débil",IF($AI43<96,"Moderado","Fuerte"))) | AL43: =IFERROR(VLOOKUP(AJ43&AK43,Tabla_Controles!$B$56:$G$65,5,FALSE),"") | AM43: =IF($AL43="","",IF($AL43="Fuerte",100,IF($AL43="Moderado",50,0))) | AV43: T5 | BC43: C5 | BG43: T3
B44: 13 | K44: CA_6 | W44: C6 | AI44: =IF(COUNTBLANK(AB44:AH44)=7,"",IF($AB44="Asignado",15,0)+IF($AC44="Adecuado",15,0)+IF($AD44="Oportuna",15,0)+IF($AE44="Prevenir",15,0)+IF($AE44="Detectar",10,0)+IF($AF44="Confiable",15,0)+IF($AG44="Oportuna",15,0)+IF($AH44="Completa",10,0)+IF($AH44="Incompleta",5,0)) | AJ44: =IF(COUNTBLANK(AB44:AH44)=7,"",IF($AI44<86,"Débil",IF($AI44<96,"Moderado","Fuerte"))) | AL44: =IFERROR(VLOOKUP(AJ44&AK44,Tabla_Controles!$B$56:$G$65,5,FALSE),"") | AM44: =IF($AL44="","",IF($AL44="Fuerte",100,IF($AL44="Moderado",50,0))) | AV44: T6 | BC44: C6 | BG44: T4
B45: 13 | K45: CA_7 | W45: C7 | AI45: =IF(COUNTBLANK(AB45:AH45)=7,"",IF($AB45="Asignado",15,0)+IF($AC45="Adecuado",15,0)+IF($AD45="Oportuna",15,0)+IF($AE45="Prevenir",15,0)+IF($AE45="Detectar",10,0)+IF($AF45="Confiable",15,0)+IF($AG45="Oportuna",15,0)+IF($AH45="Completa",10,0)+IF($AH45="Incompleta",5,0)) | AJ45: =IF(COUNTBLANK(AB45:AH45)=7,"",IF($AI45<86,"Débil",IF($AI45<96,"Moderado","Fuerte"))) | AL45: =IFERROR(VLOOKUP(AJ45&AK45,Tabla_Controles!$B$56:$G$65,5,FALSE),"") | AM45: =IF($AL45="","",IF($AL45="Fuerte",100,IF($AL45="Moderado",50,0))) | AV45: T7 | BC45: C7 | BG45: T5
A46: =C46&COUNTIF($C$10:C46,C46) -> Corrupción6 | B46: 128 | C46: Corrupción | D46: Fraude interno | E46: Evaluación_Control | F46: Ejecución y Seguimiento | G46: Evaluar, hacer seguimiento, asesorar y/o acompañar a la gestión de los procesos de la SAE y los solicitados por los entes de control | H46: Auditorías Internas | I46: ="Posibilidad de recibir o solicitar cualquier dádiva o beneficio a nombre propio o de terceros, con el fin de "&J46 -> Posibilidad de recibir o solicitar cualquier dádiva o beneficio a nombre propio o de terceros, con el fin de manipular o direccionar información procesada o generada en el marco de la actividad de la auditoría interna. | J46: manipular o direccionar información procesada o generada en el marco de la actividad de la auditoría interna. | K46: CA_1 | L46: Relacionamiento personal de los auditores con los auditados | M46: 1) Toma de decisiones de la Alta Dirección equivocadas o no acordes con la realidad institucional 2) Vulneración del principio de confidencialidad 3) Favorecimiento o perjuicio a los auditados 4) Afectación de la imagen de la Oficina de Consotrl Interno | N46: El evento puede ocurrir en algún momento | O46: =IF(N46="","",IF(OR($N46=Tabla_Probabilidad!$D$20,$N46=Tabla_Probabilidad!$J$20),"Muy Baja",IF(OR($N46=Tabla_Probabilidad!$E$20,$N46=Tabla_Probabilidad!$K$20),"Baja",IF(OR($N46=Tabla_Probabilidad!$F$20,$N46=Tabla_Probabilidad!$L$20),"Media",IF(OR($N46=Tabla_Probabilidad!$G$20,$N46=Tabla_Probabilidad!$M$20),"Alta",IF(OR($N46=Tabla_Probabilidad!$H$20,$N46=Tabla_Probabilidad!$N$20),"Muy Alta")))))) -> Baja | P46: =IF(O46="Muy Baja",1,IF(O46="Baja",2,IF(O46="Media",3,IF(O46="Alta",4,IF(O46="Muy Alta",5,""))))) -> 2 | Q46: =IFERROR(IF($C46="Corrupción",HYPERLINK("#"&"Impacto_Riesgos!C"&MATCH($B46,Impacto_Riesgos!$B$10:$B$138,0)+9,"Calcula el impacto aquí"),"")," ") -> Calcula el impacto aquí | R46: =IFERROR(VLOOKUP(A46,Impacto_Riesgos!$A$8:$W$138,23,),"NA") -> 15 | S46: De doce (12) a diecinueve (19) respuestas afirmativas. Genera consecuencias desastrosas para la entidad | T46: =IF($S46='Tabla Impacto'!$F$10,"Moderado",IF($S46='Tabla Impacto'!$G$10,"Mayor",IF($S46='Tabla Impacto'!$H$10,"Catastrófico",""))) -> Catastrófico | U46: =IF(T46="Leve",1,IF(T46="Menor",2,IF(T46="Moderado",3,IF(T46="Mayor",4,IF(T46="Catastrófico",5,""))))) -> 5 | V46: =IF(OR(AND($O46="Muy Baja",T46="Leve"),AND($O46="Muy Baja",T46="Menor"),AND($O46="Baja",T46="Leve"),AND($O46="Baja",T46="Menor"),AND($O46="Media",T46="Leve")),"Bajo",IF(OR(AND($O46="Muy baja",T46="Moderado"),AND($O46="Baja",T46="Moderado"),AND($O46="Media",T46="Menor"),AND($O46="Alta",T46="Leve")),"Moderado",IF(OR(AND($O46="Muy Baja",T46="Mayor"),AND($O46="Baja",T46="Mayor"),AND($O46="Media",T46="Moderado"),AND($O46="Alta",T46="Menor"),AND($O46="Alta",T46="Moderado"),AND($O46="Muy Alta",T46="Leve"),AND($O46="Muy Alta",T46="Menor")),"Alto",IF(OR(AND($O46="Muy Baja",T46="Catastrófico"),AND($O46="Baja",T46="Catastrófico"),AND($O46="Media",T46="Mayor"),AND($O46="Media",T46="Catastrófico"),AND($O46="Alta",T46="Mayor"),AND($O46="Alta",T46="Catastrófico"),AND($O46="Muy Alta",T46="Moderado"),AND($O46="Muy Alta",T46="Mayor"),AND($O46="Muy Alta",T46="Catastrófico")),"Extremo","")))) -> Extremo | W46: C1 | X46: Verificación Conflictos de Interés de Auditores | Y46: El Jefe de la Oficina de Control Interno valida que todos los auditores de la oficina no tengan conflictos de interés con los auditados y se comprometan a cumplir el código de ética en el ejercicio a realizar en cada auditoría interna de gestión a través de la suscripción del documento "Manifestación expresa de aceptación individual de los auditores - Código de ética de los auditores internos SAE SAS) | Z46: Código de Étiica de los Auditores Internos | AA46: O. Control Interno | AB46: Asignado | AC46: Adecuado | AD46: Oportuna | AE46: Prevenir | AF46: Confiable | AG46: Oportuna | AH46: Completa | AI46: =IF(COUNTBLANK(AB46:AH46)=7,"",IF($AB46="Asignado",15,0)+IF($AC46="Adecuado",15,0)+IF($AD46="Oportuna",15,0)+IF($AE46="Prevenir",15,0)+IF($AE46="Detectar",10,0)+IF($AF46="Confiable",15,0)+IF($AG46="Oportuna",15,0)+IF($AH46="Completa",10,0)+IF($AH46="Incompleta",5,0)) -> 100 | AJ46: =IF(COUNTBLANK(AB46:AH46)=7,"",IF($AI46<86,"Débil",IF($AI46<96,"Moderado","Fuerte"))) -> Fuerte | AK46: Fuerte | AL46: =IFERROR(VLOOKUP(AJ46&AK46,Tabla_Controles!$B$56:$G$65,5,FALSE),"") -> Fuerte | AM46: =IF($AL46="","",IF($AL46="Fuerte",100,IF($AL46="Moderado",50,0))) -> 100 | AN46: =IFERROR(AVERAGE(AM46:AM52),"") -> 75 | AO46: =IF($AN46=100,"Fuerte",IF($AN46<100,"Moderado",IF($AN46<50,"Débil",IF($AN46=0,"","")))) -> Moderado | AP46: Directamente | AQ46: =IFERROR(P46-VLOOKUP(AO46&AP46,Tabla_Controles!$B$77:$E$83,4,0),"") -> 1 | AR46: =IF($AQ46="","",IF($AQ46=1,"Muy Baja",IF($AQ46=2,"Baja",IF($AQ46=3,"Media",IF($AQ46=4,"Alta",IF($AQ46=5,"Muy Alta","Muy Baja")))))) -> Muy Baja | AS46: =T46 -> Catastrófico | AT46: =IF(OR(AND($AR46="Muy Baja",$AS46="Leve"),AND($AR46="Muy Baja",$AS46="Menor"),AND($AR46="Baja",$AS46="Leve"),AND($AR46="Baja",$AS46="Menor"),AND($AR46="Media",$AS46="Leve")),"Bajo",IF(OR(AND($AR46="Muy baja",$AS46="Moderado"),AND($AR46="Baja",$AS46="Moderado"),AND($AR46="Media",$AS46="Menor"),AND($AR46="Alta",$AS46="Leve")),"Moderado",IF(OR(AND($AR46="Muy Baja",$AS46="Mayor"),AND($AR46="Baja",$AS46="Mayor"),AND($AR46="Media",$AS46="Moderado"),AND($AR46="Alta",$AS46="Menor"),AND($AR46="Alta",$AS46="Moderado"),AND($AR46="Muy Alta",$AS46="Leve"),AND($AR46="Muy Alta",$AS46="Menor")),"Alto",IF(OR(AND($AR46="Muy Baja",$AS46="Catastrófico"),AND($AR46="Baja",$AS46="Catastrófico"),AND($AR46="Media",$AS46="Mayor"),AND($AR46="Media",$AS46="Catastrófico"),AND($AR46="Alta",$AS46="Mayor"),AND($AR46="Alta",$AS46="Catastrófico"),AND($AR46="Muy Alta",$AS46="Moderado"),AND($AR46="Muy Alta",$AS46="Mayor"),AND($AR46="Muy Alta",$AS46="Catastrófico")),"Extremo","")))) -> Extremo | AU46: Reducir (Mitigar) | AV46: T1 | AW46: NA | AX46: NA | AY46: NA | AZ46: NA | BA46: NA | BB46: 1) Informar riesgo de corrupción detectado a la Oficina Asesora de Planeación, con el diseño del plan de tratamiento 2) Informar evento presentado a la Gerencia de Talento Humano 3) La Gerencia de Talento Humano realiza el proceso de investigación disciplinario 4) La Oficina Asesora de Planeación informa a Comité Directivo y de Control Interno posibles materializaciones de riesgos de Corrupción 5) Informar eventos presentados a entes de control con base en resultados de investigación disciplinaria 6) Implementar el plan de tratamiento de mitigación de riesgos diseñado para el evento presentado | BC46: C1 | BG46: T6
B47: 128 | K47: CA_2 | L47: Revisión de la información generada en el proceso de auditoría de manera descentralizada | W47: C2 | X47: Revisión de Informe de Auditoría en Mesa de Trabajo de la Oficina de Control Interno | Y47: El equipo de la Oficina de Control Interno revisa y verifica los resultados de la auditoría expuestas por el equipo auditor y las observaciones presentadas por las áreas, con el fin de determinar y decidir los resultados del informe final de auditoría con base en los criterios de evaluación establecidos para la auditoría. En caso de requerirse ajustes sobre el informe final de auditoría, se solicitan al equipo auditor. | Z47: P-EC2-156 Procedimiento para ejecutar auditorías internas | AA47: O. Control Interno | AB47: Asignado | AC47: Adecuado | AD47: Oportuna | AE47: Detectar | AF47: Confiable | AG47: Oportuna | AH47: Completa | AI47: =IF(COUNTBLANK(AB47:AH47)=7,"",IF($AB47="Asignado",15,0)+IF($AC47="Adecuado",15,0)+IF($AD47="Oportuna",15,0)+IF($AE47="Prevenir",15,0)+IF($AE47="Detectar",10,0)+IF($AF47="Confiable",15,0)+IF($AG47="Oportuna",15,0)+IF($AH47="Completa",10,0)+IF($AH47="Incompleta",5,0)) -> 95 | AJ47: =IF(COUNTBLANK(AB47:AH47)=7,"",IF($AI47<86,"Débil",IF($AI47<96,"Moderado","Fuerte"))) -> Moderado | AK47: Fuerte | AL47: =IFERROR(VLOOKUP(AJ47&AK47,Tabla_Controles!$B$56:$G$65,5,FALSE),"") -> Moderado | AM47: =IF($AL47="","",IF($AL47="Fuerte",100,IF($AL47="Moderado",50,0))) -> 50 | AV47: T2 | AW47: NA | AX47: NA | AY47: NA | AZ47: NA | BA47: NA | BC47: C2 | BG47: T7
B48: 128 | K48: CA_3 | L48: Debilidad en el control de la gestión de los auditores | W48: C3 | X48: Evaluación de Auditores Internos | Y48: El Jefe de la Oficina de Control Interno verifica que los lideres de proceso auditados realicen la evaluación de auditores internos y los resultados del mismo producto de las auditorías realizadas. En caso de encontrar alguna desviación, procede a implementar los correctivos a los que haya lugar. | Z48: P-EC2-156 Procedimiento para ejecutar auditorías internas | AA48: O. Control Interno | AB48: Asignado | AC48: Adecuado | AD48: Oportuna | AE48: Detectar | AF48: Confiable | AG48: Oportuna | AH48: Completa | AI48: =IF(COUNTBLANK(AB48:AH48)=7,"",IF($AB48="Asignado",15,0)+IF($AC48="Adecuado",15,0)+IF($AD48="Oportuna",15,0)+IF($AE48="Prevenir",15,0)+IF($AE48="Detectar",10,0)+IF($AF48="Confiable",15,0)+IF($AG48="Oportuna",15,0)+IF($AH48="Completa",10,0)+IF($AH48="Incompleta",5,0)) -> 95 | AJ48: =IF(COUNTBLANK(AB48:AH48)=7,"",IF($AI48<86,"Débil",IF($AI48<96,"Moderado","Fuerte"))) -> Moderado | AK48: Fuerte | AL48: =IFERROR(VLOOKUP(AJ48&AK48,Tabla_Controles!$B$56:$G$65,5,FALSE),"") -> Moderado | AM48: =IF($AL48="","",IF($AL48="Fuerte",100,IF($AL48="Moderado",50,0))) -> 50 | AV48: T3 | AW48: Promover en la SAE una cultura empresarial de autocontrol y de la importancia de la evaluación independiente en la gestión institucional a través de mensajes de comunicación interna al interior de la Entidad | AX48: Piezas de sensibilización | AY48: * O. Control Interno * O. Comunicaciones y Atención al Ciudadano | AZ48: 45158 | BA48: 45214 | BC48: C3 | BG48: T1
B49: 128 | K49: CA_4 | L49: Se pueda limitar el alcance de las auditorías al momento de su planeación | W49: C4 | X49: Revisión de Plan de Auditoría | Y49: El Jefe de la Oficina de Control Interno revisa el formato F-EC1-148 Plan de Auditoría del proceso objeto de ser auditado, verificando el cumplimiento del enfoque dado por el equipo auditor en el objetivo de la auditoría, la metodología y el alcance. En caso de identificar alguna inconformidad en el Plan de Auditoría se solicita al equipo auditor realizar los ajustes pertinentes. | Z49: P-EC2-156 Procedimiento para ejecutar auditorías internas | AA49: O. Control Interno | AB49: Asignado | AC49: Adecuado | AD49: Oportuna | AE49: Prevenir | AF49: Confiable | AG49: Oportuna | AH49: Completa | AI49: =IF(COUNTBLANK(AB49:AH49)=7,"",IF($AB49="Asignado",15,0)+IF($AC49="Adecuado",15,0)+IF($AD49="Oportuna",15,0)+IF($AE49="Prevenir",15,0)+IF($AE49="Detectar",10,0)+IF($AF49="Confiable",15,0)+IF($AG49="Oportuna",15,0)+IF($AH49="Completa",10,0)+IF($AH49="Incompleta",5,0)) -> 100 | AJ49: =IF(COUNTBLANK(AB49:AH49)=7,"",IF($AI49<86,"Débil",IF($AI49<96,"Moderado","Fuerte"))) -> Fuerte | AK49: Fuerte | AL49: =IFERROR(VLOOKUP(AJ49&AK49,Tabla_Controles!$B$56:$G$65,5,FALSE),"") -> Fuerte | AM49: =IF($AL49="","",IF($AL49="Fuerte",100,IF($AL49="Moderado",50,0))) -> 100 | AV49: T4 | AW49: NA | AX49: NA | AY49: NA | AZ49: NA | BA49: NA | BC49: C4 | BG49: T2
B50: 128 | K50: CA_5 | W50: C5 | AI50: =IF(COUNTBLANK(AB50:AH50)=7,"",IF($AB50="Asignado",15,0)+IF($AC50="Adecuado",15,0)+IF($AD50="Oportuna",15,0)+IF($AE50="Prevenir",15,0)+IF($AE50="Detectar",10,0)+IF($AF50="Confiable",15,0)+IF($AG50="Oportuna",15,0)+IF($AH50="Completa",10,0)+IF($AH50="Incompleta",5,0)) | AJ50: =IF(COUNTBLANK(AB50:AH50)=7,"",IF($AI50<86,"Débil",IF($AI50<96,"Moderado","Fuerte"))) | AL50: =IFERROR(VLOOKUP(AJ50&AK50,Tabla_Controles!$B$56:$G$65,5,FALSE),"") | AM50: =IF($AL50="","",IF($AL50="Fuerte",100,IF($AL50="Moderado",50,0))) | AV50: T5 | BC50: C5 | BG50: T3
B51: 128 | K51: CA_6 | W51: C6 | AI51: =IF(COUNTBLANK(AB51:AH51)=7,"",IF($AB51="Asignado",15,0)+IF($AC51="Adecuado",15,0)+IF($AD51="Oportuna",15,0)+IF($AE51="Prevenir",15,0)+IF($AE51="Detectar",10,0)+IF($AF51="Confiable",15,0)+IF($AG51="Oportuna",15,0)+IF($AH51="Completa",10,0)+IF($AH51="Incompleta",5,0)) | AJ51: =IF(COUNTBLANK(AB51:AH51)=7,"",IF($AI51<86,"Débil",IF($AI51<96,"Moderado","Fuerte"))) | AL51: =IFERROR(VLOOKUP(AJ51&AK51,Tabla_Controles!$B$56:$G$65,5,FALSE),"") | AM51: =IF($AL51="","",IF($AL51="Fuerte",100,IF($AL51="Moderado",50,0))) | AV51: T6 | BC51: C6 | BG51: T4
B52: 128 | K52: CA_7 | W52: C7 | AI52: =IF(COUNTBLANK(AB52:AH52)=7,"",IF($AB52="Asignado",15,0)+IF($AC52="Adecuado",15,0)+IF($AD52="Oportuna",15,0)+IF($AE52="Prevenir",15,0)+IF($AE52="Detectar",10,0)+IF($AF52="Confiable",15,0)+IF($AG52="Oportuna",15,0)+IF($AH52="Completa",10,0)+IF($AH52="Incompleta",5,0)) | AJ52: =IF(COUNTBLANK(AB52:AH52)=7,"",IF($AI52<86,"Débil",IF($AI52<96,"Moderado","Fuerte"))) | AL52: =IFERROR(VLOOKUP(AJ52&AK52,Tabla_Controles!$B$56:$G$65,5,FALSE),"") | AM52: =IF($AL52="","",IF($AL52="Fuerte",100,IF($AL52="Moderado",50,0))) | AV52: T7 | BC52: C7 | BG52: T5
A53: =C53&COUNTIF($C$10:C53,C53) -> Corrupción7 | B53: 177 | C53: Corrupción | D53: Fraude interno | E53: Recepción_Registro | F53: Ingreso de activos | G53: Recibir y registrar los bienes entregados materialmente por parte de la (FGN) Fiscalía General de la Nación, mediante diligencia de secuestro, los cuales se encuentran afectados con medidas cautelares o sobre los cuales se haya declarado la extinción de dominio, para ejercer su administración | H53: Registro de activos | I53: ="Posibilidad de recibir o solicitar cualquier dádiva o beneficio a nombre propio o de terceros, con el fin de "&J53 -> Posibilidad de recibir o solicitar cualquier dádiva o beneficio a nombre propio o de terceros, con el fin de alterar o manipular ilegalmente la información de los activos recibidos que puedan afectar su potencial de productividad | J53: alterar o manipular ilegalmente la información de los activos recibidos que puedan afectar su potencial de productividad | K53: CA_1 | L53: No verificar los datos del activo recibido con los registros fotográficos y/o soportes brindados por los entes judiciales en diligencia de recepción | M53: 1) Pérdida de imagen reputacional y credibilidad institucional 2) Implicaciones a nivel penal, disciplinario, fiscal o sancionatorio 3) Disminución en posibles ganancias por productividad del activo 4) Administración inadecuada de los activos recibidos | N53: El evento podrá ocurrir en algún momento | O53: =IF(N53="","",IF(OR($N53=Tabla_Probabilidad!$D$20,$N53=Tabla_Probabilidad!$J$20),"Muy Baja",IF(OR($N53=Tabla_Probabilidad!$E$20,$N53=Tabla_Probabilidad!$K$20),"Baja",IF(OR($N53=Tabla_Probabilidad!$F$20,$N53=Tabla_Probabilidad!$L$20),"Media",IF(OR($N53=Tabla_Probabilidad!$G$20,$N53=Tabla_Probabilidad!$M$20),"Alta",IF(OR($N53=Tabla_Probabilidad!$H$20,$N53=Tabla_Probabilidad!$N$20),"Muy Alta")))))) -> Media | P53: =IF(O53="Muy Baja",1,IF(O53="Baja",2,IF(O53="Media",3,IF(O53="Alta",4,IF(O53="Muy Alta",5,""))))) -> 3 | Q53: =IFERROR(IF($C53="Corrupción",HYPERLINK("#"&"Impacto_Riesgos!C"&MATCH($B53,Impacto_Riesgos!$B$10:$B$138,0)+9,"Calcula el impacto aquí"),"")," ") -> Calcula el impacto aquí | R53: =IFERROR(VLOOKUP(A53,Impacto_Riesgos!$A$8:$W$138,23,),"NA") -> 15 | S53: De doce (12) a diecinueve (19) respuestas afirmativas. Genera consecuencias desastrosas para la entidad | T53: =IF($S53='Tabla Impacto'!$F$10,"Moderado",IF($S53='Tabla Impacto'!$G$10,"Mayor",IF($S53='Tabla Impacto'!$H$10,"Catastrófico",""))) -> Catastrófico | U53: =IF(T53="Leve",1,IF(T53="Menor",2,IF(T53="Moderado",3,IF(T53="Mayor",4,IF(T53="Catastrófico",5,""))))) -> 5 | V53: =IF(OR(AND($O53="Muy Baja",T53="Leve"),AND($O53="Muy Baja",T53="Menor"),AND($O53="Baja",T53="Leve"),AND($O53="Baja",T53="Menor"),AND($O53="Media",T53="Leve")),"Bajo",IF(OR(AND($O53="Muy baja",T53="Moderado"),AND($O53="Baja",T53="Moderado"),AND($O53="Media",T53="Menor"),AND($O53="Alta",T53="Leve")),"Moderado",IF(OR(AND($O53="Muy Baja",T53="Mayor"),AND($O53="Baja",T53="Mayor"),AND($O53="Media",T53="Moderado"),AND($O53="Alta",T53="Menor"),AND($O53="Alta",T53="Moderado"),AND($O53="Muy Alta",T53="Leve"),AND($O53="Muy Alta",T53="Menor")),"Alto",IF(OR(AND($O53="Muy Baja",T53="Catastrófico"),AND($O53="Baja",T53="Catastrófico"),AND($O53="Media",T53="Mayor"),AND($O53="Media",T53="Catastrófico"),AND($O53="Alta",T53="Mayor"),AND($O53="Alta",T53="Catastrófico"),AND($O53="Muy Alta",T53="Moderado"),AND($O53="Muy Alta",T53="Mayor"),AND($O53="Muy Alta",T53="Catastrófico")),"Extremo","")))) -> Extremo | W53: C1 | X53: Verificación de Condiciones del Activo en diligencia de Recepción | Y53: El técnico delegado de la Gerencia Regional, al momento de la recepción de activos, verificará las condiciones del bien registrandolas en el "Acta de Recepción y/o entrega en sitio" lo cual debe ser concordante con el registro fotográfico de los activos. Cuando la diligencia sea de secuestro, se debe verificar adicionalmente que los datos e información descritos correspondan con los documentos soportes que identifican plenamente el activo que se está materializando. En caso de presentarse alguna observación de esta recepción, deberá quedar descrita en el acta | Z53: P-RR1-002 Procedimiento de recepción de activo en sitio | AA53: G. Regionales | AB53: Asignado | AC53: Adecuado | AD53: Oportuna | AE53: Prevenir | AF53: Confiable | AG53: Oportuna | AH53: Completa | AI53: =IF(COUNTBLANK(AB53:AH53)=7,"",IF($AB53="Asignado",15,0)+IF($AC53="Adecuado",15,0)+IF($AD53="Oportuna",15,0)+IF($AE53="Prevenir",15,0)+IF($AE53="Detectar",10,0)+IF($AF53="Confiable",15,0)+IF($AG53="Oportuna",15,0)+IF($AH53="Completa",10,0)+IF($AH53="Incompleta",5,0)) -> 100 | AJ53: =IF(COUNTBLANK(AB53:AH53)=7,"",IF($AI53<86,"Débil",IF($AI53<96,"Moderado","Fuerte"))) -> Fuerte | AK53: Fuerte | AL53: =IFERROR(VLOOKUP(AJ53&AK53,Tabla_Controles!$B$56:$G$65,5,FALSE),"") -> Fuerte | AM53: =IF($AL53="","",IF($AL53="Fuerte",100,IF($AL53="Moderado",50,0))) -> 100 | AN53: =IFERROR(AVERAGE(AM53:AM59),"") -> 83.333333 | AO53: =IF($AN53=100,"Fuerte",IF($AN53<100,"Moderado",IF($AN53<50,"Débil",IF($AN53=0,"","")))) -> Moderado | AP53: Directamente | AQ53: =IFERROR(P53-VLOOKUP(AO53&AP53,Tabla_Controles!$B$77:$E$83,4,0),"") -> 2 | AR53: =IF($AQ53="","",IF($AQ53=1,"Muy Baja",IF($AQ53=2,"Baja",IF($AQ53=3,"Media",IF($AQ53=4,"Alta",IF($AQ53=5,"Muy Alta","Muy Baja")))))) -> Baja | AS53: =T53 -> Catastrófico | AT53: =IF(OR(AND($AR53="Muy Baja",$AS53="Leve"),AND($AR53="Muy Baja",$AS53="Menor"),AND($AR53="Baja",$AS53="Leve"),AND($AR53="Baja",$AS53="Menor"),AND($AR53="Media",$AS53="Leve")),"Bajo",IF(OR(AND($AR53="Muy baja",$AS53="Moderado"),AND($AR53="Baja",$AS53="Moderado"),AND($AR53="Media",$AS53="Menor"),AND($AR53="Alta",$AS53="Leve")),"Moderado",IF(OR(AND($AR53="Muy Baja",$AS53="Mayor"),AND($AR53="Baja",$AS53="Mayor"),AND($AR53="Media",$AS53="Moderado"),AND($AR53="Alta",$AS53="Menor"),AND($AR53="Alta",$AS53="Moderado"),AND($AR53="Muy Alta",$AS53="Leve"),AND($AR53="Muy Alta",$AS53="Menor")),"Alto",IF(OR(AND($AR53="Muy Baja",$AS53="Catastrófico"),AND($AR53="Baja",$AS53="Catastrófico"),AND($AR53="Media",$AS53="Mayor"),AND($AR53="Media",$AS53="Catastrófico"),AND($AR53="Alta",$AS53="Mayor"),AND($AR53="Alta",$AS53="Catastrófico"),AND($AR53="Muy Alta",$AS53="Moderado"),AND($AR53="Muy Alta",$AS53="Mayor"),AND($AR53="Muy Alta",$AS53="Catastrófico")),"Extremo","")))) -> Extremo | AU53: Reducir (Mitigar) | AV53: T1 | AW53: NA | AX53: NA | AY53: NA | AZ53: NA | BA53: NA | BB53: 1) Informar riesgo de corrupción detectado a la Oficina Asesora de Planeación, con el diseño del plan de tratamiento 2) Informar evento presentado a la Gerencia de Talento Humano 3) La Gerencia de Talento Humano realiza el proceso de investigación disciplinario 4) La Oficina Asesora de Planeación informa a Comité Directivo y de Control Interno posibles materializaciones de riesgos de Corrupción 5) Informar eventos presentados a entes de control con base en resultados de investigación disciplinaria 6) Implementar el plan de tratamiento de mitigación de riesgos diseñado para el evento presentado | BC53: C1 | BG53: T6 | BP53: 177
B54: 177 | K54: CA_2 | L54: No validar al momento del registro del activo en el sistema de información los datos generados en la diligencia de recepción y/o soportes brindados por los entes judiciales | W54: C2 | X54: Verificación de Datos del Activo en el Registro en el Sistema de Información | Y54: El funcionario delegado del GIT de Aseguramiento y Control de la Información, cada vez que se reciba un activo, validará que la información a registrar en el aplicativo SIGMA SAE coincida con los soportes físicos entregados por parte de la FGN y/o descritos en la recepción del bien, garantizando el cumplimiento de todos soportes obligatorios. En caso de presentarse inconsistencias se solicita al responsable de la recepción subsanar las mismas para completar el registro. | Z54: P-RR1-004 Procedimiento de registro de activos | AA54: GIT. Aseguramiento y Control de la Información | AB54: Asignado | AC54: Adecuado | AD54: Oportuna | AE54: Detectar | AF54: Confiable | AG54: Oportuna | AH54: Completa | AI54: =IF(COUNTBLANK(AB54:AH54)=7,"",IF($AB54="Asignado",15,0)+IF($AC54="Adecuado",15,0)+IF($AD54="Oportuna",15,0)+IF($AE54="Prevenir",15,0)+IF($AE54="Detectar",10,0)+IF($AF54="Confiable",15,0)+IF($AG54="Oportuna",15,0)+IF($AH54="Completa",10,0)+IF($AH54="Incompleta",5,0)) -> 95 | AJ54: =IF(COUNTBLANK(AB54:AH54)=7,"",IF($AI54<86,"Débil",IF($AI54<96,"Moderado","Fuerte"))) -> Moderado | AK54: Fuerte | AL54: =IFERROR(VLOOKUP(AJ54&AK54,Tabla_Controles!$B$56:$G$65,5,FALSE),"") -> Moderado | AM54: =IF($AL54="","",IF($AL54="Fuerte",100,IF($AL54="Moderado",50,0))) -> 50 | AV54: T2 | AW54: NA | AX54: NA | AY54: NA | AZ54: NA | BA54: NA | BC54: C2 | BG54: T7
B55: 177 | K55: CA_3 | L55: Delegación de diligencias de recepción de activos en pocos o los mismos colaboradores | W55: C3 | X55: Validación de criterios de asignación de colaboradores para diligencias de recepción de activos | Y55: El Coordinador Operativo de la Gerencia Regional validará, cada vez que sea necesario, el recurso humano idóneo a asignar para las diligencias de recepción de activos según las cantidades registradas e informadas, siguiendo los criterios de la política frente a asignación de recurso humano, y dejando registro de la información de los delegados para la recepción del activo en el aplicativo SIGMA SAE y en correo direccionado al GIT de aseguramiento de la Información. | Z55: P-RR1-005 Procedimiento de Preparación para la Recepción de Activos por Diligencia | AA55: G. Regionales | AB55: Asignado | AC55: Adecuado | AD55: Oportuna | AE55: Prevenir | AF55: Confiable | AG55: Oportuna | AH55: Completa | AI55: =IF(COUNTBLANK(AB55:AH55)=7,"",IF($AB55="Asignado",15,0)+IF($AC55="Adecuado",15,0)+IF($AD55="Oportuna",15,0)+IF($AE55="Prevenir",15,0)+IF($AE55="Detectar",10,0)+IF($AF55="Confiable",15,0)+IF($AG55="Oportuna",15,0)+IF($AH55="Completa",10,0)+IF($AH55="Incompleta",5,0)) -> 100 | AJ55: =IF(COUNTBLANK(AB55:AH55)=7,"",IF($AI55<86,"Débil",IF($AI55<96,"Moderado","Fuerte"))) -> Fuerte | AK55: Fuerte | AL55: =IFERROR(VLOOKUP(AJ55&AK55,Tabla_Controles!$B$56:$G$65,5,FALSE),"") -> Fuerte | AM55: =IF($AL55="","",IF($AL55="Fuerte",100,IF($AL55="Moderado",50,0))) -> 100 | AV55: T3 | AW55: Realizar capacitación de riesgos de corrupción para sensibilizar a los funcionarios de las metodologías de gestión y seguimiento de este tipo de riesgos | AX55: Registro de capacitación | AY55: O. Asesora de Planeación | AZ55: 45199 | BA55: 45214 | BC55: C3 | BG55: T1
B56: 177 | K56: CA_4 | W56: C4 | AI56: =IF(COUNTBLANK(AB56:AH56)=7,"",IF($AB56="Asignado",15,0)+IF($AC56="Adecuado",15,0)+IF($AD56="Oportuna",15,0)+IF($AE56="Prevenir",15,0)+IF($AE56="Detectar",10,0)+IF($AF56="Confiable",15,0)+IF($AG56="Oportuna",15,0)+IF($AH56="Completa",10,0)+IF($AH56="Incompleta",5,0)) | AJ56: =IF(COUNTBLANK(AB56:AH56)=7,"",IF($AI56<86,"Débil",IF($AI56<96,"Moderado","Fuerte"))) | AL56: =IFERROR(VLOOKUP(AJ56&AK56,Tabla_Controles!$B$56:$G$65,5,FALSE),"") | AM56: =IF($AL56="","",IF($AL56="Fuerte",100,IF($AL56="Moderado",50,0))) | AV56: T4 | BC56: C4 | BG56: T2
B57: 177 | K57: CA_5 | W57: C5 | AI57: =IF(COUNTBLANK(AB57:AH57)=7,"",IF($AB57="Asignado",15,0)+IF($AC57="Adecuado",15,0)+IF($AD57="Oportuna",15,0)+IF($AE57="Prevenir",15,0)+IF($AE57="Detectar",10,0)+IF($AF57="Confiable",15,0)+IF($AG57="Oportuna",15,0)+IF($AH57="Completa",10,0)+IF($AH57="Incompleta",5,0)) | AJ57: =IF(COUNTBLANK(AB57:AH57)=7,"",IF($AI57<86,"Débil",IF($AI57<96,"Moderado","Fuerte"))) | AL57: =IFERROR(VLOOKUP(AJ57&AK57,Tabla_Controles!$B$56:$G$65,5,FALSE),"") | AM57: =IF($AL57="","",IF($AL57="Fuerte",100,IF($AL57="Moderado",50,0))) | AV57: T5 | BC57: C5 | BG57: T3
B58: 177 | K58: CA_6 | W58: C6 | AI58: =IF(COUNTBLANK(AB58:AH58)=7,"",IF($AB58="Asignado",15,0)+IF($AC58="Adecuado",15,0)+IF($AD58="Oportuna",15,0)+IF($AE58="Prevenir",15,0)+IF($AE58="Detectar",10,0)+IF($AF58="Confiable",15,0)+IF($AG58="Oportuna",15,0)+IF($AH58="Completa",10,0)+IF($AH58="Incompleta",5,0)) | AJ58: =IF(COUNTBLANK(AB58:AH58)=7,"",IF($AI58<86,"Débil",IF($AI58<96,"Moderado","Fuerte"))) | AL58: =IFERROR(VLOOKUP(AJ58&AK58,Tabla_Controles!$B$56:$G$65,5,FALSE),"") | AM58: =IF($AL58="","",IF($AL58="Fuerte",100,IF($AL58="Moderado",50,0))) | AV58: T6 | BC58: C6 | BG58: T4
B59: 177 | K59: CA_7 | W59: C7 | AI59: =IF(COUNTBLANK(AB59:AH59)=7,"",IF($AB59="Asignado",15,0)+IF($AC59="Adecuado",15,0)+IF($AD59="Oportuna",15,0)+IF($AE59="Prevenir",15,0)+IF($AE59="Detectar",10,0)+IF($AF59="Confiable",15,0)+IF($AG59="Oportuna",15,0)+IF($AH59="Completa",10,0)+IF($AH59="Incompleta",5,0)) | AJ59: =IF(COUNTBLANK(AB59:AH59)=7,"",IF($AI59<86,"Débil",IF($AI59<96,"Moderado","Fuerte"))) | AL59: =IFERROR(VLOOKUP(AJ59&AK59,Tabla_Controles!$B$56:$G$65,5,FALSE),"") | AM59: =IF($AL59="","",IF($AL59="Fuerte",100,IF($AL59="Moderado",50,0))) | AV59: T7 | BC59: C7 | BG59: T5
A60: =C60&COUNTIF($C$10:C60,C60) -> Corrupción8 | B60: 178 | C60: Corrupción | D60: Fraude interno | E60: Recepción_Registro | F60: Administración del registro de Depositarios Provisionales y Liquidadores del FRISCO | G60: Realizar inscripción, registro y asignación de depositarios y/o liquidadores y revisores fiscales del FRISCO de manera automática a través del sistema, reuniendo las condiciones de idoneidad necesarias para la adecuada administración de inmuebles y/o sociedades | H60: Registro de depositarios | I60: ="Posibilidad de recibir o solicitar cualquier dádiva o beneficio a nombre propio o de terceros, con el fin de "&J60 -> Posibilidad de recibir o solicitar cualquier dádiva o beneficio a nombre propio o de terceros, con el fin de favorecer a terceros en el proceso de registro de depositarios provisionales y liquidadores para la administración de los activos a cargo de SAE. | J60: favorecer a terceros en el proceso de registro de depositarios provisionales y liquidadores para la administración de los activos a cargo de SAE. | K60: CA_1 | L60: Falta de verificación de los requisitos documentales de los depositarios provisionales y liquidadores en el registro inicial de solicitudes presentadas | M60: 1) Pérdida de imagen reputacional y credibilidad institucional 2) Implicaciones a nivel penal, disciplinario, fiscal o sancionatorio 3) Administración inadecuada de los activos recibidos 4) Demandas de la ciudadanía | N60: El evento podrá ocurrir en algún momento | O60: =IF(N60="","",IF(OR($N60=Tabla_Probabilidad!$D$20,$N60=Tabla_Probabilidad!$J$20),"Muy Baja",IF(OR($N60=Tabla_Probabilidad!$E$20,$N60=Tabla_Probabilidad!$K$20),"Baja",IF(OR($N60=Tabla_Probabilidad!$F$20,$N60=Tabla_Probabilidad!$L$20),"Media",IF(OR($N60=Tabla_Probabilidad!$G$20,$N60=Tabla_Probabilidad!$M$20),"Alta",IF(OR($N60=Tabla_Probabilidad!$H$20,$N60=Tabla_Probabilidad!$N$20),"Muy Alta")))))) -> Media | P60: =IF(O60="Muy Baja",1,IF(O60="Baja",2,IF(O60="Media",3,IF(O60="Alta",4,IF(O60="Muy Alta",5,""))))) -> 3 | Q60: =IFERROR(IF($C60="Corrupción",HYPERLINK("#"&"Impacto_Riesgos!C"&MATCH($B60,Impacto_Riesgos!$B$10:$B$138,0)+9,"Calcula el impacto aquí"),"")," ") -> Calcula el impacto aquí | R60: =IFERROR(VLOOKUP(A60,Impacto_Riesgos!$A$8:$W$138,23,),"NA") -> 15 | S60: De doce (12) a diecinueve (19) respuestas afirmativas. Genera consecuencias desastrosas para la entidad | T60: =IF($S60='Tabla Impacto'!$F$10,"Moderado",IF($S60='Tabla Impacto'!$G$10,"Mayor",IF($S60='Tabla Impacto'!$H$10,"Catastrófico",""))) -> Catastrófico | U60: =IF(T60="Leve",1,IF(T60="Menor",2,IF(T60="Moderado",3,IF(T60="Mayor",4,IF(T60="Catastrófico",5,""))))) -> 5 | V60: =IF(OR(AND($O60="Muy Baja",T60="Leve"),AND($O60="Muy Baja",T60="Menor"),AND($O60="Baja",T60="Leve"),AND($O60="Baja",T60="Menor"),AND($O60="Media",T60="Leve")),"Bajo",IF(OR(AND($O60="Muy baja",T60="Moderado"),AND($O60="Baja",T60="Moderado"),AND($O60="Media",T60="Menor"),AND($O60="Alta",T60="Leve")),"Moderado",IF(OR(AND($O60="Muy Baja",T60="Mayor"),AND($O60="Baja",T60="Mayor"),AND($O60="Media",T60="Moderado"),AND($O60="Alta",T60="Menor"),AND($O60="Alta",T60="Moderado"),AND($O60="Muy Alta",T60="Leve"),AND($O60="Muy Alta",T60="Menor")),"Alto",IF(OR(AND($O60="Muy Baja",T60="Catastrófico"),AND($O60="Baja",T60="Catastrófico"),AND($O60="Media",T60="Mayor"),AND($O60="Media",T60="Catastrófico"),AND($O60="Alta",T60="Mayor"),AND($O60="Alta",T60="Catastrófico"),AND($O60="Muy Alta",T60="Moderado"),AND($O60="Muy Alta",T60="Mayor"),AND($O60="Muy Alta",T60="Catastrófico")),"Extremo","")))) -> Extremo | W60: C1 | X60: Verificación de información y documentos de la solicitud de registro de depositarios | Y60: El profesional delegado del GIT de depositarios provisionales y liquidadores al momento del registro verifica dentro del módulo de depositarios provisionales y liquidadores que el pagaré remitido cumpla con las condiciones requeridas y exigidas en la convocatoria, dejando registro en el módulo. En caso de presentarse inconsistencias se solicita a través del módulo de verificación, las aclaraciones o subsanación del pagaré y/o documentos revisados especificando los términos, fechas y condiciones para su entrega, las cuales se remiten automáticamente al participante mediante correo electrónico. | Z60: P-RR2-030 Registro y clasificación de depositarios provisionales y liquidadores | AA60: GIT. Depositarios Provisionales y Liquidadores | AB60: Asignado | AC60: Adecuado | AD60: Oportuna | AE60: Prevenir | AF60: Confiable | AG60: Oportuna | AH60: Completa | AI60: =IF(COUNTBLANK(AB60:AH60)=7,"",IF($AB60="Asignado",15,0)+IF($AC60="Adecuado",15,0)+IF($AD60="Oportuna",15,0)+IF($AE60="Prevenir",15,0)+IF($AE60="Detectar",10,0)+IF($AF60="Confiable",15,0)+IF($AG60="Oportuna",15,0)+IF($AH60="Completa",10,0)+IF($AH60="Incompleta",5,0)) -> 100 | AJ60: =IF(COUNTBLANK(AB60:AH60)=7,"",IF($AI60<86,"Débil",IF($AI60<96,"Moderado","Fuerte"))) -> Fuerte | AK60: Fuerte | AL60: =IFERROR(VLOOKUP(AJ60&AK60,Tabla_Controles!$B$56:$G$65,5,FALSE),"") -> Fuerte | AM60: =IF($AL60="","",IF($AL60="Fuerte",100,IF($AL60="Moderado",50,0))) -> 100 | AN60: =IFERROR(AVERAGE(AM60:AM66),"") -> 58.333333 | AO60: =IF($AN60=100,"Fuerte",IF($AN60<100,"Moderado",IF($AN60<50,"Débil",IF($AN60=0,"","")))) -> Moderado | AP60: Directamente | AQ60: =IFERROR(P60-VLOOKUP(AO60&AP60,Tabla_Controles!$B$77:$E$83,4,0),"") -> 2 | AR60: =IF($AQ60="","",IF($AQ60=1,"Muy Baja",IF($AQ60=2,"Baja",IF($AQ60=3,"Media",IF($AQ60=4,"Alta",IF($AQ60=5,"Muy Alta","Muy Baja")))))) -> Baja | AS60: =T60 -> Catastrófico | AT60: =IF(OR(AND($AR60="Muy Baja",$AS60="Leve"),AND($AR60="Muy Baja",$AS60="Menor"),AND($AR60="Baja",$AS60="Leve"),AND($AR60="Baja",$AS60="Menor"),AND($AR60="Media",$AS60="Leve")),"Bajo",IF(OR(AND($AR60="Muy baja",$AS60="Moderado"),AND($AR60="Baja",$AS60="Moderado"),AND($AR60="Media",$AS60="Menor"),AND($AR60="Alta",$AS60="Leve")),"Moderado",IF(OR(AND($AR60="Muy Baja",$AS60="Mayor"),AND($AR60="Baja",$AS60="Mayor"),AND($AR60="Media",$AS60="Moderado"),AND($AR60="Alta",$AS60="Menor"),AND($AR60="Alta",$AS60="Moderado"),AND($AR60="Muy Alta",$AS60="Leve"),AND($AR60="Muy Alta",$AS60="Menor")),"Alto",IF(OR(AND($AR60="Muy Baja",$AS60="Catastrófico"),AND($AR60="Baja",$AS60="Catastrófico"),AND($AR60="Media",$AS60="Mayor"),AND($AR60="Media",$AS60="Catastrófico"),AND($AR60="Alta",$AS60="Mayor"),AND($AR60="Alta",$AS60="Catastrófico"),AND($AR60="Muy Alta",$AS60="Moderado"),AND($AR60="Muy Alta",$AS60="Mayor"),AND($AR60="Muy Alta",$AS60="Catastrófico")),"Extremo","")))) -> Extremo | AU60: Reducir (Mitigar) | AV60: T1 | AW60: NA | AX60: NA | AY60: NA | AZ60: NA | BA60: NA | BB60: 1) Informar riesgo de corrupción detectado a la Oficina Asesora de Planeación, con el diseño del plan de tratamiento 2) Informar evento presentado a la Gerencia de Talento Humano 3) La Gerencia de Talento Humano realiza el proceso de investigación disciplinario 4) La Oficina Asesora de Planeación informa a Comité Directivo y de Control Interno posibles materializaciones de riesgos de Corrupción 5) Informar eventos presentados a entes de control con base en resultados de investigación disciplinaria 6) Implementar el plan de tratamiento de mitigación de riesgos diseñado para el evento presentado | BC60: C1 | BG60: T6
B61: 178 | K61: CA_2 | L61: Delegación de evaluación de depositarios provisionales y liquidadores en pocos evaluadores o en los mismos evaluadores | W61: C2 | X61: Validación de Idoneidad de Evaluadores | Y61: El Coordinador del GIT de depositarios provisionales y liquidadores, designará los profesionales idóneos encargados de realizar la evaluación técnica según su competencia, informadolo vía correo electrónico a la Gerencia de Contratos | Z61: NA | AA61: GIT. Depositarios Provisionales y Liquidadores | AB61: Asignado | AC61: Adecuado | AD61: Oportuna | AE61: Prevenir | AF61: Confiable | AG61: Oportuna | AH61: Completa | AI61: =IF(COUNTBLANK(AB61:AH61)=7,"",IF($AB61="Asignado",15,0)+IF($AC61="Adecuado",15,0)+IF($AD61="Oportuna",15,0)+IF($AE61="Prevenir",15,0)+IF($AE61="Detectar",10,0)+IF($AF61="Confiable",15,0)+IF($AG61="Oportuna",15,0)+IF($AH61="Completa",10,0)+IF($AH61="Incompleta",5,0)) -> 100 | AJ61: =IF(COUNTBLANK(AB61:AH61)=7,"",IF($AI61<86,"Débil",IF($AI61<96,"Moderado","Fuerte"))) -> Fuerte | AK61: Moderado | AL61: =IFERROR(VLOOKUP(AJ61&AK61,Tabla_Controles!$B$56:$G$65,5,FALSE),"") -> Moderado | AM61: =IF($AL61="","",IF($AL61="Fuerte",100,IF($AL61="Moderado",50,0))) -> 50 | AV61: T2 | AW61: NA | AX61: NA | AY61: NA | AZ61: NA | BA61: NA | BC61: C2 | BG61: T7
B62: 178 | K62: CA_3 | L62: Evaluaciones incompletas o sesgadas de los participantes para la inscripción del Registro de Depositarios Provisionales y Liquidadores | W62: C3 | X62: Evaluación de Requisitos Técnicos y Jurídicos Habilitantes | Y62: Los profesionales delegados como equipo evaluador verifican requisitos de infraestructura tecnológica y administrativa, idoneidad y experiencia, información general, y capacidad jurídica establecida en la convocatoria vigente, dejando registro en el módulo de depositarios provisionales y liquidadores de la información consolidada revisada. En caso de requerirse aclaraciones a los evaluados, se solicitaran a través del módulo de verificación de depositarios y liquidadores en las condiciones establecidas para ser tenidas en cuenta en la evaluación. | Z62: P-RR2-030 Registro y clasificación de depositarios provisionales y liquidadores | AA62: * GBI. Urbanos * GBI. Rurales * G. Sociedades Activas * G. Sociedades en Liquidación * G. Contratos | AB62: Asignado | AC62: Adecuado | AD62: Oportuna | AE62: Detectar | AF62: Confiable | AG62: Oportuna | AH62: Completa | AI62: =IF(COUNTBLANK(AB62:AH62)=7,"",IF($AB62="Asignado",15,0)+IF($AC62="Adecuado",15,0)+IF($AD62="Oportuna",15,0)+IF($AE62="Prevenir",15,0)+IF($AE62="Detectar",10,0)+IF($AF62="Confiable",15,0)+IF($AG62="Oportuna",15,0)+IF($AH62="Completa",10,0)+IF($AH62="Incompleta",5,0)) -> 95 | AJ62: =IF(COUNTBLANK(AB62:AH62)=7,"",IF($AI62<86,"Débil",IF($AI62<96,"Moderado","Fuerte"))) -> Moderado | AK62: Moderado | AL62: =IFERROR(VLOOKUP(AJ62&AK62,Tabla_Controles!$B$56:$G$65,5,FALSE),"") -> Moderado | AM62: =IF($AL62="","",IF($AL62="Fuerte",100,IF($AL62="Moderado",50,0))) -> 50 | AV62: T3 | AW62: Realizar capacitación sobre el código de ética y los efectos disciplinarios que conllevan actos inapropiados por parte de los Funcionarios de la SAE | AX62: Listado de asistencia | AY62: G. Talento Humano | AZ62: 45107 | BA62: 45122 | BC62: C3 | BG62: T1
B63: 178 | K63: CA_4 | L63: Relacionamiento personal o comercial de los participantes con profesionales involucrados en el proceso de evaluación de requisitos en la conformación del Registro de Depositarios Provisionales y Liquidadores | W63: C4 | X63: Verificación antecedentes de participantes | Y63: El Coordinador del GIT de Depositarios Provisionales y Liquidadores verificará a través de empresa tercerizada los antecentes de los participantes, a partir de un estudio de seguridad que se registrará en el módulo de Depositarios Provisionales y Liquidadores. En caso de presentarse antecedentes se informará a los aspirantes que no superaron el proceso de selección por medio de oficio informativo remitido por correo electrónico. | Z63: P-RR2-030 Registro y clasificación de depositarios provisionales y liquidadores | AA63: GIT. Depositarios Provisionales y Liquidadores | AB63: Asignado | AC63: Adecuado | AD63: Oportuna | AE63: Detectar | AF63: Confiable | AG63: Oportuna | AH63: Completa | AI63: =IF(COUNTBLANK(AB63:AH63)=7,"",IF($AB63="Asignado",15,0)+IF($AC63="Adecuado",15,0)+IF($AD63="Oportuna",15,0)+IF($AE63="Prevenir",15,0)+IF($AE63="Detectar",10,0)+IF($AF63="Confiable",15,0)+IF($AG63="Oportuna",15,0)+IF($AH63="Completa",10,0)+IF($AH63="Incompleta",5,0)) -> 95 | AJ63: =IF(COUNTBLANK(AB63:AH63)=7,"",IF($AI63<86,"Débil",IF($AI63<96,"Moderado","Fuerte"))) -> Moderado | AK63: Fuerte | AL63: =IFERROR(VLOOKUP(AJ63&AK63,Tabla_Controles!$B$56:$G$65,5,FALSE),"") -> Moderado | AM63: =IF($AL63="","",IF($AL63="Fuerte",100,IF($AL63="Moderado",50,0))) -> 50 | AV63: T4 | AW63: Adelantar proceso contractual para la consulta de antecedes legales de los clientes involucrados con la SAE | AX63: Contrato Suscrito | AY63: G. Comercial | AZ63: 45076 | BA63: 15/07/2023 15/10/2023 31/12/2023 | BC63: C4 | BG63: T2
B64: 178 | K64: CA_5 | L64: No hacer publico la información de los potenciales aspirantes a depositarios provisionales y liquidadores | W64: C5 | X64: Verificación de observaciones de la Ciudadanía frente a los aspirantes | Y64: El Coordinador del GIT de Depositarios Provisionales y Liquidadores solicitará la publicación de los datos básicos de los aspirantes en la página web de SAE por un término de tres (3) días hábiles para observaciones de la ciudadanía, verificando si existe alguna observación para remitirsela al aspirante para su respectiva respuesta a la ciudadania. | Z64: P-RR2-030 Registro y clasificación de depositarios provisionales y liquidadores | AA64: GIT. Depositarios Provisionales y Liquidadores | AB64: Asignado | AC64: Adecuado | AD64: Oportuna | AE64: Detectar | AF64: Confiable | AG64: Oportuna | AH64: Completa | AI64: =IF(COUNTBLANK(AB64:AH64)=7,"",IF($AB64="Asignado",15,0)+IF($AC64="Adecuado",15,0)+IF($AD64="Oportuna",15,0)+IF($AE64="Prevenir",15,0)+IF($AE64="Detectar",10,0)+IF($AF64="Confiable",15,0)+IF($AG64="Oportuna",15,0)+IF($AH64="Completa",10,0)+IF($AH64="Incompleta",5,0)) -> 95 | AJ64: =IF(COUNTBLANK(AB64:AH64)=7,"",IF($AI64<86,"Débil",IF($AI64<96,"Moderado","Fuerte"))) -> Moderado | AK64: Fuerte | AL64: =IFERROR(VLOOKUP(AJ64&AK64,Tabla_Controles!$B$56:$G$65,5,FALSE),"") -> Moderado | AM64: =IF($AL64="","",IF($AL64="Fuerte",100,IF($AL64="Moderado",50,0))) -> 50 | AV64: T5 | AW64: NA | AX64: NA | AY64: NA | AZ64: NA | BA64: NA | BC64: C5 | BG64: T3
B65: 178 | K65: CA_6 | L65: Decisiones descentralizadas para el registro de depositarios provisionales y liquidadores | W65: C6 | X65: Verificación de registro de depositarios provisionales y liquidadores en Comité de de Depositarios Provisionales, Mandatarios y Liquidadores | Y65: El Coordinador del GIT de Depositarios Provisionales presentará información de los aspirantes que dieron cumplimiento de las diferentes etapas del proceso al Comité de Depositarios Provisionales, Mandatarios y Liquidadores la información para verificar que la información se encuentre completa y se cumplan los requisitos, a fin de aprobar su inclusión en el Registro de Depositarios y Liquidadores. La evidencia de este control quedará consignada en el Acta de dicho comité. En caso de que el aspirante no supere el proceso se le remitirá oficio informativo sobre el no cumplimiento de requisitos por correo electrónico. | Z65: P-RR2-030 Registro y clasificación de depositarios provisionales y liquidadores | AA65: GIT. Depositarios Provisionales y Liquidadores | AB65: Asignado | AC65: Adecuado | AD65: Oportuna | AE65: Detectar | AF65: Confiable | AG65: Oportuna | AH65: Completa | AI65: =IF(COUNTBLANK(AB65:AH65)=7,"",IF($AB65="Asignado",15,0)+IF($AC65="Adecuado",15,0)+IF($AD65="Oportuna",15,0)+IF($AE65="Prevenir",15,0)+IF($AE65="Detectar",10,0)+IF($AF65="Confiable",15,0)+IF($AG65="Oportuna",15,0)+IF($AH65="Completa",10,0)+IF($AH65="Incompleta",5,0)) -> 95 | AJ65: =IF(COUNTBLANK(AB65:AH65)=7,"",IF($AI65<86,"Débil",IF($AI65<96,"Moderado","Fuerte"))) -> Moderado | AK65: Fuerte | AL65: =IFERROR(VLOOKUP(AJ65&AK65,Tabla_Controles!$B$56:$G$65,5,FALSE),"") -> Moderado | AM65: =IF($AL65="","",IF($AL65="Fuerte",100,IF($AL65="Moderado",50,0))) -> 50 | AV65: T6 | AW65: NA | AX65: NA | AY65: NA | AZ65: NA | BA65: NA | BC65: C6 | BG65: T4
B66: 178 | K66: CA_7 | W66: C7 | AI66: =IF(COUNTBLANK(AB66:AH66)=7,"",IF($AB66="Asignado",15,0)+IF($AC66="Adecuado",15,0)+IF($AD66="Oportuna",15,0)+IF($AE66="Prevenir",15,0)+IF($AE66="Detectar",10,0)+IF($AF66="Confiable",15,0)+IF($AG66="Oportuna",15,0)+IF($AH66="Completa",10,0)+IF($AH66="Incompleta",5,0)) | AJ66: =IF(COUNTBLANK(AB66:AH66)=7,"",IF($AI66<86,"Débil",IF($AI66<96,"Moderado","Fuerte"))) | AL66: =IFERROR(VLOOKUP(AJ66&AK66,Tabla_Controles!$B$56:$G$65,5,FALSE),"") | AM66: =IF($AL66="","",IF($AL66="Fuerte",100,IF($AL66="Moderado",50,0))) | AV66: T7 | BC66: C7 | BG66: T5
A67: =C67&COUNTIF($C$10:C67,C67) -> Corrupción9 | B67: 179 | C67: Corrupción | D67: Fraude interno | E67: Recepción_Registro | F67: Administración del registro de Depositarios Provisionales y Liquidadores del FRISCO | G67: Realizar inscripción, registro y asignación de depositarios y/o liquidadores y revisores fiscales del FRISCO de manera automática a través del sistema, reuniendo las condiciones de idoneidad necesarias para la adecuada administración de inmuebles y/o sociedades | H67: Registro de revisores fiscales | I67: ="Posibilidad de recibir o solicitar cualquier dádiva o beneficio a nombre propio o de terceros, con el fin de "&J67 -> Posibilidad de recibir o solicitar cualquier dádiva o beneficio a nombre propio o de terceros, con el fin de favorecer a terceros en el registro de revisores fiscales para la administración de sociedades activas y en liquidación a cargo de SAE | J67: favorecer a terceros en el registro de revisores fiscales para la administración de sociedades activas y en liquidación a cargo de SAE | K67: CA_1 | L67: No validar de manera completa la información y soportes presentados al momento de recibir las solicitudes de registro de revisores fiscales | M67: 1) Pérdida de imagen reputacional y credibilidad institucional 2) Implicaciones a nivel penal, disciplinario, fiscal o sancionatorio 3) Administración inadecuada de las sociedades recibidas 4) Demandas de la ciudadanía | N67: El evento podrá ocurrir en algún momento | O67: =IF(N67="","",IF(OR($N67=Tabla_Probabilidad!$D$20,$N67=Tabla_Probabilidad!$J$20),"Muy Baja",IF(OR($N67=Tabla_Probabilidad!$E$20,$N67=Tabla_Probabilidad!$K$20),"Baja",IF(OR($N67=Tabla_Probabilidad!$F$20,$N67=Tabla_Probabilidad!$L$20),"Media",IF(OR($N67=Tabla_Probabilidad!$G$20,$N67=Tabla_Probabilidad!$M$20),"Alta",IF(OR($N67=Tabla_Probabilidad!$H$20,$N67=Tabla_Probabilidad!$N$20),"Muy Alta")))))) -> Media | P67: =IF(O67="Muy Baja",1,IF(O67="Baja",2,IF(O67="Media",3,IF(O67="Alta",4,IF(O67="Muy Alta",5,""))))) -> 3 | Q67: =IFERROR(IF($C67="Corrupción",HYPERLINK("#"&"Impacto_Riesgos!C"&MATCH($B67,Impacto_Riesgos!$B$10:$B$138,0)+9,"Calcula el impacto aquí"),"")," ") -> Calcula el impacto aquí | R67: =IFERROR(VLOOKUP(A67,Impacto_Riesgos!$A$8:$W$138,23,),"NA") -> 15 | S67: De doce (12) a diecinueve (19) respuestas afirmativas. Genera consecuencias desastrosas para la entidad | T67: =IF($S67='Tabla Impacto'!$F$10,"Moderado",IF($S67='Tabla Impacto'!$G$10,"Mayor",IF($S67='Tabla Impacto'!$H$10,"Catastrófico",""))) -> Catastrófico | U67: =IF(T67="Leve",1,IF(T67="Menor",2,IF(T67="Moderado",3,IF(T67="Mayor",4,IF(T67="Catastrófico",5,""))))) -> 5 | V67: =IF(OR(AND($O67="Muy Baja",T67="Leve"),AND($O67="Muy Baja",T67="Menor"),AND($O67="Baja",T67="Leve"),AND($O67="Baja",T67="Menor"),AND($O67="Media",T67="Leve")),"Bajo",IF(OR(AND($O67="Muy baja",T67="Moderado"),AND($O67="Baja",T67="Moderado"),AND($O67="Media",T67="Menor"),AND($O67="Alta",T67="Leve")),"Moderado",IF(OR(AND($O67="Muy Baja",T67="Mayor"),AND($O67="Baja",T67="Mayor"),AND($O67="Media",T67="Moderado"),AND($O67="Alta",T67="Menor"),AND($O67="Alta",T67="Moderado"),AND($O67="Muy Alta",T67="Leve"),AND($O67="Muy Alta",T67="Menor")),"Alto",IF(OR(AND($O67="Muy Baja",T67="Catastrófico"),AND($O67="Baja",T67="Catastrófico"),AND($O67="Media",T67="Mayor"),AND($O67="Media",T67="Catastrófico"),AND($O67="Alta",T67="Mayor"),AND($O67="Alta",T67="Catastrófico"),AND($O67="Muy Alta",T67="Moderado"),AND($O67="Muy Alta",T67="Mayor"),AND($O67="Muy Alta",T67="Catastrófico")),"Extremo","")))) -> Extremo | W67: C1 | X67: Control de recepción de solicitudes de registro de revisores fiscales | Y67: El profesional delegado de la Gerencia de Sociedades Activas o en Liquidación, cada vez que se realicen solicitudes de registro de revisores fiscales, validará la información básica, de cobertura, de infraestructura, financiera y la documentación soporte que garantice la idoneidad del aspirante, recibida a través del portal de la convocatoria, dejando evidencia del listado de recepción de solicitudes de registro | Z67: P-RR2-194 Registro y Clasificación de Revisores Fiscales | AA67: * G. Sociedades Activas * G. Sociedades en Liquidación | AB67: Asignado | AC67: Adecuado | AD67: Oportuna | AE67: Prevenir | AF67: Confiable | AG67: Oportuna | AH67: Completa | AI67: =IF(COUNTBLANK(AB67:AH67)=7,"",IF($AB67="Asignado",15,0)+IF($AC67="Adecuado",15,0)+IF($AD67="Oportuna",15,0)+IF($AE67="Prevenir",15,0)+IF($AE67="Detectar",10,0)+IF($AF67="Confiable",15,0)+IF($AG67="Oportuna",15,0)+IF($AH67="Completa",10,0)+IF($AH67="Incompleta",5,0)) -> 100 | AJ67: =IF(COUNTBLANK(AB67:AH67)=7,"",IF($AI67<86,"Débil",IF($AI67<96,"Moderado","Fuerte"))) -> Fuerte | AK67: Fuerte | AL67: =IFERROR(VLOOKUP(AJ67&AK67,Tabla_Controles!$B$56:$G$65,5,FALSE),"") -> Fuerte | AM67: =IF($AL67="","",IF($AL67="Fuerte",100,IF($AL67="Moderado",50,0))) -> 100 | AN67: =IFERROR(AVERAGE(AM67:AM73),"") -> 60 | AO67: =IF($AN67=100,"Fuerte",IF($AN67<100,"Moderado",IF($AN67<50,"Débil",IF($AN67=0,"","")))) -> Moderado | AP67: Directamente | AQ67: =IFERROR(P67-VLOOKUP(AO67&AP67,Tabla_Controles!$B$77:$E$83,4,0),"") -> 2 | AR67: =IF($AQ67="","",IF($AQ67=1,"Muy Baja",IF($AQ67=2,"Baja",IF($AQ67=3,"Media",IF($AQ67=4,"Alta",IF($AQ67=5,"Muy Alta","Muy Baja")))))) -> Baja | AS67: =T67 -> Catastrófico | AT67: =IF(OR(AND($AR67="Muy Baja",$AS67="Leve"),AND($AR67="Muy Baja",$AS67="Menor"),AND($AR67="Baja",$AS67="Leve"),AND($AR67="Baja",$AS67="Menor"),AND($AR67="Media",$AS67="Leve")),"Bajo",IF(OR(AND($AR67="Muy baja",$AS67="Moderado"),AND($AR67="Baja",$AS67="Moderado"),AND($AR67="Media",$AS67="Menor"),AND($AR67="Alta",$AS67="Leve")),"Moderado",IF(OR(AND($AR67="Muy Baja",$AS67="Mayor"),AND($AR67="Baja",$AS67="Mayor"),AND($AR67="Media",$AS67="Moderado"),AND($AR67="Alta",$AS67="Menor"),AND($AR67="Alta",$AS67="Moderado"),AND($AR67="Muy Alta",$AS67="Leve"),AND($AR67="Muy Alta",$AS67="Menor")),"Alto",IF(OR(AND($AR67="Muy Baja",$AS67="Catastrófico"),AND($AR67="Baja",$AS67="Catastrófico"),AND($AR67="Media",$AS67="Mayor"),AND($AR67="Media",$AS67="Catastrófico"),AND($AR67="Alta",$AS67="Mayor"),AND($AR67="Alta",$AS67="Catastrófico"),AND($AR67="Muy Alta",$AS67="Moderado"),AND($AR67="Muy Alta",$AS67="Mayor"),AND($AR67="Muy Alta",$AS67="Catastrófico")),"Extremo","")))) -> Extremo | AV67: T1 | AW67: NA | AX67: NA | AY67: NA | AZ67: NA | BA67: NA | BB67: 1) Informar riesgo de corrupción detectado a la Oficina Asesora de Planeación, con el diseño del plan de tratamiento 2) Informar evento presentado a la Gerencia de Talento Humano 3) La Gerencia de Talento Humano realiza el proceso de investigación disciplinario 4) La Oficina Asesora de Planeación informa a Comité Directivo y de Control Interno posibles materializaciones de riesgos de Corrupción 5) Informar eventos presentados a entes de control con base en resultados de investigación disciplinaria 6) Implementar el plan de tratamiento de mitigación de riesgos diseñado para el evento presentado | BC67: C1 | BG67: T6
B68: 179 | K68: CA_2 | L68: Delegación de evaluación de Revisores Fiscales en pocos evaluadores o en los mismos evaluadores | W68: C2 | X68: Validación de Idoneidad de Evaluadores | Y68: El Gerente de Sociedades Activas o en Liquidación, designará los profesionales idóneos encargados de realizar la evaluación técnica, financiera y jurídica según su competencia, informadolo vía correo electrónico a la Gerencia de Contratos. La asignación de la evaluación de las solicitudes de registro se realizarán a través del aplicativo SIGMA SAE. | Z68: NA | AA68: * G. Sociedades Activas * G. Sociedades en Liquidación | AB68: Asignado | AC68: Adecuado | AD68: Oportuna | AE68: Prevenir | AF68: Confiable | AG68: Oportuna | AH68: Completa | AI68: =IF(COUNTBLANK(AB68:AH68)=7,"",IF($AB68="Asignado",15,0)+IF($AC68="Adecuado",15,0)+IF($AD68="Oportuna",15,0)+IF($AE68="Prevenir",15,0)+IF($AE68="Detectar",10,0)+IF($AF68="Confiable",15,0)+IF($AG68="Oportuna",15,0)+IF($AH68="Completa",10,0)+IF($AH68="Incompleta",5,0)) -> 100 | AJ68: =IF(COUNTBLANK(AB68:AH68)=7,"",IF($AI68<86,"Débil",IF($AI68<96,"Moderado","Fuerte"))) -> Fuerte | AK68: Moderado | AL68: =IFERROR(VLOOKUP(AJ68&AK68,Tabla_Controles!$B$56:$G$65,5,FALSE),"") -> Moderado | AM68: =IF($AL68="","",IF($AL68="Fuerte",100,IF($AL68="Moderado",50,0))) -> 50 | AV68: T2 | AW68: NA | AX68: NA | AY68: NA | AZ68: NA | BA68: NA | BC68: C2 | BG68: T7
B69: 179 | K69: CA_3 | L69: Evaluaciones incompletas o sesgadas de los participantes para la inscripción del Registro de Revisores Fiscales | W69: C3 | X69: Verificación de Requisitos Técnicos, Jurídicos y Financieros Habilitantes | Y69: Los profesionales delegados como equipo evaluador verifican el cumplimiento de requisitos técnicos, jurídicos y financieros establecida en la convocatoria vigente, dejando el registro de los conceptos de evaluación emitidos en el aplicativo y marcando el cumplimiento en el aplicativo a través de la lista de chequeo de verificación de información. En caso de requerirse subsanación, se solicita las aclaraciones a los aspirantes a través del módulo de convocatoria para su posterior análisis y evaluación. En caso de no cumplir los requisitos técnicos se informa al aspirante de la terminación de su proceso. | Z69: P-RR2-194 Registro y Clasificación de Revisores Fiscales | AA69: * G. Sociedades Activas * G. Sociedades en Liquidación | AB69: Asignado | AC69: Adecuado | AD69: Oportuna | AE69: Detectar | AF69: Confiable | AG69: Oportuna | AH69: Completa | AI69: =IF(COUNTBLANK(AB69:AH69)=7,"",IF($AB69="Asignado",15,0)+IF($AC69="Adecuado",15,0)+IF($AD69="Oportuna",15,0)+IF($AE69="Prevenir",15,0)+IF($AE69="Detectar",10,0)+IF($AF69="Confiable",15,0)+IF($AG69="Oportuna",15,0)+IF($AH69="Completa",10,0)+IF($AH69="Incompleta",5,0)) -> 95 | AJ69: =IF(COUNTBLANK(AB69:AH69)=7,"",IF($AI69<86,"Débil",IF($AI69<96,"Moderado","Fuerte"))) -> Moderado | AK69: Fuerte | AL69: =IFERROR(VLOOKUP(AJ69&AK69,Tabla_Controles!$B$56:$G$65,5,FALSE),"") -> Moderado | AM69: =IF($AL69="","",IF($AL69="Fuerte",100,IF($AL69="Moderado",50,0))) -> 50 | AV69: T3 | AW69: Realizar capacitación sobre el código de ética y los efectos disciplinarios que conllevan actos inapropiados por parte de los Funcionarios de la SAE | AX69: Listado de asistencia | AY69: G. Talento Humano | AZ69: 45107 | BA69: 45122 | BC69: C3 | BG69: T1
B70: 179 | K70: CA_4 | L70: Relacionamiento personal o comercial de los participantes con profesionales involucrados en el proceso de evaluación de requisitos en la conformación del Registro de Revisores Fiscales | W70: C4 | X70: Verificación antecedentes de participantes | Y70: El Gerente de Sociedades Activas o en Liquidación verificará a través de empresa tercerizada las anotaciones del aspirante en bases de datos y deudores morosos del estado, antecedentes profesionales, disciplinarios y financieros así como un análisis de estudio de seguridad con un concepto de riesgo (alto,medio, bajo) de acuerdo con los criterios definidos por la entidad. En caso de que el riesgo sea alto o medio sin subsanación de información se rechaza al aspirante en el aplicativo. | Z70: P-RR2-194 Registro y Clasificación de Revisores Fiscales | AA70: * G. Sociedades Activas * G. Sociedades en Liquidación | AB70: Asignado | AC70: Adecuado | AD70: Oportuna | AE70: Detectar | AF70: Confiable | AG70: Oportuna | AH70: Completa | AI70: =IF(COUNTBLANK(AB70:AH70)=7,"",IF($AB70="Asignado",15,0)+IF($AC70="Adecuado",15,0)+IF($AD70="Oportuna",15,0)+IF($AE70="Prevenir",15,0)+IF($AE70="Detectar",10,0)+IF($AF70="Confiable",15,0)+IF($AG70="Oportuna",15,0)+IF($AH70="Completa",10,0)+IF($AH70="Incompleta",5,0)) -> 95 | AJ70: =IF(COUNTBLANK(AB70:AH70)=7,"",IF($AI70<86,"Débil",IF($AI70<96,"Moderado","Fuerte"))) -> Moderado | AK70: Fuerte | AL70: =IFERROR(VLOOKUP(AJ70&AK70,Tabla_Controles!$B$56:$G$65,5,FALSE),"") -> Moderado | AM70: =IF($AL70="","",IF($AL70="Fuerte",100,IF($AL70="Moderado",50,0))) -> 50 | AV70: T4 | AW70: Adelantar proceso contractual para la consulta de antecedes legales de los clientes involucrados con la SAE | AX70: Contrato Suscrito | AY70: G. Comercial | AZ70: 45076 | BA70: 15/07/2023 15/10/2023 31/12/2023 | BC70: C4 | BG70: T2
B71: 179 | K71: CA_5 | L71: No hacer publico la información de los potenciales aspirantes a Revisores Fiscales | W71: C5 | X71: Verificación de observaciones de la Ciudadanía frente a los aspirantes | Y71: El Gerente de Sociedades Activas o en Liquidación solicitará la publicación del listado de los aspirantes seleccionados en la página web de SAE por un término de tres (3) días hábiles para observaciones de la ciudadanía, verificando si existe alguna observación para remitirsela al aspirante para su respectiva respuesta a la ciudadania | Z71: P-RR2-194 Registro y Clasificación de Revisores Fiscales | AA71: * G. Sociedades Activas * G. Sociedades en Liquidación | AB71: Asignado | AC71: Adecuado | AD71: Oportuna | AE71: Detectar | AF71: Confiable | AG71: Oportuna | AH71: Completa | AI71: =IF(COUNTBLANK(AB71:AH71)=7,"",IF($AB71="Asignado",15,0)+IF($AC71="Adecuado",15,0)+IF($AD71="Oportuna",15,0)+IF($AE71="Prevenir",15,0)+IF($AE71="Detectar",10,0)+IF($AF71="Confiable",15,0)+IF($AG71="Oportuna",15,0)+IF($AH71="Completa",10,0)+IF($AH71="Incompleta",5,0)) -> 95 | AJ71: =IF(COUNTBLANK(AB71:AH71)=7,"",IF($AI71<86,"Débil",IF($AI71<96,"Moderado","Fuerte"))) -> Moderado | AK71: Fuerte | AL71: =IFERROR(VLOOKUP(AJ71&AK71,Tabla_Controles!$B$56:$G$65,5,FALSE),"") -> Moderado | AM71: =IF($AL71="","",IF($AL71="Fuerte",100,IF($AL71="Moderado",50,0))) -> 50 | AV71: T5 | AW71: NA | AX71: NA | AY71: NA | AZ71: NA | BA71: NA | BC71: C5 | BG71: T3
B72: 179 | K72: CA_6 | W72: C6 | AI72: =IF(COUNTBLANK(AB72:AH72)=7,"",IF($AB72="Asignado",15,0)+IF($AC72="Adecuado",15,0)+IF($AD72="Oportuna",15,0)+IF($AE72="Prevenir",15,0)+IF($AE72="Detectar",10,0)+IF($AF72="Confiable",15,0)+IF($AG72="Oportuna",15,0)+IF($AH72="Completa",10,0)+IF($AH72="Incompleta",5,0)) | AJ72: =IF(COUNTBLANK(AB72:AH72)=7,"",IF($AI72<86,"Débil",IF($AI72<96,"Moderado","Fuerte"))) | AL72: =IFERROR(VLOOKUP(AJ72&AK72,Tabla_Controles!$B$56:$G$65,5,FALSE),"") | AM72: =IF($AL72="","",IF($AL72="Fuerte",100,IF($AL72="Moderado",50,0))) | AV72: T6 | BC72: C6 | BG72: T4
B73: 179 | K73: CA_7 | W73: C7 | AI73: =IF(COUNTBLANK(AB73:AH73)=7,"",IF($AB73="Asignado",15,0)+IF($AC73="Adecuado",15,0)+IF($AD73="Oportuna",15,0)+IF($AE73="Prevenir",15,0)+IF($AE73="Detectar",10,0)+IF($AF73="Confiable",15,0)+IF($AG73="Oportuna",15,0)+IF($AH73="Completa",10,0)+IF($AH73="Incompleta",5,0)) | AJ73: =IF(COUNTBLANK(AB73:AH73)=7,"",IF($AI73<86,"Débil",IF($AI73<96,"Moderado","Fuerte"))) | AL73: =IFERROR(VLOOKUP(AJ73&AK73,Tabla_Controles!$B$56:$G$65,5,FALSE),"") | AM73: =IF($AL73="","",IF($AL73="Fuerte",100,IF($AL73="Moderado",50,0))) | AV73: T7 | BC73: C7 | BG73: T5
A74: =C74&COUNTIF($C$10:C74,C74) -> Corrupción10 | B74: 180 | C74: Corrupción | D74: Fraude interno | E74: Diagnóstico_Alistamiento | F74: Diagnóstico de Activos | G74: Realizar el análisis de la información de los activos incautados recibidos, con extinción de dominio y/o comiso definitivo a favor del FRISCO, en sus diferentes tipologías, con el fin de obtener un diagnóstico de los mismos que permita establecer los mecanismos de saneamiento, valoración y disposición temporal o definitiva | H74: Diagnóstico de activos | I74: ="Posibilidad de recibir o solicitar cualquier dádiva o beneficio a nombre propio o de terceros, con el fin de "&J74 -> Posibilidad de recibir o solicitar cualquier dádiva o beneficio a nombre propio o de terceros, con el fin de alterar de manera indebida e ilícita diagnósticos de activos para direccionar los mecanismos de disposición temporal o definitiva de los bienes | J74: alterar de manera indebida e ilícita diagnósticos de activos para direccionar los mecanismos de disposición temporal o definitiva de los bienes | K74: CA_1 | L74: Falencias en la revisión de diagnósticos de intervención de inmuebles | M74: 1) Pérdida de imagen reputacional y credibilidad institucional 2) Implicaciones a nivel penal, disciplinario, fiscal o sancionatorio 3) Disminución en posibles ganancias por productividad del activo 4) Administración inadecuada de los activos recibidos 5) Pérdida de recursos económicos | N74: El evento podrá ocurrir en algún momento | O74: =IF(N74="","",IF(OR($N74=Tabla_Probabilidad!$D$20,$N74=Tabla_Probabilidad!$J$20),"Muy Baja",IF(OR($N74=Tabla_Probabilidad!$E$20,$N74=Tabla_Probabilidad!$K$20),"Baja",IF(OR($N74=Tabla_Probabilidad!$F$20,$N74=Tabla_Probabilidad!$L$20),"Media",IF(OR($N74=Tabla_Probabilidad!$G$20,$N74=Tabla_Probabilidad!$M$20),"Alta",IF(OR($N74=Tabla_Probabilidad!$H$20,$N74=Tabla_Probabilidad!$N$20),"Muy Alta")))))) -> Media | P74: =IF(O74="Muy Baja",1,IF(O74="Baja",2,IF(O74="Media",3,IF(O74="Alta",4,IF(O74="Muy Alta",5,""))))) -> 3 | Q74: =IFERROR(IF($C74="Corrupción",HYPERLINK("#"&"Impacto_Riesgos!C"&MATCH($B74,Impacto_Riesgos!$B$10:$B$138,0)+9,"Calcula el impacto aquí"),"")," ") -> Calcula el impacto aquí | R74: =IFERROR(VLOOKUP(A74,Impacto_Riesgos!$A$8:$W$138,23,),"NA") -> 15 | S74: De doce (12) a diecinueve (19) respuestas afirmativas. Genera consecuencias desastrosas para la entidad | T74: =IF($S74='Tabla Impacto'!$F$10,"Moderado",IF($S74='Tabla Impacto'!$G$10,"Mayor",IF($S74='Tabla Impacto'!$H$10,"Catastrófico",""))) -> Catastrófico | U74: =IF(T74="Leve",1,IF(T74="Menor",2,IF(T74="Moderado",3,IF(T74="Mayor",4,IF(T74="Catastrófico",5,""))))) -> 5 | V74: =IF(OR(AND($O74="Muy Baja",T74="Leve"),AND($O74="Muy Baja",T74="Menor"),AND($O74="Baja",T74="Leve"),AND($O74="Baja",T74="Menor"),AND($O74="Media",T74="Leve")),"Bajo",IF(OR(AND($O74="Muy baja",T74="Moderado"),AND($O74="Baja",T74="Moderado"),AND($O74="Media",T74="Menor"),AND($O74="Alta",T74="Leve")),"Moderado",IF(OR(AND($O74="Muy Baja",T74="Mayor"),AND($O74="Baja",T74="Mayor"),AND($O74="Media",T74="Moderado"),AND($O74="Alta",T74="Menor"),AND($O74="Alta",T74="Moderado"),AND($O74="Muy Alta",T74="Leve"),AND($O74="Muy Alta",T74="Menor")),"Alto",IF(OR(AND($O74="Muy Baja",T74="Catastrófico"),AND($O74="Baja",T74="Catastrófico"),AND($O74="Media",T74="Mayor"),AND($O74="Media",T74="Catastrófico"),AND($O74="Alta",T74="Mayor"),AND($O74="Alta",T74="Catastrófico"),AND($O74="Muy Alta",T74="Moderado"),AND($O74="Muy Alta",T74="Mayor"),AND($O74="Muy Alta",T74="Catastrófico")),"Extremo","")))) -> Extremo | W74: C1 | X74: Verificación de informe de diagnóstico de intervención de inmuebles | Y74: El profesional delegado por la Gerencia Regional verifica que la información registrada en los informes de diagnóstico de activos entregados por depositarios provisionales sean coherentes y tengan relación con el acta de entrega del activo al depositario, y que el estado físico, de ocupación y contratos de arrendamiento estén de acuerdo con la información registrada en los sistemas de información. Este análisis se deja documentado en el portal de depositarios y en caso de presentarse alguna inconsistencia se solicita subsanación al depositario para contar con el diagnóstico requerido. | Z74: P-DP1-042 Procedimiento para el diagnóstico y análisis de bienes inmuebles | AA74: G. Regionales | AB74: Asignado | AC74: Adecuado | AD74: Oportuna | AE74: Detectar | AF74: Confiable | AG74: Oportuna | AH74: Completa | AI74: =IF(COUNTBLANK(AB74:AH74)=7,"",IF($AB74="Asignado",15,0)+IF($AC74="Adecuado",15,0)+IF($AD74="Oportuna",15,0)+IF($AE74="Prevenir",15,0)+IF($AE74="Detectar",10,0)+IF($AF74="Confiable",15,0)+IF($AG74="Oportuna",15,0)+IF($AH74="Completa",10,0)+IF($AH74="Incompleta",5,0)) -> 95 | AJ74: =IF(COUNTBLANK(AB74:AH74)=7,"",IF($AI74<86,"Débil",IF($AI74<96,"Moderado","Fuerte"))) -> Moderado | AK74: Fuerte | AL74: =IFERROR(VLOOKUP(AJ74&AK74,Tabla_Controles!$B$56:$G$65,5,FALSE),"") -> Moderado | AM74: =IF($AL74="","",IF($AL74="Fuerte",100,IF($AL74="Moderado",50,0))) -> 50 | AN74: =IFERROR(AVERAGE(AM74:AM80),"") -> 50 | AO74: =IF($AN74=100,"Fuerte",IF($AN74<100,"Moderado",IF($AN74<50,"Débil",IF($AN74=0,"","")))) -> Moderado | AP74: Directamente | AQ74: =IFERROR(P74-VLOOKUP(AO74&AP74,Tabla_Controles!$B$77:$E$83,4,0),"") -> 2 | AR74: =IF($AQ74="","",IF($AQ74=1,"Muy Baja",IF($AQ74=2,"Baja",IF($AQ74=3,"Media",IF($AQ74=4,"Alta",IF($AQ74=5,"Muy Alta","Muy Baja")))))) -> Baja | AS74: =T74 -> Catastrófico | AT74: =IF(OR(AND($AR74="Muy Baja",$AS74="Leve"),AND($AR74="Muy Baja",$AS74="Menor"),AND($AR74="Baja",$AS74="Leve"),AND($AR74="Baja",$AS74="Menor"),AND($AR74="Media",$AS74="Leve")),"Bajo",IF(OR(AND($AR74="Muy baja",$AS74="Moderado"),AND($AR74="Baja",$AS74="Moderado"),AND($AR74="Media",$AS74="Menor"),AND($AR74="Alta",$AS74="Leve")),"Moderado",IF(OR(AND($AR74="Muy Baja",$AS74="Mayor"),AND($AR74="Baja",$AS74="Mayor"),AND($AR74="Media",$AS74="Moderado"),AND($AR74="Alta",$AS74="Menor"),AND($AR74="Alta",$AS74="Moderado"),AND($AR74="Muy Alta",$AS74="Leve"),AND($AR74="Muy Alta",$AS74="Menor")),"Alto",IF(OR(AND($AR74="Muy Baja",$AS74="Catastrófico"),AND($AR74="Baja",$AS74="Catastrófico"),AND($AR74="Media",$AS74="Mayor"),AND($AR74="Media",$AS74="Catastrófico"),AND($AR74="Alta",$AS74="Mayor"),AND($AR74="Alta",$AS74="Catastrófico"),AND($AR74="Muy Alta",$AS74="Moderado"),AND($AR74="Muy Alta",$AS74="Mayor"),AND($AR74="Muy Alta",$AS74="Catastrófico")),"Extremo","")))) -> Extremo | AU74: Reducir (Mitigar) | AV74: T1 | AW74: NA | AX74: NA | AY74: NA | AZ74: NA | BA74: NA | BB74: 1) Informar riesgo de corrupción detectado a la Oficina Asesora de Planeación, con el diseño del plan de tratamiento 2) Informar evento presentado a la Gerencia de Talento Humano 3) La Gerencia de Talento Humano realiza el proceso de investigación disciplinario 4) La Oficina Asesora de Planeación informa a Comité Directivo y de Control Interno posibles materializaciones de riesgos de Corrupción 5) Informar eventos presentados a entes de control con base en resultados de investigación disciplinaria 6) Implementar el plan de tratamiento de mitigación de riesgos diseñado para el evento presentado | BC74: C1 | BG74: T6
B75: 180 | K75: CA_2 | L75: Falencias en la revisión de diagnósticos y planes de intervención de sociedades | W75: C2 | X75: Verificación de informe de diagnóstico de intervención de sociedades | Y75: El Gerente de Sociedades Activas o en Liquidación revisa el informe de diagnóstico inicial de intervención y el plan de acción de la sociedad realizado por los profesionales delegados de estas gerencias, analizando la información contenida, la información de la sociedad y los parámetros pre-establecidos en dichos informes, dejando registro de su aprobación por correo electrónico. En caso de requerirse ajustes se solicitarán por correo electrónico para su corrección. | Z75: P-DP1-038 Procedimiento de diagnóstico inicial de intervención de sociedades | AA75: * G. Sociedades Activas * G. Sociedades en Liquidación | AB75: Asignado | AC75: Adecuado | AD75: Oportuna | AE75: Detectar | AF75: Confiable | AG75: Oportuna | AH75: Completa | AI75: =IF(COUNTBLANK(AB75:AH75)=7,"",IF($AB75="Asignado",15,0)+IF($AC75="Adecuado",15,0)+IF($AD75="Oportuna",15,0)+IF($AE75="Prevenir",15,0)+IF($AE75="Detectar",10,0)+IF($AF75="Confiable",15,0)+IF($AG75="Oportuna",15,0)+IF($AH75="Completa",10,0)+IF($AH75="Incompleta",5,0)) -> 95 | AJ75: =IF(COUNTBLANK(AB75:AH75)=7,"",IF($AI75<86,"Débil",IF($AI75<96,"Moderado","Fuerte"))) -> Moderado | AK75: Fuerte | AL75: =IFERROR(VLOOKUP(AJ75&AK75,Tabla_Controles!$B$56:$G$65,5,FALSE),"") -> Moderado | AM75: =IF($AL75="","",IF($AL75="Fuerte",100,IF($AL75="Moderado",50,0))) -> 50 | AV75: T2 | AW75: Realizar capacitación sobre el código de ética y los efectos disciplinarios que conllevan actos inapropiados por parte de los Funcionarios de la SAE | AX75: Listado de asistencia | AY75: G. Talento Humano | AZ75: 45107 | BA75: 45122 | BC75: C2 | BG75: T7
B76: 180 | K76: CA_3 | W76: C3 | AI76: =IF(COUNTBLANK(AB76:AH76)=7,"",IF($AB76="Asignado",15,0)+IF($AC76="Adecuado",15,0)+IF($AD76="Oportuna",15,0)+IF($AE76="Prevenir",15,0)+IF($AE76="Detectar",10,0)+IF($AF76="Confiable",15,0)+IF($AG76="Oportuna",15,0)+IF($AH76="Completa",10,0)+IF($AH76="Incompleta",5,0)) | AJ76: =IF(COUNTBLANK(AB76:AH76)=7,"",IF($AI76<86,"Débil",IF($AI76<96,"Moderado","Fuerte"))) | AL76: =IFERROR(VLOOKUP(AJ76&AK76,Tabla_Controles!$B$56:$G$65,5,FALSE),"") | AM76: =IF($AL76="","",IF($AL76="Fuerte",100,IF($AL76="Moderado",50,0))) | AV76: T3 | BC76: C3 | BG76: T1
B77: 180 | K77: CA_4 | W77: C4 | AI77: =IF(COUNTBLANK(AB77:AH77)=7,"",IF($AB77="Asignado",15,0)+IF($AC77="Adecuado",15,0)+IF($AD77="Oportuna",15,0)+IF($AE77="Prevenir",15,0)+IF($AE77="Detectar",10,0)+IF($AF77="Confiable",15,0)+IF($AG77="Oportuna",15,0)+IF($AH77="Completa",10,0)+IF($AH77="Incompleta",5,0)) | AJ77: =IF(COUNTBLANK(AB77:AH77)=7,"",IF($AI77<86,"Débil",IF($AI77<96,"Moderado","Fuerte"))) | AL77: =IFERROR(VLOOKUP(AJ77&AK77,Tabla_Controles!$B$56:$G$65,5,FALSE),"") | AM77: =IF($AL77="","",IF($AL77="Fuerte",100,IF($AL77="Moderado",50,0))) | AV77: T4 | BC77: C4 | BG77: T2
B78: 180 | K78: CA_5 | W78: C5 | AI78: =IF(COUNTBLANK(AB78:AH78)=7,"",IF($AB78="Asignado",15,0)+IF($AC78="Adecuado",15,0)+IF($AD78="Oportuna",15,0)+IF($AE78="Prevenir",15,0)+IF($AE78="Detectar",10,0)+IF($AF78="Confiable",15,0)+IF($AG78="Oportuna",15,0)+IF($AH78="Completa",10,0)+IF($AH78="Incompleta",5,0)) | AJ78: =IF(COUNTBLANK(AB78:AH78)=7,"",IF($AI78<86,"Débil",IF($AI78<96,"Moderado","Fuerte"))) | AL78: =IFERROR(VLOOKUP(AJ78&AK78,Tabla_Controles!$B$56:$G$65,5,FALSE),"") | AM78: =IF($AL78="","",IF($AL78="Fuerte",100,IF($AL78="Moderado",50,0))) | AV78: T5 | BC78: C5 | BG78: T3
B79: 180 | K79: CA_6 | W79: C6 | AI79: =IF(COUNTBLANK(AB79:AH79)=7,"",IF($AB79="Asignado",15,0)+IF($AC79="Adecuado",15,0)+IF($AD79="Oportuna",15,0)+IF($AE79="Prevenir",15,0)+IF($AE79="Detectar",10,0)+IF($AF79="Confiable",15,0)+IF($AG79="Oportuna",15,0)+IF($AH79="Completa",10,0)+IF($AH79="Incompleta",5,0)) | AJ79: =IF(COUNTBLANK(AB79:AH79)=7,"",IF($AI79<86,"Débil",IF($AI79<96,"Moderado","Fuerte"))) | AL79: =IFERROR(VLOOKUP(AJ79&AK79,Tabla_Controles!$B$56:$G$65,5,FALSE),"") | AM79: =IF($AL79="","",IF($AL79="Fuerte",100,IF($AL79="Moderado",50,0))) | AV79: T6 | BC79: C6 | BG79: T4
B80: 180 | K80: CA_7 | W80: C7 | AI80: =IF(COUNTBLANK(AB80:AH80)=7,"",IF($AB80="Asignado",15,0)+IF($AC80="Adecuado",15,0)+IF($AD80="Oportuna",15,0)+IF($AE80="Prevenir",15,0)+IF($AE80="Detectar",10,0)+IF($AF80="Confiable",15,0)+IF($AG80="Oportuna",15,0)+IF($AH80="Completa",10,0)+IF($AH80="Incompleta",5,0)) | AJ80: =IF(COUNTBLANK(AB80:AH80)=7,"",IF($AI80<86,"Débil",IF($AI80<96,"Moderado","Fuerte"))) | AL80: =IFERROR(VLOOKUP(AJ80&AK80,Tabla_Controles!$B$56:$G$65,5,FALSE),"") | AM80: =IF($AL80="","",IF($AL80="Fuerte",100,IF($AL80="Moderado",50,0))) | AV80: T7 | BC80: C7 | BG80: T5
A81: =C81&COUNTIF($C$10:C81,C81) -> Corrupción11 | B81: 181 | C81: Corrupción | D81: Fraude interno | E81: Diagnóstico_Alistamiento | F81: Alistamiento de activos | G81: Realizar el saneamiento administrativo, jurídico y físico catastral, estimados de renta y/o valoración de los activos, desalojos y restitución de bienes inmuebles, según el tipo de activo incautado o extinto, con el fin de dejarlo apto para la disposición temporal o definitiva | H81: Registro de Bancas de Inversión | I81: ="Posibilidad de recibir o solicitar cualquier dádiva o beneficio a nombre propio o de terceros, con el fin de "&J81 -> Posibilidad de recibir o solicitar cualquier dádiva o beneficio a nombre propio o de terceros, con el fin de favorecer el registro e inscripción de bancas de inversión sin el cumplimiento de los requisitos exigibles. | J81: favorecer el registro e inscripción de bancas de inversión sin el cumplimiento de los requisitos exigibles. | K81: CA_1 | L81: Debilidades en los controles de recepción de solicitudes de registro de los participantes | M81: 1) Pérdida de imagen reputacional y credibilidad institucional 2) Implicaciones a nivel penal, disciplinario, fiscal o sancionatorio 3) Procesos de valoración o inversión mal efectuados 4) Demandas de la ciudadanía 5) Pérdida de recursos económicos | N81: El evento podrá ocurrir en algún momento | O81: =IF(N81="","",IF(OR($N81=Tabla_Probabilidad!$D$20,$N81=Tabla_Probabilidad!$J$20),"Muy Baja",IF(OR($N81=Tabla_Probabilidad!$E$20,$N81=Tabla_Probabilidad!$K$20),"Baja",IF(OR($N81=Tabla_Probabilidad!$F$20,$N81=Tabla_Probabilidad!$L$20),"Media",IF(OR($N81=Tabla_Probabilidad!$G$20,$N81=Tabla_Probabilidad!$M$20),"Alta",IF(OR($N81=Tabla_Probabilidad!$H$20,$N81=Tabla_Probabilidad!$N$20),"Muy Alta")))))) -> Media | P81: =IF(O81="Muy Baja",1,IF(O81="Baja",2,IF(O81="Media",3,IF(O81="Alta",4,IF(O81="Muy Alta",5,""))))) -> 3 | Q81: =IFERROR(IF($C81="Corrupción",HYPERLINK("#"&"Impacto_Riesgos!C"&MATCH($B81,Impacto_Riesgos!$B$10:$B$138,0)+9,"Calcula el impacto aquí"),"")," ") -> Calcula el impacto aquí | R81: =IFERROR(VLOOKUP(A81,Impacto_Riesgos!$A$8:$W$138,23,),"NA") -> 15 | S81: De doce (12) a diecinueve (19) respuestas afirmativas. Genera consecuencias desastrosas para la entidad | T81: =IF($S81='Tabla Impacto'!$F$10,"Moderado",IF($S81='Tabla Impacto'!$G$10,"Mayor",IF($S81='Tabla Impacto'!$H$10,"Catastrófico",""))) -> Catastrófico | U81: =IF(T81="Leve",1,IF(T81="Menor",2,IF(T81="Moderado",3,IF(T81="Mayor",4,IF(T81="Catastrófico",5,""))))) -> 5 | V81: =IF(OR(AND($O81="Muy Baja",T81="Leve"),AND($O81="Muy Baja",T81="Menor"),AND($O81="Baja",T81="Leve"),AND($O81="Baja",T81="Menor"),AND($O81="Media",T81="Leve")),"Bajo",IF(OR(AND($O81="Muy baja",T81="Moderado"),AND($O81="Baja",T81="Moderado"),AND($O81="Media",T81="Menor"),AND($O81="Alta",T81="Leve")),"Moderado",IF(OR(AND($O81="Muy Baja",T81="Mayor"),AND($O81="Baja",T81="Mayor"),AND($O81="Media",T81="Moderado"),AND($O81="Alta",T81="Menor"),AND($O81="Alta",T81="Moderado"),AND($O81="Muy Alta",T81="Leve"),AND($O81="Muy Alta",T81="Menor")),"Alto",IF(OR(AND($O81="Muy Baja",T81="Catastrófico"),AND($O81="Baja",T81="Catastrófico"),AND($O81="Media",T81="Mayor"),AND($O81="Media",T81="Catastrófico"),AND($O81="Alta",T81="Mayor"),AND($O81="Alta",T81="Catastrófico"),AND($O81="Muy Alta",T81="Moderado"),AND($O81="Muy Alta",T81="Mayor"),AND($O81="Muy Alta",T81="Catastrófico")),"Extremo","")))) -> Extremo | W81: C1 | X81: Control de recepción de solicitudes de registro de bancas de inversión | Y81: El funcionario delegado por la Gerencia Técnica recibe y revisa la información radicada por las bancas de inversión a través de correo electrónico o aplicativo de correspondencia, de tal manera que se validen los requisitos definidos en la convocatoria para su participación. En caso que el participante no cumpla con los requisitos minimos exigidos no se tendrá en cuenta para el proceso. | Z81: P-DP2-205 Procedimiento Selección bancas de inversión | AA81: G. Técnica | AB81: Asignado | AC81: Adecuado | AD81: Oportuna | AE81: Prevenir | AF81: Confiable | AG81: Oportuna | AH81: Completa | AI81: =IF(COUNTBLANK(AB81:AH81)=7,"",IF($AB81="Asignado",15,0)+IF($AC81="Adecuado",15,0)+IF($AD81="Oportuna",15,0)+IF($AE81="Prevenir",15,0)+IF($AE81="Detectar",10,0)+IF($AF81="Confiable",15,0)+IF($AG81="Oportuna",15,0)+IF($AH81="Completa",10,0)+IF($AH81="Incompleta",5,0)) -> 100 | AJ81: =IF(COUNTBLANK(AB81:AH81)=7,"",IF($AI81<86,"Débil",IF($AI81<96,"Moderado","Fuerte"))) -> Fuerte | AK81: Fuerte | AL81: =IFERROR(VLOOKUP(AJ81&AK81,Tabla_Controles!$B$56:$G$65,5,FALSE),"") -> Fuerte | AM81: =IF($AL81="","",IF($AL81="Fuerte",100,IF($AL81="Moderado",50,0))) -> 100 | AN81: =IFERROR(AVERAGE(AM81:AM87),"") -> 75 | AO81: =IF($AN81=100,"Fuerte",IF($AN81<100,"Moderado",IF($AN81<50,"Débil",IF($AN81=0,"","")))) -> Moderado | AP81: Directamente | AQ81: =IFERROR(P81-VLOOKUP(AO81&AP81,Tabla_Controles!$B$77:$E$83,4,0),"") -> 2 | AR81: =IF($AQ81="","",IF($AQ81=1,"Muy Baja",IF($AQ81=2,"Baja",IF($AQ81=3,"Media",IF($AQ81=4,"Alta",IF($AQ81=5,"Muy Alta","Muy Baja")))))) -> Baja | AS81: =T81 -> Catastrófico | AT81: =IF(OR(AND($AR81="Muy Baja",$AS81="Leve"),AND($AR81="Muy Baja",$AS81="Menor"),AND($AR81="Baja",$AS81="Leve"),AND($AR81="Baja",$AS81="Menor"),AND($AR81="Media",$AS81="Leve")),"Bajo",IF(OR(AND($AR81="Muy baja",$AS81="Moderado"),AND($AR81="Baja",$AS81="Moderado"),AND($AR81="Media",$AS81="Menor"),AND($AR81="Alta",$AS81="Leve")),"Moderado",IF(OR(AND($AR81="Muy Baja",$AS81="Mayor"),AND($AR81="Baja",$AS81="Mayor"),AND($AR81="Media",$AS81="Moderado"),AND($AR81="Alta",$AS81="Menor"),AND($AR81="Alta",$AS81="Moderado"),AND($AR81="Muy Alta",$AS81="Leve"),AND($AR81="Muy Alta",$AS81="Menor")),"Alto",IF(OR(AND($AR81="Muy Baja",$AS81="Catastrófico"),AND($AR81="Baja",$AS81="Catastrófico"),AND($AR81="Media",$AS81="Mayor"),AND($AR81="Media",$AS81="Catastrófico"),AND($AR81="Alta",$AS81="Mayor"),AND($AR81="Alta",$AS81="Catastrófico"),AND($AR81="Muy Alta",$AS81="Moderado"),AND($AR81="Muy Alta",$AS81="Mayor"),AND($AR81="Muy Alta",$AS81="Catastrófico")),"Extremo","")))) -> Extremo | AU81: Reducir (Mitigar) | AV81: T1 | AW81: NA | AX81: NA | AY81: NA | AZ81: NA | BA81: NA | BB81: 1) Informar riesgo de corrupción detectado a la Oficina Asesora de Planeación, con el diseño del plan de tratamiento 2) Informar evento presentado a la Gerencia de Talento Humano 3) La Gerencia de Talento Humano realiza el proceso de investigación disciplinario 4) La Oficina Asesora de Planeación informa a Comité Directivo y de Control Interno posibles materializaciones de riesgos de Corrupción 5) Informar eventos presentados a entes de control con base en resultados de investigación disciplinaria 6) Implementar el plan de tratamiento de mitigación de riesgos diseñado para el evento presentado | BC81: C1 | BG81: T6
B82: 181 | K82: CA_2 | L82: Evaluaciones incompletas o sesgadas de los participantes para la inscripción del Registro de Bancas de Inversión | W82: C2 | X82: Verificación de cumplimiento de requisitos por parte de las bancas de inversión | Y82: El funcionario delegado de la Gerencia Técnica verifica y diligencia el formato para la escogencia de bancas de inversión de acuerdo con los requisitos establecidos en la convocatoria, para establecer automáticamente la banca de inversión que cumple con los requisitos definidos y valorados en el mismo formato. En caso de existir empates, se deberá realizar un estudio de ventaja competitiva escogiendose la opción que tenga el menor costo de ejecución. | Z82: P-DP2-205 Procedimiento Selección bancas de inversión | AA82: G. Técnica | AB82: Asignado | AC82: Adecuado | AD82: Oportuna | AE82: Detectar | AF82: Confiable | AG82: Oportuna | AH82: Completa | AI82: =IF(COUNTBLANK(AB82:AH82)=7,"",IF($AB82="Asignado",15,0)+IF($AC82="Adecuado",15,0)+IF($AD82="Oportuna",15,0)+IF($AE82="Prevenir",15,0)+IF($AE82="Detectar",10,0)+IF($AF82="Confiable",15,0)+IF($AG82="Oportuna",15,0)+IF($AH82="Completa",10,0)+IF($AH82="Incompleta",5,0)) -> 95 | AJ82: =IF(COUNTBLANK(AB82:AH82)=7,"",IF($AI82<86,"Débil",IF($AI82<96,"Moderado","Fuerte"))) -> Moderado | AK82: Fuerte | AL82: =IFERROR(VLOOKUP(AJ82&AK82,Tabla_Controles!$B$56:$G$65,5,FALSE),"") -> Moderado | AM82: =IF($AL82="","",IF($AL82="Fuerte",100,IF($AL82="Moderado",50,0))) -> 50 | AV82: T2 | AW82: Realizar capacitación sobre el código de ética y los efectos disciplinarios que conllevan actos inapropiados por parte de los Funcionarios de la SAE | AX82: Listado de asistencia | AY82: G. Talento Humano | AZ82: 45107 | BA82: 45122 | BC82: C2 | BG82: T7
B83: 181 | K83: CA_3 | W83: C3 | AI83: =IF(COUNTBLANK(AB83:AH83)=7,"",IF($AB83="Asignado",15,0)+IF($AC83="Adecuado",15,0)+IF($AD83="Oportuna",15,0)+IF($AE83="Prevenir",15,0)+IF($AE83="Detectar",10,0)+IF($AF83="Confiable",15,0)+IF($AG83="Oportuna",15,0)+IF($AH83="Completa",10,0)+IF($AH83="Incompleta",5,0)) | AJ83: =IF(COUNTBLANK(AB83:AH83)=7,"",IF($AI83<86,"Débil",IF($AI83<96,"Moderado","Fuerte"))) | AL83: =IFERROR(VLOOKUP(AJ83&AK83,Tabla_Controles!$B$56:$G$65,5,FALSE),"") | AM83: =IF($AL83="","",IF($AL83="Fuerte",100,IF($AL83="Moderado",50,0))) | AV83: T3 | BC83: C3 | BG83: T1
B84: 181 | K84: CA_4 | W84: C4 | AI84: =IF(COUNTBLANK(AB84:AH84)=7,"",IF($AB84="Asignado",15,0)+IF($AC84="Adecuado",15,0)+IF($AD84="Oportuna",15,0)+IF($AE84="Prevenir",15,0)+IF($AE84="Detectar",10,0)+IF($AF84="Confiable",15,0)+IF($AG84="Oportuna",15,0)+IF($AH84="Completa",10,0)+IF($AH84="Incompleta",5,0)) | AJ84: =IF(COUNTBLANK(AB84:AH84)=7,"",IF($AI84<86,"Débil",IF($AI84<96,"Moderado","Fuerte"))) | AL84: =IFERROR(VLOOKUP(AJ84&AK84,Tabla_Controles!$B$56:$G$65,5,FALSE),"") | AM84: =IF($AL84="","",IF($AL84="Fuerte",100,IF($AL84="Moderado",50,0))) | AV84: T4 | BC84: C4 | BG84: T2
B85: 181 | K85: CA_5 | W85: C5 | AI85: =IF(COUNTBLANK(AB85:AH85)=7,"",IF($AB85="Asignado",15,0)+IF($AC85="Adecuado",15,0)+IF($AD85="Oportuna",15,0)+IF($AE85="Prevenir",15,0)+IF($AE85="Detectar",10,0)+IF($AF85="Confiable",15,0)+IF($AG85="Oportuna",15,0)+IF($AH85="Completa",10,0)+IF($AH85="Incompleta",5,0)) | AJ85: =IF(COUNTBLANK(AB85:AH85)=7,"",IF($AI85<86,"Débil",IF($AI85<96,"Moderado","Fuerte"))) | AL85: =IFERROR(VLOOKUP(AJ85&AK85,Tabla_Controles!$B$56:$G$65,5,FALSE),"") | AM85: =IF($AL85="","",IF($AL85="Fuerte",100,IF($AL85="Moderado",50,0))) | AV85: T5 | BC85: C5 | BG85: T3
B86: 181 | K86: CA_6 | W86: C6 | AI86: =IF(COUNTBLANK(AB86:AH86)=7,"",IF($AB86="Asignado",15,0)+IF($AC86="Adecuado",15,0)+IF($AD86="Oportuna",15,0)+IF($AE86="Prevenir",15,0)+IF($AE86="Detectar",10,0)+IF($AF86="Confiable",15,0)+IF($AG86="Oportuna",15,0)+IF($AH86="Completa",10,0)+IF($AH86="Incompleta",5,0)) | AJ86: =IF(COUNTBLANK(AB86:AH86)=7,"",IF($AI86<86,"Débil",IF($AI86<96,"Moderado","Fuerte"))) | AL86: =IFERROR(VLOOKUP(AJ86&AK86,Tabla_Controles!$B$56:$G$65,5,FALSE),"") | AM86: =IF($AL86="","",IF($AL86="Fuerte",100,IF($AL86="Moderado",50,0))) | AV86: T6 | BC86: C6 | BG86: T4
B87: 181 | K87: CA_7 | W87: C7 | AI87: =IF(COUNTBLANK(AB87:AH87)=7,"",IF($AB87="Asignado",15,0)+IF($AC87="Adecuado",15,0)+IF($AD87="Oportuna",15,0)+IF($AE87="Prevenir",15,0)+IF($AE87="Detectar",10,0)+IF($AF87="Confiable",15,0)+IF($AG87="Oportuna",15,0)+IF($AH87="Completa",10,0)+IF($AH87="Incompleta",5,0)) | AJ87: =IF(COUNTBLANK(AB87:AH87)=7,"",IF($AI87<86,"Débil",IF($AI87<96,"Moderado","Fuerte"))) | AL87: =IFERROR(VLOOKUP(AJ87&AK87,Tabla_Controles!$B$56:$G$65,5,FALSE),"") | AM87: =IF($AL87="","",IF($AL87="Fuerte",100,IF($AL87="Moderado",50,0))) | AV87: T7 | BC87: C7 | BG87: T5
A88: =C88&COUNTIF($C$10:C88,C88) -> Corrupción12 | B88: 182 | C88: Corrupción | D88: Fraude externo | E88: Diagnóstico_Alistamiento | F88: Alistamiento de activos | G88: Realizar el saneamiento administrativo, jurídico y físico catastral, estimados de renta y/o valoración de los activos, desalojos y restitución de bienes inmuebles, según el tipo de activo incautado o extinto, con el fin de dejarlo apto para la disposición temporal o definitiva | H88: Avalúos | I88: ="Posibilidad de recibir o solicitar cualquier dádiva o beneficio a nombre propio o de terceros, con el fin de "&J88 -> Posibilidad de recibir o solicitar cualquier dádiva o beneficio a nombre propio o de terceros, con el fin de alterar o modificar irregular o ilícitamente la valoración o avalúos de los bienes administrados por SAE. | J88: alterar o modificar irregular o ilícitamente la valoración o avalúos de los bienes administrados por SAE. | K88: CA_1 | L88: Relacionamiento personal o comercial con firmas de valoración registradas en la base existente conformada por convocatoria pública | M88: 1) Pérdida de imagen reputacional y credibilidad institucional 2) Implicaciones a nivel penal, disciplinario, fiscal o sancionatorio 3) Disminución en posibles ganancias por productividad del activo 4) Pérdida de recursos económicos 5) Procesos de comercialización ineficaces | N88: El evento podrá ocurrir en algún momento | O88: =IF(N88="","",IF(OR($N88=Tabla_Probabilidad!$D$20,$N88=Tabla_Probabilidad!$J$20),"Muy Baja",IF(OR($N88=Tabla_Probabilidad!$E$20,$N88=Tabla_Probabilidad!$K$20),"Baja",IF(OR($N88=Tabla_Probabilidad!$F$20,$N88=Tabla_Probabilidad!$L$20),"Media",IF(OR($N88=Tabla_Probabilidad!$G$20,$N88=Tabla_Probabilidad!$M$20),"Alta",IF(OR($N88=Tabla_Probabilidad!$H$20,$N88=Tabla_Probabilidad!$N$20),"Muy Alta")))))) -> Media | P88: =IF(O88="Muy Baja",1,IF(O88="Baja",2,IF(O88="Media",3,IF(O88="Alta",4,IF(O88="Muy Alta",5,""))))) -> 3 | Q88: =IFERROR(IF($C88="Corrupción",HYPERLINK("#"&"Impacto_Riesgos!C"&MATCH($B88,Impacto_Riesgos!$B$10:$B$138,0)+9,"Calcula el impacto aquí"),"")," ") -> Calcula el impacto aquí | R88: =IFERROR(VLOOKUP(A88,Impacto_Riesgos!$A$8:$W$138,23,),"NA") -> 16 | S88: De doce (12) a diecinueve (19) respuestas afirmativas. Genera consecuencias desastrosas para la entidad | T88: =IF($S88='Tabla Impacto'!$F$10,"Moderado",IF($S88='Tabla Impacto'!$G$10,"Mayor",IF($S88='Tabla Impacto'!$H$10,"Catastrófico",""))) -> Catastrófico | U88: =IF(T88="Leve",1,IF(T88="Menor",2,IF(T88="Moderado",3,IF(T88="Mayor",4,IF(T88="Catastrófico",5,""))))) -> 5 | V88: =IF(OR(AND($O88="Muy Baja",T88="Leve"),AND($O88="Muy Baja",T88="Menor"),AND($O88="Baja",T88="Leve"),AND($O88="Baja",T88="Menor"),AND($O88="Media",T88="Leve")),"Bajo",IF(OR(AND($O88="Muy baja",T88="Moderado"),AND($O88="Baja",T88="Moderado"),AND($O88="Media",T88="Menor"),AND($O88="Alta",T88="Leve")),"Moderado",IF(OR(AND($O88="Muy Baja",T88="Mayor"),AND($O88="Baja",T88="Mayor"),AND($O88="Media",T88="Moderado"),AND($O88="Alta",T88="Menor"),AND($O88="Alta",T88="Moderado"),AND($O88="Muy Alta",T88="Leve"),AND($O88="Muy Alta",T88="Menor")),"Alto",IF(OR(AND($O88="Muy Baja",T88="Catastrófico"),AND($O88="Baja",T88="Catastrófico"),AND($O88="Media",T88="Mayor"),AND($O88="Media",T88="Catastrófico"),AND($O88="Alta",T88="Mayor"),AND($O88="Alta",T88="Catastrófico"),AND($O88="Muy Alta",T88="Moderado"),AND($O88="Muy Alta",T88="Mayor"),AND($O88="Muy Alta",T88="Catastrófico")),"Extremo","")))) -> Extremo | W88: C1 | X88: Verificación de cumplimiento de requisitos por parte de las bancas de inversión o avaluadores | Y88: El Gerente Técnico, Gerente de Sociedades Activas o Gerente de Sociedades en Liquidación según corresponda, verifica y selecciona la firma avaluadora con base en la información de activos a valorar, de la capacidad de la avaluador y/o la ciudad en la que se encuentra. | Z88: P-DP2-047 Procedimiento Avalúo de Bienes Inmuebles P-DP2-205 Procedimiento Selección bancas de inversión | AA88: * G. Sociedades Activas * G. Sociedades en Liquidación * G. Técnica | AB88: Asignado | AC88: Adecuado | AD88: Oportuna | AE88: Prevenir | AF88: Confiable | AG88: Oportuna | AH88: Completa | AI88: =IF(COUNTBLANK(AB88:AH88)=7,"",IF($AB88="Asignado",15,0)+IF($AC88="Adecuado",15,0)+IF($AD88="Oportuna",15,0)+IF($AE88="Prevenir",15,0)+IF($AE88="Detectar",10,0)+IF($AF88="Confiable",15,0)+IF($AG88="Oportuna",15,0)+IF($AH88="Completa",10,0)+IF($AH88="Incompleta",5,0)) -> 100 | AJ88: =IF(COUNTBLANK(AB88:AH88)=7,"",IF($AI88<86,"Débil",IF($AI88<96,"Moderado","Fuerte"))) -> Fuerte | AK88: Fuerte | AL88: =IFERROR(VLOOKUP(AJ88&AK88,Tabla_Controles!$B$56:$G$65,5,FALSE),"") -> Fuerte | AM88: =IF($AL88="","",IF($AL88="Fuerte",100,IF($AL88="Moderado",50,0))) -> 100 | AN88: =IFERROR(AVERAGE(AM88:AM94),"") -> 80 | AO88: =IF($AN88=100,"Fuerte",IF($AN88<100,"Moderado",IF($AN88<50,"Débil",IF($AN88=0,"","")))) -> Moderado | AP88: Directamente | AQ88: =IFERROR(P88-VLOOKUP(AO88&AP88,Tabla_Controles!$B$77:$E$83,4,0),"") -> 2 | AR88: =IF($AQ88="","",IF($AQ88=1,"Muy Baja",IF($AQ88=2,"Baja",IF($AQ88=3,"Media",IF($AQ88=4,"Alta",IF($AQ88=5,"Muy Alta","Muy Baja")))))) -> Baja | AS88: =T88 -> Catastrófico | AT88: =IF(OR(AND($AR88="Muy Baja",$AS88="Leve"),AND($AR88="Muy Baja",$AS88="Menor"),AND($AR88="Baja",$AS88="Leve"),AND($AR88="Baja",$AS88="Menor"),AND($AR88="Media",$AS88="Leve")),"Bajo",IF(OR(AND($AR88="Muy baja",$AS88="Moderado"),AND($AR88="Baja",$AS88="Moderado"),AND($AR88="Media",$AS88="Menor"),AND($AR88="Alta",$AS88="Leve")),"Moderado",IF(OR(AND($AR88="Muy Baja",$AS88="Mayor"),AND($AR88="Baja",$AS88="Mayor"),AND($AR88="Media",$AS88="Moderado"),AND($AR88="Alta",$AS88="Menor"),AND($AR88="Alta",$AS88="Moderado"),AND($AR88="Muy Alta",$AS88="Leve"),AND($AR88="Muy Alta",$AS88="Menor")),"Alto",IF(OR(AND($AR88="Muy Baja",$AS88="Catastrófico"),AND($AR88="Baja",$AS88="Catastrófico"),AND($AR88="Media",$AS88="Mayor"),AND($AR88="Media",$AS88="Catastrófico"),AND($AR88="Alta",$AS88="Mayor"),AND($AR88="Alta",$AS88="Catastrófico"),AND($AR88="Muy Alta",$AS88="Moderado"),AND($AR88="Muy Alta",$AS88="Mayor"),AND($AR88="Muy Alta",$AS88="Catastrófico")),"Extremo","")))) -> Extremo | AU88: Reducir (Mitigar) | AV88: T1 | AW88: Realizar capacitación sobre los efectos penales en los que incurre los colaboradores de SAE | AX88: Listado de asistencia | AY88: G. Asuntos Legales | AZ88: 45260 | BA88: 45291 | BB88: 1) Informar riesgo de corrupción detectado a la Oficina Asesora de Planeación, con el diseño del plan de tratamiento 2) Informar evento presentado a la Gerencia de Talento Humano 3) La Gerencia de Talento Humano realiza el proceso de investigación disciplinario 4) La Oficina Asesora de Planeación informa a Comité Directivo y de Control Interno posibles materializaciones de riesgos de Corrupción 5) Informar eventos presentados a entes de control con base en resultados de investigación disciplinaria 6) Implementar el plan de tratamiento de mitigación de riesgos diseñado para el evento presentado | BC88: C1 | BG88: T6
B89: 182 | K89: CA_2 | L89: Información érronea registrada de forma voluntaria en el informe de diagnóstico, plan de intervención e información de las sociedades a cargo de SAE, como insumo para la valoración de sociedades | W89: C2 | X89: Verificación de informe de diagnóstico de intervención de sociedades | Y89: El Gerente de Sociedades Activas o en Liquidación revisa el informe de diagnóstico inicial de intervención y el plan de acción de la sociedad realizado por los profesionales delegados de estas gerencias, analizando la información contenida, la información de la sociedad y los parámetros pre-establecidos en dichos informes, dejando registro de su aprobación por correo electrónico. En caso de requerirse ajustes se solicitarán por correo electrónico para su corrección. | Z89: P-DP1-038 Procedimiento de diagnóstico inicial de intervención de sociedades | AA89: * G. Sociedades Activas * G. Sociedades en Liquidación | AB89: Asignado | AC89: Adecuado | AD89: Oportuna | AE89: Prevenir | AF89: Confiable | AG89: Oportuna | AH89: Completa | AI89: =IF(COUNTBLANK(AB89:AH89)=7,"",IF($AB89="Asignado",15,0)+IF($AC89="Adecuado",15,0)+IF($AD89="Oportuna",15,0)+IF($AE89="Prevenir",15,0)+IF($AE89="Detectar",10,0)+IF($AF89="Confiable",15,0)+IF($AG89="Oportuna",15,0)+IF($AH89="Completa",10,0)+IF($AH89="Incompleta",5,0)) -> 100 | AJ89: =IF(COUNTBLANK(AB89:AH89)=7,"",IF($AI89<86,"Débil",IF($AI89<96,"Moderado","Fuerte"))) -> Fuerte | AK89: Fuerte | AL89: =IFERROR(VLOOKUP(AJ89&AK89,Tabla_Controles!$B$56:$G$65,5,FALSE),"") -> Fuerte | AM89: =IF($AL89="","",IF($AL89="Fuerte",100,IF($AL89="Moderado",50,0))) -> 100 | AV89: T2 | AW89: NA | AX89: NA | AY89: NA | AZ89: NA | BA89: NA | BC89: C2 | BG89: T7
B90: 182 | K90: CA_3 | L90: Información érronea registrada de forma voluntaria en las visitas de avalúos que pueden alterar la valoración de bienes | W90: C3 | X90: Supervisión de avalúos en sitio | Y90: El profesional delegado por la Gerencia Regional o de la Gerencia de Bienes Muebles acompaña las visitas de avalúos verificando el estado de ocupación y conservación de los activos dejando registro fotográfico y escrito en los formatos de visitas de inspección y en el aplicativo Matrix. Si se presenta alguna novedad frente a los estados de ocupación, se informa la situación presentada por el aplicativo matrix o por correo electrónico según corresponda. | Z90: P-DP2-047 Procedimiento Avalúo de Bienes Inmuebles | AA90: * G. Regionales * GB. Muebles | AB90: Asignado | AC90: Adecuado | AD90: Oportuna | AE90: Prevenir | AF90: Confiable | AG90: Oportuna | AH90: Completa | AI90: =IF(COUNTBLANK(AB90:AH90)=7,"",IF($AB90="Asignado",15,0)+IF($AC90="Adecuado",15,0)+IF($AD90="Oportuna",15,0)+IF($AE90="Prevenir",15,0)+IF($AE90="Detectar",10,0)+IF($AF90="Confiable",15,0)+IF($AG90="Oportuna",15,0)+IF($AH90="Completa",10,0)+IF($AH90="Incompleta",5,0)) -> 100 | AJ90: =IF(COUNTBLANK(AB90:AH90)=7,"",IF($AI90<86,"Débil",IF($AI90<96,"Moderado","Fuerte"))) -> Fuerte | AK90: Fuerte | AL90: =IFERROR(VLOOKUP(AJ90&AK90,Tabla_Controles!$B$56:$G$65,5,FALSE),"") -> Fuerte | AM90: =IF($AL90="","",IF($AL90="Fuerte",100,IF($AL90="Moderado",50,0))) -> 100 | AV90: T3 | AW90: Publicar los informes de supervisión contractual en página web para consulta de toda la ciudadanía | AX90: Informes de supervisión publicados | AY90: G. Contratos | AZ90: Todos los meses | BA90: 15/04/2023 15/07/2023 15/10/2023 31/12/2023 | BC90: C3 | BG90: T1
B91: 182 | K91: CA_4 | L91: Falencias en la revisión de informes técnicos de valoración o avalúos emitidos por terceros | W91: C4 | X91: Verificación de informes técnicos de valoración o avalúos | Y91: El Gerente Técnico, Gerente de Sociedades Activas o Gerente de Sociedades en Liquidación según corresponda, verifica que los informes técnicos de valoración entregados por terceros tengan la información completa de acuerdo con parámetros exigibles de acuerdo con la tipología del bien dejando registro de su aprobación por correo electrónico o el aplicativo matrix según sea necesario. En caso que el informe requiera ajustes se solicitan los ajustes respectivos vía correo electrónico o el aplicativo matrix según sea necesario. | Z91: P-DP2-047 Procedimiento Avalúo de Bienes Inmuebles P-DP2-041 Procedimiento de valoración comercial de sociedades | AA91: * G. Sociedades Activas * G. Sociedades en Liquidación * G. Técnica | AB91: Asignado | AC91: Adecuado | AD91: Oportuna | AE91: Detectar | AF91: Confiable | AG91: Oportuna | AH91: Completa | AI91: =IF(COUNTBLANK(AB91:AH91)=7,"",IF($AB91="Asignado",15,0)+IF($AC91="Adecuado",15,0)+IF($AD91="Oportuna",15,0)+IF($AE91="Prevenir",15,0)+IF($AE91="Detectar",10,0)+IF($AF91="Confiable",15,0)+IF($AG91="Oportuna",15,0)+IF($AH91="Completa",10,0)+IF($AH91="Incompleta",5,0)) -> 95 | AJ91: =IF(COUNTBLANK(AB91:AH91)=7,"",IF($AI91<86,"Débil",IF($AI91<96,"Moderado","Fuerte"))) -> Moderado | AK91: Fuerte | AL91: =IFERROR(VLOOKUP(AJ91&AK91,Tabla_Controles!$B$56:$G$65,5,FALSE),"") -> Moderado | AM91: =IF($AL91="","",IF($AL91="Fuerte",100,IF($AL91="Moderado",50,0))) -> 50 | AV91: T4 | AW91: NA | AX91: NA | AY91: NA | AZ91: NA | BA91: NA | BC91: C4 | BG91: T2
B92: 182 | K92: CA_5 | L92: Debilidades en los controles de registro de información de valoración en el aplicativo respectivo | W92: C5 | X92: Verificación de registro de valoración en sistema de información | Y92: El profesional delegado de la Gerencia Técnica, de la Gerencia de Sociedades Activas o la Gerencia de Sociedades en Liquidación según corresponda, realizará el registro de valoración en el aplicativo Matrix verificando que la información de valoración se encuentre completa y cargando el informe técnico o avalúo respectivo. De lo contrario realizará las solicitudes de información requeridas. | Z92: P-DP2-047 Procedimiento Avalúo de Bienes Inmuebles P-DP2-041 Procedimiento de valoración comercial de sociedades | AA92: * G. Sociedades Activas * G. Sociedades en Liquidación * G. Técnica | AB92: Asignado | AC92: Adecuado | AD92: Oportuna | AE92: Detectar | AF92: Confiable | AG92: Oportuna | AH92: Completa | AI92: =IF(COUNTBLANK(AB92:AH92)=7,"",IF($AB92="Asignado",15,0)+IF($AC92="Adecuado",15,0)+IF($AD92="Oportuna",15,0)+IF($AE92="Prevenir",15,0)+IF($AE92="Detectar",10,0)+IF($AF92="Confiable",15,0)+IF($AG92="Oportuna",15,0)+IF($AH92="Completa",10,0)+IF($AH92="Incompleta",5,0)) -> 95 | AJ92: =IF(COUNTBLANK(AB92:AH92)=7,"",IF($AI92<86,"Débil",IF($AI92<96,"Moderado","Fuerte"))) -> Moderado | AK92: Fuerte | AL92: =IFERROR(VLOOKUP(AJ92&AK92,Tabla_Controles!$B$56:$G$65,5,FALSE),"") -> Moderado | AM92: =IF($AL92="","",IF($AL92="Fuerte",100,IF($AL92="Moderado",50,0))) -> 50 | AV92: T5 | AW92: NA | AX92: NA | AY92: NA | AZ92: NA | BA92: NA | BC92: C5 | BG92: T3
B93: 182 | K93: CA_6 | W93: C6 | AI93: =IF(COUNTBLANK(AB93:AH93)=7,"",IF($AB93="Asignado",15,0)+IF($AC93="Adecuado",15,0)+IF($AD93="Oportuna",15,0)+IF($AE93="Prevenir",15,0)+IF($AE93="Detectar",10,0)+IF($AF93="Confiable",15,0)+IF($AG93="Oportuna",15,0)+IF($AH93="Completa",10,0)+IF($AH93="Incompleta",5,0)) | AJ93: =IF(COUNTBLANK(AB93:AH93)=7,"",IF($AI93<86,"Débil",IF($AI93<96,"Moderado","Fuerte"))) | AL93: =IFERROR(VLOOKUP(AJ93&AK93,Tabla_Controles!$B$56:$G$65,5,FALSE),"") | AM93: =IF($AL93="","",IF($AL93="Fuerte",100,IF($AL93="Moderado",50,0))) | AV93: T6 | BC93: C6 | BG93: T4
B94: 182 | K94: CA_7 | W94: C7 | AI94: =IF(COUNTBLANK(AB94:AH94)=7,"",IF($AB94="Asignado",15,0)+IF($AC94="Adecuado",15,0)+IF($AD94="Oportuna",15,0)+IF($AE94="Prevenir",15,0)+IF($AE94="Detectar",10,0)+IF($AF94="Confiable",15,0)+IF($AG94="Oportuna",15,0)+IF($AH94="Completa",10,0)+IF($AH94="Incompleta",5,0)) | AJ94: =IF(COUNTBLANK(AB94:AH94)=7,"",IF($AI94<86,"Débil",IF($AI94<96,"Moderado","Fuerte"))) | AL94: =IFERROR(VLOOKUP(AJ94&AK94,Tabla_Controles!$B$56:$G$65,5,FALSE),"") | AM94: =IF($AL94="","",IF($AL94="Fuerte",100,IF($AL94="Moderado",50,0))) | AV94: T7 | BC94: C7 | BG94: T5
A95: =C95&COUNTIF($C$10:C95,C95) -> Corrupción13 | B95: 183 | C95: Corrupción | D95: Fraude interno | E95: Diagnóstico_Alistamiento | F95: Alistamiento de activos | G95: Realizar el saneamiento administrativo, jurídico y físico catastral, estimados de renta y/o valoración de los activos, desalojos y restitución de bienes inmuebles, según el tipo de activo incautado o extinto, con el fin de dejarlo apto para la disposición temporal o definitiva | H95: Estimados de Renta | I95: ="Posibilidad de recibir o solicitar cualquier dádiva o beneficio a nombre propio o de terceros, con el fin de "&J95 -> Posibilidad de recibir o solicitar cualquier dádiva o beneficio a nombre propio o de terceros, con el fin de alterar la valoración de los estimados de renta de los bienes inmuebles administrados por SAE. | J95: alterar la valoración de los estimados de renta de los bienes inmuebles administrados por SAE. | K95: CA_1 | L95: Asignación de personal no idoneo para la valoración de estimados de renta | M95: 1) Pérdida de imagen reputacional y credibilidad institucional 2) Implicaciones a nivel penal, disciplinario, fiscal o sancionatorio 3) Disminución en posibles ganancias por productividad del activo 4) Demandas de la ciudadanía 5) Procesos de administración directa ineficaces | N95: El evento podrá ocurrir en algún momento | O95: =IF(N95="","",IF(OR($N95=Tabla_Probabilidad!$D$20,$N95=Tabla_Probabilidad!$J$20),"Muy Baja",IF(OR($N95=Tabla_Probabilidad!$E$20,$N95=Tabla_Probabilidad!$K$20),"Baja",IF(OR($N95=Tabla_Probabilidad!$F$20,$N95=Tabla_Probabilidad!$L$20),"Media",IF(OR($N95=Tabla_Probabilidad!$G$20,$N95=Tabla_Probabilidad!$M$20),"Alta",IF(OR($N95=Tabla_Probabilidad!$H$20,$N95=Tabla_Probabilidad!$N$20),"Muy Alta")))))) -> Media | P95: =IF(O95="Muy Baja",1,IF(O95="Baja",2,IF(O95="Media",3,IF(O95="Alta",4,IF(O95="Muy Alta",5,""))))) -> 3 | Q95: =IFERROR(IF($C95="Corrupción",HYPERLINK("#"&"Impacto_Riesgos!C"&MATCH($B95,Impacto_Riesgos!$B$10:$B$138,0)+9,"Calcula el impacto aquí"),"")," ") -> Calcula el impacto aquí | R95: =IFERROR(VLOOKUP(A95,Impacto_Riesgos!$A$8:$W$138,23,),"NA") -> 15 | S95: De doce (12) a diecinueve (19) respuestas afirmativas. Genera consecuencias desastrosas para la entidad | T95: =IF($S95='Tabla Impacto'!$F$10,"Moderado",IF($S95='Tabla Impacto'!$G$10,"Mayor",IF($S95='Tabla Impacto'!$H$10,"Catastrófico",""))) -> Catastrófico | U95: =IF(T95="Leve",1,IF(T95="Menor",2,IF(T95="Moderado",3,IF(T95="Mayor",4,IF(T95="Catastrófico",5,""))))) -> 5 | V95: =IF(OR(AND($O95="Muy Baja",T95="Leve"),AND($O95="Muy Baja",T95="Menor"),AND($O95="Baja",T95="Leve"),AND($O95="Baja",T95="Menor"),AND($O95="Media",T95="Leve")),"Bajo",IF(OR(AND($O95="Muy baja",T95="Moderado"),AND($O95="Baja",T95="Moderado"),AND($O95="Media",T95="Menor"),AND($O95="Alta",T95="Leve")),"Moderado",IF(OR(AND($O95="Muy Baja",T95="Mayor"),AND($O95="Baja",T95="Mayor"),AND($O95="Media",T95="Moderado"),AND($O95="Alta",T95="Menor"),AND($O95="Alta",T95="Moderado"),AND($O95="Muy Alta",T95="Leve"),AND($O95="Muy Alta",T95="Menor")),"Alto",IF(OR(AND($O95="Muy Baja",T95="Catastrófico"),AND($O95="Baja",T95="Catastrófico"),AND($O95="Media",T95="Mayor"),AND($O95="Media",T95="Catastrófico"),AND($O95="Alta",T95="Mayor"),AND($O95="Alta",T95="Catastrófico"),AND($O95="Muy Alta",T95="Moderado"),AND($O95="Muy Alta",T95="Mayor"),AND($O95="Muy Alta",T95="Catastrófico")),"Extremo","")))) -> Extremo | W95: C1 | X95: Validación de Idoneidad de profesionales | Y95: El Gerente Regional o el Gerente Técnico según atribuciones contempladas para la estimación de renta de inmuebles determinará, cuando sea necesario, mediante correo electrónico el o los funcionarios que realizarán la visita de inspección y estimado de renta verificando que sean idóneos e inscritos en el Registro Abierto de Avaluadores (RAA). | Z95: P-DP2-046 Procedimiento de Estimados de Renta para Bienes Inmuebles Urbanos y Rurales | AA95: * G. Regionales * G. Técnica | AB95: Asignado | AC95: Adecuado | AD95: Oportuna | AE95: Prevenir | AF95: Confiable | AG95: Oportuna | AH95: Completa | AI95: =IF(COUNTBLANK(AB95:AH95)=7,"",IF($AB95="Asignado",15,0)+IF($AC95="Adecuado",15,0)+IF($AD95="Oportuna",15,0)+IF($AE95="Prevenir",15,0)+IF($AE95="Detectar",10,0)+IF($AF95="Confiable",15,0)+IF($AG95="Oportuna",15,0)+IF($AH95="Completa",10,0)+IF($AH95="Incompleta",5,0)) -> 100 | AJ95: =IF(COUNTBLANK(AB95:AH95)=7,"",IF($AI95<86,"Débil",IF($AI95<96,"Moderado","Fuerte"))) -> Fuerte | AK95: Fuerte | AL95: =IFERROR(VLOOKUP(AJ95&AK95,Tabla_Controles!$B$56:$G$65,5,FALSE),"") -> Fuerte | AM95: =IF($AL95="","",IF($AL95="Fuerte",100,IF($AL95="Moderado",50,0))) -> 100 | AN95: =IFERROR(AVERAGE(AM95:AM101),"") -> 75 | AO95: =IF($AN95=100,"Fuerte",IF($AN95<100,"Moderado",IF($AN95<50,"Débil",IF($AN95=0,"","")))) -> Moderado | AP95: Directamente | AQ95: =IFERROR(P95-VLOOKUP(AO95&AP95,Tabla_Controles!$B$77:$E$83,4,0),"") -> 2 | AR95: =IF($AQ95="","",IF($AQ95=1,"Muy Baja",IF($AQ95=2,"Baja",IF($AQ95=3,"Media",IF($AQ95=4,"Alta",IF($AQ95=5,"Muy Alta","Muy Baja")))))) -> Baja | AS95: =T95 -> Catastrófico | AT95: =IF(OR(AND($AR95="Muy Baja",$AS95="Leve"),AND($AR95="Muy Baja",$AS95="Menor"),AND($AR95="Baja",$AS95="Leve"),AND($AR95="Baja",$AS95="Menor"),AND($AR95="Media",$AS95="Leve")),"Bajo",IF(OR(AND($AR95="Muy baja",$AS95="Moderado"),AND($AR95="Baja",$AS95="Moderado"),AND($AR95="Media",$AS95="Menor"),AND($AR95="Alta",$AS95="Leve")),"Moderado",IF(OR(AND($AR95="Muy Baja",$AS95="Mayor"),AND($AR95="Baja",$AS95="Mayor"),AND($AR95="Media",$AS95="Moderado"),AND($AR95="Alta",$AS95="Menor"),AND($AR95="Alta",$AS95="Moderado"),AND($AR95="Muy Alta",$AS95="Leve"),AND($AR95="Muy Alta",$AS95="Menor")),"Alto",IF(OR(AND($AR95="Muy Baja",$AS95="Catastrófico"),AND($AR95="Baja",$AS95="Catastrófico"),AND($AR95="Media",$AS95="Mayor"),AND($AR95="Media",$AS95="Catastrófico"),AND($AR95="Alta",$AS95="Mayor"),AND($AR95="Alta",$AS95="Catastrófico"),AND($AR95="Muy Alta",$AS95="Moderado"),AND($AR95="Muy Alta",$AS95="Mayor"),AND($AR95="Muy Alta",$AS95="Catastrófico")),"Extremo","")))) -> Extremo | AU95: Reducir (Mitigar) | AV95: T1 | AW95: Realizar capacitación sobre el código de ética y los efectos disciplinarios que conllevan actos inapropiados por parte de los Funcionarios de la SAE | AX95: Listado de asistencia | AY95: G. Talento Humano | AZ95: 45107 | BA95: 45122 | BB95: 1) Informar riesgo de corrupción detectado a la Oficina Asesora de Planeación, con el diseño del plan de tratamiento 2) Informar evento presentado a la Gerencia de Talento Humano 3) La Gerencia de Talento Humano realiza el proceso de investigación disciplinario 4) La Oficina Asesora de Planeación informa a Comité Directivo y de Control Interno posibles materializaciones de riesgos de Corrupción 5) Informar eventos presentados a entes de control con base en resultados de investigación disciplinaria 6) Implementar el plan de tratamiento de mitigación de riesgos diseñado para el evento presentado | BC95: C1 | BG95: T6
B96: 183 | K96: CA_2 | L96: Falencias en los controles de estimación de renta de bienes inmuebles | W96: C2 | X96: Revisión estimados de renta | Y96: El Gerente Regional o el Gerente Técnico según atribuciones contempladas para la estimación de renta de inmuebles revisará individual o colectivamente cuando sea necesario, los conceptos de valor comercial de renta de inmuebles urbanos y/o rurales, emitidos por los profesionales delegados, de acuerdo con las políticas establecidas para la definición de renta para su respectiva aprobación en el aplicativo SIGMA. En caso de no ser aprobado se comunica su rechazo a las partes interesadas por correo electrónico. | Z96: P-DP2-046 Procedimiento de Estimados de Renta para Bienes Inmuebles Urbanos y Rurales | AA96: * G. Regionales * G. Técnica | AB96: Asignado | AC96: Adecuado | AD96: Oportuna | AE96: Detectar | AF96: Confiable | AG96: Oportuna | AH96: Completa | AI96: =IF(COUNTBLANK(AB96:AH96)=7,"",IF($AB96="Asignado",15,0)+IF($AC96="Adecuado",15,0)+IF($AD96="Oportuna",15,0)+IF($AE96="Prevenir",15,0)+IF($AE96="Detectar",10,0)+IF($AF96="Confiable",15,0)+IF($AG96="Oportuna",15,0)+IF($AH96="Completa",10,0)+IF($AH96="Incompleta",5,0)) -> 95 | AJ96: =IF(COUNTBLANK(AB96:AH96)=7,"",IF($AI96<86,"Débil",IF($AI96<96,"Moderado","Fuerte"))) -> Moderado | AK96: Fuerte | AL96: =IFERROR(VLOOKUP(AJ96&AK96,Tabla_Controles!$B$56:$G$65,5,FALSE),"") -> Moderado | AM96: =IF($AL96="","",IF($AL96="Fuerte",100,IF($AL96="Moderado",50,0))) -> 50 | AV96: T2 | AW96: NA | AX96: NA | AY96: NA | AZ96: NA | BA96: NA | BC96: C2 | BG96: T7
B97: 183 | K97: CA_3 | W97: C3 | AI97: =IF(COUNTBLANK(AB97:AH97)=7,"",IF($AB97="Asignado",15,0)+IF($AC97="Adecuado",15,0)+IF($AD97="Oportuna",15,0)+IF($AE97="Prevenir",15,0)+IF($AE97="Detectar",10,0)+IF($AF97="Confiable",15,0)+IF($AG97="Oportuna",15,0)+IF($AH97="Completa",10,0)+IF($AH97="Incompleta",5,0)) | AJ97: =IF(COUNTBLANK(AB97:AH97)=7,"",IF($AI97<86,"Débil",IF($AI97<96,"Moderado","Fuerte"))) | AL97: =IFERROR(VLOOKUP(AJ97&AK97,Tabla_Controles!$B$56:$G$65,5,FALSE),"") | AM97: =IF($AL97="","",IF($AL97="Fuerte",100,IF($AL97="Moderado",50,0))) | AV97: T3 | BC97: C3 | BG97: T1
B98: 183 | K98: CA_4 | W98: C4 | AI98: =IF(COUNTBLANK(AB98:AH98)=7,"",IF($AB98="Asignado",15,0)+IF($AC98="Adecuado",15,0)+IF($AD98="Oportuna",15,0)+IF($AE98="Prevenir",15,0)+IF($AE98="Detectar",10,0)+IF($AF98="Confiable",15,0)+IF($AG98="Oportuna",15,0)+IF($AH98="Completa",10,0)+IF($AH98="Incompleta",5,0)) | AJ98: =IF(COUNTBLANK(AB98:AH98)=7,"",IF($AI98<86,"Débil",IF($AI98<96,"Moderado","Fuerte"))) | AL98: =IFERROR(VLOOKUP(AJ98&AK98,Tabla_Controles!$B$56:$G$65,5,FALSE),"") | AM98: =IF($AL98="","",IF($AL98="Fuerte",100,IF($AL98="Moderado",50,0))) | AV98: T4 | BC98: C4 | BG98: T2
B99: 183 | K99: CA_5 | W99: C5 | AI99: =IF(COUNTBLANK(AB99:AH99)=7,"",IF($AB99="Asignado",15,0)+IF($AC99="Adecuado",15,0)+IF($AD99="Oportuna",15,0)+IF($AE99="Prevenir",15,0)+IF($AE99="Detectar",10,0)+IF($AF99="Confiable",15,0)+IF($AG99="Oportuna",15,0)+IF($AH99="Completa",10,0)+IF($AH99="Incompleta",5,0)) | AJ99: =IF(COUNTBLANK(AB99:AH99)=7,"",IF($AI99<86,"Débil",IF($AI99<96,"Moderado","Fuerte"))) | AL99: =IFERROR(VLOOKUP(AJ99&AK99,Tabla_Controles!$B$56:$G$65,5,FALSE),"") | AM99: =IF($AL99="","",IF($AL99="Fuerte",100,IF($AL99="Moderado",50,0))) | AV99: T5 | BC99: C5 | BG99: T3
B100: 183 | K100: CA_6 | W100: C6 | AI100: =IF(COUNTBLANK(AB100:AH100)=7,"",IF($AB100="Asignado",15,0)+IF($AC100="Adecuado",15,0)+IF($AD100="Oportuna",15,0)+IF($AE100="Prevenir",15,0)+IF($AE100="Detectar",10,0)+IF($AF100="Confiable",15,0)+IF($AG100="Oportuna",15,0)+IF($AH100="Completa",10,0)+IF($AH100="Incompleta",5,0)) | AJ100: =IF(COUNTBLANK(AB100:AH100)=7,"",IF($AI100<86,"Débil",IF($AI100<96,"Moderado","Fuerte"))) | AL100: =IFERROR(VLOOKUP(AJ100&AK100,Tabla_Controles!$B$56:$G$65,5,FALSE),"") | AM100: =IF($AL100="","",IF($AL100="Fuerte",100,IF($AL100="Moderado",50,0))) | AV100: T6 | BC100: C6 | BG100: T4
B101: 183 | K101: CA_7 | W101: C7 | AI101: =IF(COUNTBLANK(AB101:AH101)=7,"",IF($AB101="Asignado",15,0)+IF($AC101="Adecuado",15,0)+IF($AD101="Oportuna",15,0)+IF($AE101="Prevenir",15,0)+IF($AE101="Detectar",10,0)+IF($AF101="Confiable",15,0)+IF($AG101="Oportuna",15,0)+IF($AH101="Completa",10,0)+IF($AH101="Incompleta",5,0)) | AJ101: =IF(COUNTBLANK(AB101:AH101)=7,"",IF($AI101<86,"Débil",IF($AI101<96,"Moderado","Fuerte"))) | AL101: =IFERROR(VLOOKUP(AJ101&AK101,Tabla_Controles!$B$56:$G$65,5,FALSE),"") | AM101: =IF($AL101="","",IF($AL101="Fuerte",100,IF($AL101="Moderado",50,0))) | AV101: T7 | BC101: C7 | BG101: T5
A102: =C102&COUNTIF($C$10:C102,C102) -> Corrupción14 | B102: 184 | C102: Corrupción | D102: Fraude interno | E102: Disposición_Final | F102: Alistamiento de activos | G102: Realizar el saneamiento administrativo, jurídico y físico catastral, estimados de renta y/o valoración de los activos, desalojos y restitución de bienes inmuebles, según el tipo de activo incautado o extinto, con el fin de dejarlo apto para la disposición temporal o definitiva | H102: Enajenación Temprana | I102: ="Posibilidad de recibir o solicitar cualquier dádiva o beneficio a nombre propio o de terceros, con el fin de "&J102 -> Posibilidad de recibir o solicitar cualquier dádiva o beneficio a nombre propio o de terceros, con el fin de enajenar de manera temprana un bien sin el cumplimiento de los requisitos exigibles. | J102: enajenar de manera temprana un bien sin el cumplimiento de los requisitos exigibles. | K102: CA_1 | L102: Debilidad en controles jurídicos para la enajenación temprana de bienes | M102: 1) Pérdida de imagen reputacional y credibilidad institucional 2) Implicaciones a nivel penal, disciplinario, fiscal o sancionatorio 3) Administración inadecuada de los activos recibidos 4) Demandas de la ciudadanía 5) Disminución en posibles ganancias por productividad del activo | N102: El evento podrá ocurrir en algún momento | O102: =IF(N102="","",IF(OR($N102=Tabla_Probabilidad!$D$20,$N102=Tabla_Probabilidad!$J$20),"Muy Baja",IF(OR($N102=Tabla_Probabilidad!$E$20,$N102=Tabla_Probabilidad!$K$20),"Baja",IF(OR($N102=Tabla_Probabilidad!$F$20,$N102=Tabla_Probabilidad!$L$20),"Media",IF(OR($N102=Tabla_Probabilidad!$G$20,$N102=Tabla_Probabilidad!$M$20),"Alta",IF(OR($N102=Tabla_Probabilidad!$H$20,$N102=Tabla_Probabilidad!$N$20),"Muy Alta")))))) -> Media | P102: =IF(O102="Muy Baja",1,IF(O102="Baja",2,IF(O102="Media",3,IF(O102="Alta",4,IF(O102="Muy Alta",5,""))))) -> 3 | Q102: =IFERROR(IF($C102="Corrupción",HYPERLINK("#"&"Impacto_Riesgos!C"&MATCH($B102,Impacto_Riesgos!$B$10:$B$138,0)+9,"Calcula el impacto aquí"),"")," ") -> Calcula el impacto aquí | R102: =IFERROR(VLOOKUP(A102,Impacto_Riesgos!$A$8:$W$138,23,),"NA") -> 16 | S102: De doce (12) a diecinueve (19) respuestas afirmativas. Genera consecuencias desastrosas para la entidad | T102: =IF($S102='Tabla Impacto'!$F$10,"Moderado",IF($S102='Tabla Impacto'!$G$10,"Mayor",IF($S102='Tabla Impacto'!$H$10,"Catastrófico",""))) -> Catastrófico | U102: =IF(T102="Leve",1,IF(T102="Menor",2,IF(T102="Moderado",3,IF(T102="Mayor",4,IF(T102="Catastrófico",5,""))))) -> 5 | V102: =IF(OR(AND($O102="Muy Baja",T102="Leve"),AND($O102="Muy Baja",T102="Menor"),AND($O102="Baja",T102="Leve"),AND($O102="Baja",T102="Menor"),AND($O102="Media",T102="Leve")),"Bajo",IF(OR(AND($O102="Muy baja",T102="Moderado"),AND($O102="Baja",T102="Moderado"),AND($O102="Media",T102="Menor"),AND($O102="Alta",T102="Leve")),"Moderado",IF(OR(AND($O102="Muy Baja",T102="Mayor"),AND($O102="Baja",T102="Mayor"),AND($O102="Media",T102="Moderado"),AND($O102="Alta",T102="Menor"),AND($O102="Alta",T102="Moderado"),AND($O102="Muy Alta",T102="Leve"),AND($O102="Muy Alta",T102="Menor")),"Alto",IF(OR(AND($O102="Muy Baja",T102="Catastrófico"),AND($O102="Baja",T102="Catastrófico"),AND($O102="Media",T102="Mayor"),AND($O102="Media",T102="Catastrófico"),AND($O102="Alta",T102="Mayor"),AND($O102="Alta",T102="Catastrófico"),AND($O102="Muy Alta",T102="Moderado"),AND($O102="Muy Alta",T102="Mayor"),AND($O102="Muy Alta",T102="Catastrófico")),"Extremo","")))) -> Extremo | W102: C1 | X102: Viabilidad Jurídica de Enajenación Temprana | Y102: El profesional delegado de la Gerencia de Asuntos Legales verifica, cuando sea solicitado, que el activo postulado para enajenación temprana cumpla con los criterios establecidos para tal fin de acuerdo con la tipología de bien, a fin de emitir la viabilidad jurídica para su enajenación. En caso de no resultar viable jurídicamente se realiza saneamiento jurídico y de no poder realizarse, el activo se determina no viable para ser enajenado de manera temprana. | Z102: P-DP2-134 Procedimiento para la enajenación temprana de bienes P-DP2-175 Procedimiento Enajenación Temprana de Bienes Muebles P-DP2-183 Procedimiento Enajenación Temprana de Sociedades Activas | AA102: G. Asuntos Legales | AB102: Asignado | AC102: Adecuado | AD102: Oportuna | AE102: Prevenir | AF102: Confiable | AG102: Oportuna | AH102: Completa | AI102: =IF(COUNTBLANK(AB102:AH102)=7,"",IF($AB102="Asignado",15,0)+IF($AC102="Adecuado",15,0)+IF($AD102="Oportuna",15,0)+IF($AE102="Prevenir",15,0)+IF($AE102="Detectar",10,0)+IF($AF102="Confiable",15,0)+IF($AG102="Oportuna",15,0)+IF($AH102="Completa",10,0)+IF($AH102="Incompleta",5,0)) -> 100 | AJ102: =IF(COUNTBLANK(AB102:AH102)=7,"",IF($AI102<86,"Débil",IF($AI102<96,"Moderado","Fuerte"))) -> Fuerte | AK102: Fuerte | AL102: =IFERROR(VLOOKUP(AJ102&AK102,Tabla_Controles!$B$56:$G$65,5,FALSE),"") -> Fuerte | AM102: =IF($AL102="","",IF($AL102="Fuerte",100,IF($AL102="Moderado",50,0))) -> 100 | AN102: =IFERROR(AVERAGE(AM102:AM108),"") -> 83.333333 | AO102: =IF($AN102=100,"Fuerte",IF($AN102<100,"Moderado",IF($AN102<50,"Débil",IF($AN102=0,"","")))) -> Moderado | AP102: Directamente | AQ102: =IFERROR(P102-VLOOKUP(AO102&AP102,Tabla_Controles!$B$77:$E$83,4,0),"") -> 2 | AR102: =IF($AQ102="","",IF($AQ102=1,"Muy Baja",IF($AQ102=2,"Baja",IF($AQ102=3,"Media",IF($AQ102=4,"Alta",IF($AQ102=5,"Muy Alta","Muy Baja")))))) -> Baja | AS102: =T102 -> Catastrófico | AT102: =IF(OR(AND($AR102="Muy Baja",$AS102="Leve"),AND($AR102="Muy Baja",$AS102="Menor"),AND($AR102="Baja",$AS102="Leve"),AND($AR102="Baja",$AS102="Menor"),AND($AR102="Media",$AS102="Leve")),"Bajo",IF(OR(AND($AR102="Muy baja",$AS102="Moderado"),AND($AR102="Baja",$AS102="Moderado"),AND($AR102="Media",$AS102="Menor"),AND($AR102="Alta",$AS102="Leve")),"Moderado",IF(OR(AND($AR102="Muy Baja",$AS102="Mayor"),AND($AR102="Baja",$AS102="Mayor"),AND($AR102="Media",$AS102="Moderado"),AND($AR102="Alta",$AS102="Menor"),AND($AR102="Alta",$AS102="Moderado"),AND($AR102="Muy Alta",$AS102="Leve"),AND($AR102="Muy Alta",$AS102="Menor")),"Alto",IF(OR(AND($AR102="Muy Baja",$AS102="Catastrófico"),AND($AR102="Baja",$AS102="Catastrófico"),AND($AR102="Media",$AS102="Mayor"),AND($AR102="Media",$AS102="Catastrófico"),AND($AR102="Alta",$AS102="Mayor"),AND($AR102="Alta",$AS102="Catastrófico"),AND($AR102="Muy Alta",$AS102="Moderado"),AND($AR102="Muy Alta",$AS102="Mayor"),AND($AR102="Muy Alta",$AS102="Catastrófico")),"Extremo","")))) -> Extremo | AU102: Reducir (Mitigar) | AV102: T1 | AW102: Realizar capacitación sobre los efectos penales en los que incurre los colaboradores de SAE | AX102: Listado de asistencia | AY102: G. Asuntos Legales | AZ102: 45260 | BA102: 45291 | BB102: 1) Informar riesgo de corrupción detectado a la Oficina Asesora de Planeación, con el diseño del plan de tratamiento 2) Informar evento presentado a la Gerencia de Talento Humano 3) La Gerencia de Talento Humano realiza el proceso de investigación disciplinario 4) La Oficina Asesora de Planeación informa a Comité Directivo y de Control Interno posibles materializaciones de riesgos de Corrupción 5) Informar eventos presentados a entes de control con base en resultados de investigación disciplinaria 6) Implementar el plan de tratamiento de mitigación de riesgos diseñado para el evento presentado | BC102: C1 | BG102: T6
B103: 184 | K103: CA_2 | L103: Debilidades en la revisión de fichas de enajenación temprana de inmuebles | W103: C2 | X103: Revisión Fichas de Enajenación Temprana de Inmuebles | Y103: El profesional delegado de las Gerencias de Inmuebles recibe y revisa fichas de enajenación temprana elaboradas por las Gerencias Regionales verificando la causal de enajenación temprana, su justificación, el adecuado diligencimiento de las fichas, la productividad del bien cuando aplique y todos los soportes necesarios, dejando registro del visto bueno de las mismas. En caso de desviaciones comunica las inconsistencias por correo electrónico para su subsanación. | Z103: P-DP2-134 Procedimiento para la enajenación temprana de bienes | AA103: * GBI. Urbanos * GBI. Rurales | AB103: Asignado | AC103: Adecuado | AD103: Oportuna | AE103: Prevenir | AF103: Confiable | AG103: Oportuna | AH103: Completa | AI103: =IF(COUNTBLANK(AB103:AH103)=7,"",IF($AB103="Asignado",15,0)+IF($AC103="Adecuado",15,0)+IF($AD103="Oportuna",15,0)+IF($AE103="Prevenir",15,0)+IF($AE103="Detectar",10,0)+IF($AF103="Confiable",15,0)+IF($AG103="Oportuna",15,0)+IF($AH103="Completa",10,0)+IF($AH103="Incompleta",5,0)) -> 100 | AJ103: =IF(COUNTBLANK(AB103:AH103)=7,"",IF($AI103<86,"Débil",IF($AI103<96,"Moderado","Fuerte"))) -> Fuerte | AK103: Fuerte | AL103: =IFERROR(VLOOKUP(AJ103&AK103,Tabla_Controles!$B$56:$G$65,5,FALSE),"") -> Fuerte | AM103: =IF($AL103="","",IF($AL103="Fuerte",100,IF($AL103="Moderado",50,0))) -> 100 | AV103: T2 | AW103: Realizar capacitación sobre el código de ética y los efectos disciplinarios que conllevan actos inapropiados por parte de los Funcionarios de la SAE | AX103: Listado de asistencia | AY103: G. Talento Humano | AZ103: 45107 | BA103: 45122 | BC103: C2 | BG103: T7
B104: 184 | K104: CA_3 | L104: * Debilidades en la revisión de fichas de enajenación temprana de muebles | W104: C3 | X104: Revisión Fichas de Enajenación Temprana de Muebles | Y104: El profesional delegado por la Vicepresidencia de Bienes Muebles e Inmuebles recibe y revisa fichas de enajenación temprana elaboradas por la Gerencia de Bienes Muebles verificando la causal de enajenación temprana, su justificación, el adecuado diligencimiento de las fichas y todos los soportes necesarios, dejando registro del visto bueno de las mismas. En caso de desviaciones comunica las inconsistencias por correo electrónico para su subsanación. | Z104: P-DP2-175 Procedimiento Enajenación Temprana de Bienes Muebles | AA104: VP. Bienes Muebles e Inmuebles | AB104: Asignado | AC104: Adecuado | AD104: Oportuna | AE104: Prevenir | AF104: Confiable | AG104: Oportuna | AH104: Completa | AI104: =IF(COUNTBLANK(AB104:AH104)=7,"",IF($AB104="Asignado",15,0)+IF($AC104="Adecuado",15,0)+IF($AD104="Oportuna",15,0)+IF($AE104="Prevenir",15,0)+IF($AE104="Detectar",10,0)+IF($AF104="Confiable",15,0)+IF($AG104="Oportuna",15,0)+IF($AH104="Completa",10,0)+IF($AH104="Incompleta",5,0)) -> 100 | AJ104: =IF(COUNTBLANK(AB104:AH104)=7,"",IF($AI104<86,"Débil",IF($AI104<96,"Moderado","Fuerte"))) -> Fuerte | AK104: Fuerte | AL104: =IFERROR(VLOOKUP(AJ104&AK104,Tabla_Controles!$B$56:$G$65,5,FALSE),"") -> Fuerte | AM104: =IF($AL104="","",IF($AL104="Fuerte",100,IF($AL104="Moderado",50,0))) -> 100 | AV104: T3 | AW104: NA | AX104: NA | AY104: NA | AZ104: NA | BA104: NA | BC104: C3 | BG104: T1
...

Sheet Datos_Basicos
B2: DATOS BÁSICOS
B8: Macroprocesos | C8: Procesos
B9: Direccionamiento Estratégico | C9: Elaboración de la estrategia
C10: Gobierno y gestión de la estrategia
C11: Administración del SIG
B12: Tecnología | C12: Gestión de infraestructura tecnológica
C13: Inteligencia de Negocios
C14: Mantenimiento y Soporte de Aplicaciones
C15: Seguridad de la Información
B16: Comunicación y Atención de Requerimientos | C16: Comunicación organizacional
C17: Atención usuario
B18: Recepción Registro | C18: Ingreso de activos
C19: Administración del registro de Depositarios Provisionales y Liquidadores del FRISCO
B20: Diagnóstico y alistamiento | C20: Diagnóstico de Activos
C21: Alistamiento de activos
B22: Disposición Temporal | C22: Administración directa
C23: Administración de depositos provisionales
C24: Administración de destinación provisional
B25: Disposición final | C25: Comercialización de activos
C26: Otras modalidades de disposición final
B27: Adquisición Bienes y Servicios | C27: Planeación contractual
C28: Contratación
C29: Supervisión y liquidación
B30: Administración de bienes de funcionamiento | C30: Administración de bienes de funcionamiento
B31: Gestión Documental | C31: Proceso de Planeación y producción documental
C32: Proceso de gestión y trámite
C33: Proceso de organización y transferencia
C34: Proceso de preservación y disposición final
B35: Gestión Jurídica | C35: Defensa judicial
C36: Orientación jurídica
B37: Gestión Financiera | C37: Presupuesto
C38: Contabilidad
C39: Tesorería
B40: Gestión del Talento Humano | C40: Administración del talento humano
C41: Evaluación y desarrollo
C42: Bienestar seguridad y salud en el trabajo
C43: Compensacion
B44: Evaluación y Control | C44: Planeación
C45: Ejecución y Seguimiento
B50: DATOS PARAMETRIZACIÓN HERRAMIENTA (DESBLOQUEAR PARA PARAMETRIZAR; SOLO PERSONAL AUTORIZADO)
B52: Macroprocesos | C52: Direccionamiento_Estratégico | D52: Tecnología | E52: Comunicación_Atención_Requerimientos | F52: Recepción_Registro | G52: Diagnóstico_Alistamiento | H52: Disposición_Temporal | I52: Disposición_Final | J52: Adquisición_Bienes_Servicios | K52: Administración_Bienes_Funcionamiento | L52: Gestión_Documental | M52: Gestión_Jurídica | N52: Gestión_Financiera | O52: Gestión_Talento_Humano | P52: Evaluación_Control
B53: Direccionamiento_Estratégico | C53: Elaboración de la estrategia | D53: Gestión de infraestructura tecnológica | E53: Comunicación organizacional | F53: Ingreso de activos | G53: Diagnóstico de Activos | H53: Administración directa | I53: Comercialización de activos | J53: Planeación contractual | K53: Administración de bienes de funcionamiento | L53: Proceso de Planeación y producción documental | M53: Defensa judicial | N53: Presupuesto | O53: Administración del talento humano | P53: Planeación
B54: Tecnología | C54: Gobierno y gestión de la estrategia | D54: Inteligencia de Negocios | E54: Atención usuario | F54: Administración del registro de Depositarios Provisionales y Liquidadores del FRISCO | G54: Alistamiento de activos | H54: Administración de depositos provisionales | I54: Otras modalidades de disposición final | J54: Contratación | L54: Proceso de gestión y trámite | M54: Orientación jurídica | N54: Contabilidad | O54: Evaluación y desarrollo | P54: Ejecución y Seguimiento
B55: Comunicación_Atención_Requerimientos | C55: Administración del SIG | D55: Mantenimiento y Soporte de Aplicaciones | H55: Administración de destinación provisional | J55: Supervisión y liquidación | L55: Proceso de organización y transferencia | N55: Tesorería | O55: Bienestar seguridad y salud en el trabajo
B56: Recepción_Registro | D56: Seguridad de la Información | H56: Administración directa; Administracón de depositos provisionales; Administración de destinación provisional | L56: Proceso de preservación y disposición final | O56: Compensación
B57: Diagnóstico_Alistamiento
B58: Disposición_Temporal
B59: Disposición_Final
B60: Adquisición_Bienes_Servicios
B61: Administración_Bienes_Funcionamiento
B62: Gestión_Documental
B63: Gestión_Jurídica
B64: Gestión_Financiera
B65: Gestión_Talento_Humano
B66: Evaluación_Control

Sheet Tipologia_Riesgos
C2: TIPOLOGÍAS DE RIESGOS
B7: Tipología de Riesgos | C7: Subcategoría de Riesgos | D7: Descripción
B8: Corrupción | C8: Fraude externo | D8: Pérdida derivada de actos de fraude por personas ajenas a la organización (no participa personal de la entidad).
C9: Fraude interno | D9: Pérdida debido a actos de fraude, actuaciones irregulares, comisión de hechos delictivos abuso de confianza, apropiación indebida, incumplimiento de regulaciones legales o internas de la entidad en las cuales está involucrado por lo menos 1 participante interno de la organización, son realizadas de forma intencional y/o con ánimo de lucro para sí mismo o para terceros.
C10: Lavado de Activos | D10: Pérdida o daño que puede sufrir una entidad por ser utilizada directamente o a través de sus operaciones como instrumento para el lavado de activos o cuando se pretenda el ocultamiento de activos provenientes de dichas actividades
C11: Financiamiento Terrorismo | D11: Pérdida o daño que puede sufrir una entidad por ser utilizada directamente o a través de sus operaciones como instrumento para la canalización de recursos hacia la realización de actividades terroristas
C12: Lavado de Activos y Financiamiento Terrorismo

Sheet Tabla_Probabilidad
C2: CRITERIOS PARA DEFINIR NIVELES DE PROBABILIDAD
B8: Tipo de Riesgo | C8: Criterio | D8: Muy Baja 20% | E8: Baja 40% | F8: Media 60% | G8: Alta 80% | H8: Muy Alta 100%
B10: Corrupción | C10: Factibilidad del evento | D10: El evento puede ocurrir solo en circunstancias excepcionales (poco comunes o anormales) | E10: El evento puede ocurrir en algún momento | F10: El evento podrá ocurrir en algún momento | G10: Es viable que el evento ocurra en la mayoría de las circunstancias | H10: Se espera que el evento ocurra en la mayoría de las circunstancias
C11: Ocurrencia histórica del evento | D11: No se ha presentado en los últimos 5 años | E11: Al menos 1 vez en los últimos 5 años | F11: Al menos 1 vez en los últimos 2 años | G11: Al menos 1 vez en el último año | H11: Más de 1 vez al año
B16: DATOS PARAMETRIZACIÓN HERRAMIENTA
B18: Tipo de Riesgo | C18: Criterio | D18: Muy Baja | E18: Baja | F18: Media | G18: Alta | H18: Muy Alta | I18: Opción No. 2 | J18: Muy Baja2 | K18: Baja3 | L18: Media4 | M18: Alta5 | N18: Muy Alta6
D19: 0.2 | E19: 0.4 | F19: 0.6 | G19: 0.8 | H19: 1 | J19: 0.2 | K19: 0.4 | L19: 0.6 | M19: 0.8 | N19: 1
B20: Probabilidad_Corrupción | C20: Factibilidad del evento | D20: El evento puede ocurrir solo en circunstancias excepcionales (poco comunes o anormales) | E20: El evento puede ocurrir en algún momento | F20: El evento podrá ocurrir en algún momento | G20: Es viable que el evento ocurra en la mayoría de las circunstancias | H20: Se espera que el evento ocurra en la mayoría de las circunstancias | I20: Ocurrencia histórica del evento | J20: No se ha presentado en los últimos 5 años | K20: Al menos 1 vez en los últimos 5 años | L20: Al menos 1 vez en los últimos 2 años | M20: Al menos 1 vez en el último año | N20: Más de 1 vez al año

Sheet Tabla Impacto
B2: Afectación_Económica_o_presupuestal | C2: Afectación menor a 10 SMLMV . | D2: El riesgo afecta la imagen de alguna área de la organización
B3: Pérdida_Reputacional | C3: CRITERIOS PARA DEFINIR NIVELES DE IMPACTO
C6: Mayor a 500 SMLMV | D6: El riesgo afecta la imagen de la entidad a nivel nacional, con efecto publicitarios sostenible a nivel país
B9: Tipo de Riesgo | C9: Criterio | D9: Leve 20% | E9: Menor 40% | F9: Moderado 60% | G9: Mayor 80% | H9: Catastrófico 100%
B10: Riesgos Corrupción /LAFT | C10: Consecuencias sobre la entidad (Cuestionario de medición de impacto) | D10: NA | E10: NA | F10: De una (1) a cinco (5) respuestas afirmativas. Genera medianas consecuencias sobre la entidad | G10: De seis (6) a once (11) respuestas afirmativas. Genera altas consecuencias sobre la entidad | H10: De doce (12) a diecinueve (19) respuestas afirmativas. Genera consecuencias desastrosas para la entidad
B12: DATOS PARAMETRIZACIÓN HERRAMIENTA (DESBLOQUEAR PARA PARAMETRIZAR; SOLO PERSONAL AUTORIZADO)
B14: Redacción Riesgo
B15: Tipo de Riesgo | C15: Impacto1 | D15: Impacto2 | E15: Impacto3 | F15: Impacto4 | G15: Impacto5 | H15: Impacto6
B16: Redacción_Impacto_Gestión | C16: Afectación Económica | D16: Afectación Reputacional | E16: Afectación Económica y Reputacional

Sheet Tabla_Controles
D3: CRITERIOS EVALUACIÓN CONTROLES
C6: EVALUACIÓN DISEÑO DE CONTROL
C8: Criterio de evaluación | D8: Aspecto a Evaluar en el Diseño del Control | E8: Opciones de respuesta | F8: Puntaje en la evaluación del control
C9: 1.1 Responsable: asignación del responsable | D9: ¿Existe un responsable asignado a la ejecución del control? | E9: Asignado | F9: 15
E10: No Asignado | F10: 0
C11: 1.2 Responsable: segregación y autoridad del responsable. | D11: ¿El responsable tiene la autoridad y adecuada segregación de funciones en la ejecución del control? | E11: Adecuado | F11: 15
E12: Inadecuado | F12: 0
C13: 2. Periodicidad | D13: ¿La oportunidad en que se ejecuta el control ayuda a prevenir la mitigación del riesgo o a detectar la materialización del riesgo de manera oportuna? | E13: Oportuna | F13: 15
E14: Inoportuna | F14: 0
C15: 3. Propósito | D15: ¿Las actividades que se desarrollan en el control realmente buscan por si sola prevenir o detectar las causas que pueden dar origen al riesgo, ejemplo Verificar, Validar Cotejar, Comparar, Revisar, etc.? | E15: Prevenir | F15: 15
E16: Detectar | F16: 10
E17: No es un control | F17: 0
C18: 4. Cómo se realiza la actividad de control | D18: ¿La fuente de información que se utiliza en el desarrollo | E18: Confiable | F18: 15
D19: del control es información confiable que permita mitigar el riesgo?. | E19: No Confiable | F19: 0
C20: 5. Qué pasa con las observaciones o desviaciones | D20: ¿Las observaciones, desviaciones o diferencias identificadas como resultados de la ejecución del control son investigadas y resueltas de manera oportuna? | E20: Se investigan y resuelven oportunamente | F20: 15
E21: No se investigan y resulven oportunamente | F21: 0
C22: 6. Evidencia de la ejecución del control | D22: ¿Se deja evidencia o rastro de la ejecución del control, que permita a cualquier tercero con la evidencia, llegar a la misma conclusión?. | E22: Completa | F22: 10
E23: Incompleta | F23: 5
E24: No existe | F24: 0
C28: Rango de Calificación del Diseño | D28: Resultado - peso en la evaluación del diseño del control
